Workbook
Name _____________OPT1: #REF!
Name _____________OPT1: #REF!
Name _____________OPT1: #REF!
Name _____________OPT2: #REF!
Name _____________OPT2: #REF!
Name _____________OPT2: #REF!
Name _____________OPT3: #REF!
Name _____________OPT3: #REF!
Name _____________OPT3: #REF!
Name _____________OPT4: #REF!
Name ___________OPT1: #REF!
Name ___________OPT2: #REF!
Name ___________OPT3: #REF!
Name ___________OPT4: #REF!
Name _________OPT1: #REF!
Name _________OPT2: #REF!
Name _________OPT3: #REF!
Name _________OPT4: #REF!
Name _______OPT1: #REF!
Name _______OPT2: #REF!
Name _______OPT3: #REF!
Name _______OPT4: #REF!
Name _____OPT1: #REF!
Name _____OPT2: #REF!
Name _____OPT3: #REF!
Name _____OPT4: #REF!
Name ___OPT1: #REF!
Name ___OPT1: #REF!
Name ___OPT2: #REF!
Name ___OPT2: #REF!
Name ___OPT3: #REF!
Name ___OPT3: #REF!
Name ___OPT4: #REF!
Name __OPT1: #REF!
Name __OPT1: #REF!
Name __OPT2: #REF!
Name __OPT2: #REF!
Name __OPT3: #REF!
Name __OPT3: #REF!
Name __OPT4: #REF!
Name _OPT1: #REF!
Name _OPT1: #REF!
Name _OPT1: #REF!
Name _OPT1: #REF!
Name _OPT1: #REF!
Name _OPT1: #REF!
Name _OPT1: #REF!
Name _OPT1: #REF!
Name _OPT1: #REF!
Name _OPT1: #REF!
Name _OPT1: #REF!
Name _OPT1: #REF!
Name _OPT1: #REF!
Name _OPT1: #REF!
Name _OPT1: #REF!
Name _OPT1: #REF!
Name _OPT1: #REF!
Name _OPT1: #REF!
Name _OPT1: #REF!
Name _OPT1: #REF!

Sheet 1(短期適用)
C1: １ 組合員数、被扶養者数及び標準報酬等に関する調 | U1: 組合員数 人
T2: 単位 | U2: 被扶養者数 人
D3: （短期適用） | U3: 金額 千円
K4: 地方職員共済組合 | M4: 公立学校共済組合 | N4: 警察共済組合 | Q4: 東京都職員 共済組合 | R4: 指定都市職員 共済組合 | S4: 市町村職員 共済組合 | T4: 都市職員 共済組合 | U4: 合計
L5: （再掲）団体共済部
D6: 一般組合員 | F6: 組合員数 | H6: 男 | J6: 1 | K6: 186158 | L6: - | M6: 450288 | N6: 26715 | Q6: 58143 | R6: 87866 | S6: 469304 | T6: 24863 | U6: 1303337 | V6: 1
H7: 女 | J7: 2 | K7: 128064 | L7: - | M7: 507310 | N7: 16555 | Q7: 51670 | R7: 61040 | S7: 418599 | T7: 25110 | U7: 1208348 | V7: 2
H8: 計 | J8: 3 | K8: 314222 | L8: - | M8: 957598 | N8: 43270 | Q8: 109813 | R8: 148906 | S8: 887903 | T8: 49973 | U8: 2511685 | V8: 3
G9: 被扶養者数 | J9: 4 | K9: 260784 | L9: - | M9: 689425 | N9: 35579 | Q9: 65251 | R9: 119943 | S9: 703662 | T9: 36765 | U9: 1911409 | V9: 4
G10: 標準報酬の月額 | J10: 5 | K10: 137769596 | L10: - | M10: 396597440 | N10: 19798480 | Q10: 50524494 | R10: 64753220 | S10: 343021298 | T10: 20731304 | U10: 1033195832 | V10: 5
G11: 標準期末手当等の額 | J11: 6 | K11: 481872287 | L11: - | M11: 1576942912 | N11: 73211481 | Q11: 182976168 | R11: 240504530 | S11: 1248120812 | T11: 69530216 | U11: 3873158406 | V11: 6
D12: 短期組合員 | F12: 組合員数 | H12: 男 | J12: 7 | K12: 23252 | L12: - | M12: 68794 | N12: 11658 | Q12: 9281 | R12: 11981 | S12: 98122 | T12: 4451 | U12: 227539 | V12: 7
H13: 女 | J13: 8 | K13: 45167 | L13: - | M13: 130588 | N13: 3953 | Q13: 23128 | R13: 26992 | S13: 299900 | T13: 15302 | U13: 545030 | V13: 8
H14: 計 | J14: 9 | K14: 68419 | L14: - | M14: 199382 | N14: 15611 | Q14: 32409 | R14: 38973 | S14: 398022 | T14: 19753 | U14: 772569 | V14: 9
G15: 被扶養者数 | J15: 10 | K15: 18849 | L15: - | M15: 46298 | N15: 9540 | Q15: 7125 | R15: 10012 | S15: 89656 | T15: 4620 | U15: 186100 | V15: 10
G16: 標準報酬の月額 | J16: 11 | K16: 12830522 | L16: - | M16: 49985734 | N16: 2842350 | Q16: 6602946 | R16: 7672474 | S16: 67211286 | T16: 3516914 | U16: 150662226 | V16: 11
G17: 標準期末手当等の額 | J17: 12 | K17: 13866432 | L17: - | M17: 130343120 | N17: 3192661 | Q17: 7714234 | R17: 7871311 | S17: 66338717 | T17: 2992874 | U17: 232319349 | V17: 12
D18: 地方公共団体の 長である組合員 | F18: 組合員数 | H18: 男 | J18: 13 | K18: 45 | L18: - | M18: - | N18: - | Q18: 20 | R18: 10 | S18: 1637 | T18: 24 | U18: 1736 | V18: 13
H19: 女 | J19: 14 | K19: 1 | L19: - | M19: - | N19: - | Q19: 2 | R19: - | S19: 40 | T19: 1 | U19: 44 | V19: 14
H20: 計 | J20: 15 | K20: 46 | L20: - | M20: - | N20: - | Q20: 22 | R20: 10 | S20: 1677 | T20: 25 | U20: 1780 | V20: 15
G21: 被扶養者数 | J21: 16 | K21: 60 | L21: - | M21: - | N21: - | Q21: 13 | R21: 9 | S21: 1540 | T21: 29 | U21: 1651 | V21: 16
G22: 標準報酬の月額 | J22: 17 | K22: 56310 | L22: - | M22: - | N22: - | Q22: 27670 | R22: 11880 | S22: 1340668 | T22: 24830 | U22: 1461358 | V22: 17
G23: 標準期末手当等の額 | J23: 18 | K23: 234030 | L23: - | M23: - | N23: - | Q23: 94283 | R23: 46270 | S23: 5413424 | T23: 110495 | U23: 5898502 | V23: 18
D24: 特定消防組合員 | F24: 組合員数 | H24: 男 | J24: 19 | K24: - | L24: - | M24: - | N24: - | Q24: 17070 | R24: 17803 | S24: 108207 | T24: 5280 | U24: 148360 | V24: 19
H25: 女 | J25: 20 | K25: - | L25: - | M25: - | N25: - | Q25: 1300 | R25: 816 | S25: 3176 | T25: 156 | U25: 5448 | V25: 20
H26: 計 | J26: 21 | K26: - | L26: - | M26: - | N26: - | Q26: 18370 | R26: 18619 | S26: 111383 | T26: 5436 | U26: 153808 | V26: 21
G27: 被扶養者数 | J27: 22 | K27: - | L27: - | M27: - | N27: - | Q27: 25442 | R27: 26608 | S27: 166611 | T27: 8241 | U27: 226902 | V27: 22
G28: 標準報酬の月額 | J28: 23 | K28: - | L28: - | M28: - | N28: - | Q28: 9592510 | R28: 8399000 | S28: 44274800 | T28: 2240390 | U28: 64506700 | V28: 23
G29: 標準期末手当等の額 | J29: 24 | K29: - | L29: - | M29: - | N29: - | Q29: 32677877 | R29: 29421038 | S29: 159083649 | T29: 7749878 | U29: 228932442 | V29: 24
D30: 後期高齢者等短期組合員 | F30: 組合員数 | H30: 男 | J30: 25 | K30: 416 | L30: - | M30: - | N30: 19 | Q30: 272 | R30: 129 | S30: 1466 | T30: 42 | U30: 2344 | V30: 25
H31: 女 | J31: 26 | K31: 74 | L31: - | M31: - | N31: 15 | Q31: 250 | R31: 69 | S31: 512 | T31: 25 | U31: 945 | V31: 26
H32: 計 | J32: 27 | K32: 490 | L32: - | M32: - | N32: 34 | Q32: 522 | R32: 198 | S32: 1978 | T32: 67 | U32: 3289 | V32: 27
G33: 被扶養者数 | J33: 28 | K33: - | L33: - | M33: - | N33: - | Q33: - | R33: - | S33: - | T33: - | U33: - | V33: 28
G34: 標準報酬の月額 | J34: 29 | K34: 85306 | L34: - | M34: - | N34: 5386 | Q34: 83818 | R34: 35108 | S34: 340576 | T34: 10610 | U34: 560804 | V34: 29
G35: 標準期末手当等の額 | J35: 30 | K35: 83773 | L35: - | M35: - | N35: 4934 | Q35: 99750 | R35: 37292 | S35: 283204 | T35: 10310 | U35: 519263 | V35: 30
D36: 船員一般組合員 | F36: 組合員数 | H36: 男 | J36: 31 | K36: 875 | L36: - | M36: 516 | N36: - | Q36: 40 | R36: - | S36: 438 | T36: - | U36: 1869 | V36: 31
H37: 女 | J37: 32 | K37: 17 | L37: - | M37: 3 | N37: - | Q37: - | R37: - | S37: 7 | T37: - | U37: 27 | V37: 32
H38: 計 | J38: 33 | K38: 892 | L38: - | M38: 519 | N38: - | Q38: 40 | R38: - | S38: 445 | T38: - | U38: 1896 | V38: 33
G39: 被扶養者数 | J39: 34 | K39: 1174 | L39: - | M39: 571 | N39: - | Q39: 52 | R39: - | S39: 654 | T39: - | U39: 2451 | V39: 34
G40: 標準報酬の月額 | J40: 35 | K40: 358010 | L40: - | M40: 198400 | N40: - | Q40: 14850 | R40: - | S40: 165820 | T40: - | U40: 737080 | V40: 35
G41: 標準期末手当等の額 | J41: 36 | K41: 1362076 | L41: - | M41: 757910 | N41: - | Q41: 44522 | R41: - | S41: 563234 | T41: - | U41: 2727742 | V41: 36
D42: 船員短期組合員 | F42: 組合員数 | H42: 男 | J42: 37 | K42: 38 | L42: - | M42: 45 | N42: - | Q42: - | R42: - | S42: 107 | T42: - | U42: 190 | V42: 37
H43: 女 | J43: 38 | K43: - | L43: - | M43: - | N43: - | Q43: - | R43: - | S43: 2 | T43: - | U43: 2 | V43: 38
H44: 計 | J44: 39 | K44: 38 | L44: - | M44: 45 | N44: - | Q44: - | R44: - | S44: 109 | T44: - | U44: 192 | V44: 39
G45: 被扶養者数 | J45: 40 | K45: 25 | L45: - | M45: 18 | N45: - | Q45: - | R45: - | S45: 66 | T45: - | U45: 109 | V45: 40
G46: 標準報酬の月額 | J46: 41 | K46: 8920 | L46: - | M46: 12524 | N46: - | Q46: - | R46: - | S46: 21394 | T46: - | U46: 42838 | V46: 41
G47: 標準期末手当等の額 | J47: 42 | K47: 12587 | L47: - | M47: 32307 | N47: - | Q47: - | R47: - | S47: 17187 | T47: - | U47: 62081 | V47: 42
D48: 特定警察組合員 | F48: 組合員数 | H48: 男 | J48: 43 | K48: - | L48: - | M48: - | N48: 224147 | Q48: - | R48: - | S48: - | T48: - | U48: 224147 | V48: 43
H49: 女 | J49: 44 | K49: - | L49: - | M49: - | N49: 28940 | Q49: - | R49: - | S49: - | T49: - | U49: 28940 | V49: 44
H50: 計 | J50: 45 | K50: - | L50: - | M50: - | N50: 253087 | Q50: - | R50: - | S50: - | T50: - | U50: 253087 | V50: 45
G51: 被扶養者数 | J51: 46 | K51: - | L51: - | M51: - | N51: 349419 | Q51: - | R51: - | S51: - | T51: - | U51: 349419 | V51: 46
G52: 標準報酬の月額 | J52: 47 | K52: - | L52: - | M52: - | N52: 119980752 | Q52: - | R52: - | S52: - | T52: - | U52: 119980752 | V52: 47
G53: 標準期末手当等の額 | J53: 48 | K53: - | L53: - | M53: - | N53: 406371067 | Q53: - | R53: - | S53: - | T53: - | U53: 406371067 | V53: 48
D54: 任意継続組合員 | F54: 組合員数 | H54: 男 | J54: 49 | K54: 2347 | L54: - | M54: 10513 | N54: 1593 | Q54: 769 | R54: 1174 | S54: 7355 | T54: 328 | U54: 24079 | V54: 49
H55: 女 | J55: 50 | K55: 978 | L55: - | M55: 8352 | N55: 229 | Q55: 584 | R55: 532 | S55: 3634 | T55: 168 | U55: 14477 | V55: 50
H56: 計 | J56: 51 | K56: 3325 | L56: - | M56: 18865 | N56: 1822 | Q56: 1353 | R56: 1706 | S56: 10989 | T56: 496 | U56: 38556 | V56: 51
G57: 被扶養者数 | J57: 52 | K57: 1915 | L57: - | M57: 8823 | N57: 1233 | Q57: 512 | R57: 936 | S57: 6051 | T57: 305 | U57: 19775 | V57: 52
G58: 標準報酬の月額 | J58: 53 | K58: 1216856 | L58: - | M58: 6928814 | N58: 657856 | Q58: 516700 | R58: 622160 | S58: 3694174 | T58: 166952 | U58: 13803512 | V58: 53
G59: 標準期末手当等の額 | J59: 54 | K59: - | L59: - | M59: - | N59: - | Q59: - | R59: - | S59: - | T59: - | U59: - | V59: 54
D60: 合 計 | F60: 組合員数 | H60: 男 | J60: 55 | K60: 213131 | L60: - | M60: 530156 | N60: 264132 | Q60: 85595 | R60: 118963 | S60: 686636 | T60: 34988 | U60: 1933601 | V60: 55
H61: 女 | J61: 56 | K61: 174301 | L61: - | M61: 646253 | N61: 49692 | Q61: 76934 | R61: 89449 | S61: 725870 | T61: 40762 | U61: 1803261 | V61: 56
H62: 計 | J62: 57 | K62: 387432 | L62: - | M62: 1176409 | N62: 313824 | Q62: 162529 | R62: 208412 | S62: 1412506 | T62: 75750 | U62: 3736862 | V62: 57
G63: 被扶養者数 | J63: 58 | K63: 282807 | L63: - | M63: 745135 | N63: 395771 | Q63: 98395 | R63: 157508 | S63: 968240 | T63: 49960 | U63: 2697816 | V63: 58
G64: 標準報酬の月額 | J64: 59 | K64: 152325520 | L64: - | M64: 453722912 | N64: 143284824 | Q64: 67362988 | R64: 81493842 | S64: 460070016 | T64: 26691000 | U64: 1384951102 | V64: 59
G65: 標準期末手当等の額 | J65: 60 | K65: 497431185 | L65: - | M65: 1708076249 | N65: 482780143 | Q65: 223606834 | R65: 277880441 | S65: 1479820227 | T65: 80393773 | U65: 4749988852 | V65: 60
D66: 育児休業等に係る 掛金免除者数 | F66: 組合員数 | H66: 男 | J66: 61 | K66: 667 | L66: - | M66: 1585 | N66: 416 | Q66: 1333 | R66: 464 | S66: 1557 | T66: 82 | U66: 6104 | V66: 61
H67: 女 | J67: 62 | K67: 8862 | L67: - | M67: 47489 | N67: 4827 | Q67: 2692 | R67: 4884 | S67: 34000 | T67: 2412 | U67: 105166 | V67: 62
H68: 計 | J68: 63 | K68: 9529 | L68: - | M68: 49074 | N68: 5243 | Q68: 4025 | R68: 5348 | S68: 35557 | T68: 2494 | U68: 111270 | V68: 63
G69: 標準報酬の月額 | J69: 64 | K69: 3079524 | L69: - | M69: 16820340 | N69: 1688214 | Q69: 1415788 | R69: 1709900 | S69: 9924408 | T69: 751908 | U69: 35390082 | V69: 64
G70: 標準期末手当等の額 | J70: 65 | K70: 2200008 | L70: - | M70: 16768043 | N70: 1304984 | Q70: 2039088 | R70: 3294613 | S70: 19310967 | T70: 1208326 | U70: 46126029 | V70: 65
D71: 介護保険第２号 被保険者数 | F71: 組合員数 | H71: 男 | J71: 66 | K71: 129824 | L71: - | M71: 296313 | N71: 135542 | Q71: 45726 | R71: 73698 | S71: 391668 | T71: 19485 | U71: 1092256 | V71: 66
H72: 女 | J72: 67 | K72: 97321 | L72: - | M72: 370483 | N72: 18623 | Q72: 43791 | R72: 52043 | S72: 443327 | T72: 23136 | U72: 1048724 | V72: 67
H73: 計 | J73: 68 | K73: 227145 | L73: - | M73: 666796 | N73: 154165 | Q73: 89517 | R73: 125741 | S73: 834995 | T73: 42621 | U73: 2140980 | V73: 68
G74: 被扶養者数 | J74: 69 | K74: 58159 | L74: - | M74: 113575 | N74: 72348 | Q74: 67128 | R74: 35224 | S74: 164222 | T74: 9810 | U74: 520466 | V74: 69
G75: 標準報酬の月額 | J75: 70 | K75: 99386752 | L75: - | M75: 287987182 | N75: 82253002 | Q75: 40121532 | R75: 54376242 | S75: 296941862 | T75: 16191608 | U75: 877258180 | V75: 70
D76: 令和３年度 合 計 | F76: 組合員数 | H76: 男 | J76: 71 | K76: 191564 | L76: - | M76: 504053 | N76: 254752 | Q76: 75594 | R76: 107992 | S76: 589122 | T76: 30623 | U76: 1753700 | V76: 71
H77: 女 | J77: 72 | K77: 127464 | L77: - | M77: 575675 | N77: 44661 | Q77: 51030 | R77: 62186 | S77: 421925 | T77: 25080 | U77: 1308021 | V77: 72
H78: 計 | J78: 73 | K78: 319028 | L78: - | M78: 1079728 | N78: 299413 | Q78: 126624 | R78: 170178 | S78: 1011047 | T78: 55703 | U78: 3061721 | V78: 73
G79: 被扶養者数 | J79: 74 | K79: 271401 | L79: - | M79: 732478 | N79: 387483 | Q79: 90485 | R79: 150565 | S79: 891351 | T79: 45777 | U79: 2569540 | V79: 74
G80: 標準報酬の月額 | J80: 75 | K80: 137973874 | L80: - | M80: 437132258 | N80: 139132002 | Q80: 57187286 | R80: 73661076 | S80: 388139744 | T80: 22695744 | U80: 1255921984 | V80: 75
G81: 標準期末手当等の額 | J81: 76 | K81: 481272129 | L81: - | M81: 1679572292 | N81: 479737056 | Q81: 209208555 | R81: 264502714 | S81: 1431587110 | T81: 78970815 | U81: 4624850671 | V81: 76
D82: 令和２年度 合 計 | F82: 組合員数 | H82: 男 | J82: 77 | K82: 191632 | L82: - | M82: 505587 | N82: 256316 | Q82: 75551 | R82: 108441 | S82: 587963 | T82: 30513 | U82: 1756003 | V82: 77
H83: 女 | J83: 78 | K83: 122491 | L83: - | M83: 570136 | N83: 43280 | Q83: 50989 | R83: 59893 | S83: 395369 | T83: 23536 | U83: 1265694 | V83: 78
H84: 計 | J84: 79 | K84: 314123 | L84: - | M84: 1075723 | N84: 299596 | Q84: 126540 | R84: 168334 | S84: 983332 | T84: 54049 | U84: 3021697 | V84: 79
G85: 被扶養者数 | J85: 80 | K85: 276782 | L85: - | M85: 738026 | N85: 385298 | Q85: 91142 | R85: 152923 | S85: 894023 | T85: 45742 | U85: 2583936 | V85: 80
G86: 標準報酬の月額 | J86: 81 | K86: 135444804 | L86: - | M86: 434557284 | N86: 138508538 | Q86: 56516254 | R86: 72715090 | S86: 379590238 | T86: 21978826 | U86: 1239311034 | V86: 81
G87: 標準期末手当等の額 | J87: 82 | K87: 492535826 | L87: - | M87: 1729932542 | N87: 491962729 | Q87: 215858881 | R87: 273293474 | S87: 1437109515 | T87: 78486771 | U87: 4719179738 | V87: 82

Sheet 1(長期適用)
R2: 単位 | S2: 組合員数 人
D3: （長期適用） | S3: 金額 千円
K4: 地方職員共済組合 | M4: 公立学校共済組合 | P4: 警察共済組合 | Q4: 東京都職員 共済組合 | R4: 全国市町村職員 共済組合連合会 | S4: 合計
L5: （再掲）団体共済部
D6: 一般組合員 | F6: 組合員数 | H6: 男 | J6: 1 | K6: 186189 | L6: - | M6: 450288 | P6: 26715 | Q6: 58142 | R6: 582033 | S6: 1303367 | T6: 1
H7: 女 | J7: 2 | K7: 128066 | L7: - | M7: 507310 | P7: 16555 | Q7: 51671 | R7: 504749 | S7: 1208351 | T7: 2
H8: 計 | J8: 3 | K8: 314255 | L8: - | M8: 957598 | P8: 43270 | Q8: 109813 | R8: 1086782 | S8: 2511718 | T8: 3
G9: 標準報酬の月額 | J9: 4 | K9: 132014772 | L9: - | M9: 395562270 | P9: 19491040 | Q9: 47377100 | R9: 417694180 | S9: 1012139362 | T9: 4
G10: 標準期末手当等の額 | J10: 5 | K10: 478443353 | L10: - | M10: 1574529696 | P10: 73244955 | Q10: 181120403 | R10: 1552043865 | S10: 3859382272 | T10: 5
D11: 地方公共団体の 長である組合員 | F11: 組合員数 | H11: 男 | J11: 6 | K11: 45 | L11: - | M11: - | P11: - | Q11: 20 | R11: 1671 | S11: 1736 | T11: 6
H12: 女 | J12: 7 | K12: 1 | L12: - | M12: - | P12: - | Q12: 2 | R12: 41 | S12: 44 | T12: 7
H13: 計 | J13: 8 | K13: 46 | L13: - | M13: - | P13: - | Q13: 22 | R13: 1712 | S13: 1780 | T13: 8
G14: 標準報酬の月額 | J14: 9 | K14: 29900 | L14: - | M14: - | P14: - | Q14: 14300 | R14: 1101678 | S14: 1145878 | T14: 9
G15: 標準期末手当等の額 | J15: 10 | K15: 121102 | L15: - | M15: - | P15: - | Q15: 80228 | R15: 4601596 | S15: 4802926 | T15: 10
D16: 特定消防組合員 | F16: 組合員数 | H16: 男 | J16: 11 | K16: - | L16: - | M16: - | P16: - | Q16: 17070 | R16: 131290 | S16: 148360 | T16: 11
H17: 女 | J17: 12 | K17: - | L17: - | M17: - | P17: - | Q17: 1300 | R17: 4148 | S17: 5448 | T17: 12
H18: 計 | J18: 13 | K18: - | L18: - | M18: - | P18: - | Q18: 18370 | R18: 135438 | S18: 153808 | T18: 13
G19: 標準報酬の月額 | J19: 14 | K19: - | L19: - | M19: - | P19: - | Q19: 9453220 | R19: 54889830 | S19: 64343050 | T19: 14
G20: 標準期末手当等の額 | J20: 15 | K20: - | L20: - | M20: - | P20: - | Q20: 32669976 | R20: 196253070 | S20: 228923046 | T20: 15
D21: 長期組合員 | F21: 組合員数 | H21: 男 | J21: 16 | K21: 7202 | L21: 7202 | M21: - | P21: 2 | Q21: - | R21: 183 | S21: 7387 | T21: 16
H22: 女 | J22: 17 | K22: 6822 | L22: 6822 | M22: - | P22: - | Q22: - | R22: 31 | S22: 6853 | T22: 17
H23: 計 | J23: 18 | K23: 14024 | L23: 14024 | M23: - | P23: 2 | Q23: - | R23: 214 | S23: 14240 | T23: 18
G24: 標準報酬の月額 | J24: 19 | K24: 5607484 | L24: 5607484 | M24: - | P24: 600 | Q24: - | R24: 92760 | S24: 5700844 | T24: 19
G25: 標準期末手当等の額 | J25: 20 | K25: 20244138 | L25: 20244138 | M25: - | P25: 578 | Q25: - | R25: 303960 | S25: 20548676 | T25: 20
D26: 特定消防 長期組合員 | F26: 組合員数 | H26: 男 | J26: 21 | K26: - | L26: - | M26: - | P26: - | Q26: - | R26: - | S26: - | T26: 21
H27: 女 | J27: 22 | K27: - | L27: - | M27: - | P27: - | Q27: - | R27: - | S27: - | T27: 22
H28: 計 | J28: 23 | K28: - | L28: - | M28: - | P28: - | Q28: - | R28: - | S28: - | T28: 23
G29: 標準報酬の月額 | J29: 24 | K29: - | L29: - | M29: - | P29: - | Q29: - | R29: - | S29: - | T29: 24
G30: 標準期末手当等の額 | J30: 25 | K30: - | L30: - | M30: - | P30: - | Q30: - | R30: - | S30: - | T30: 25
D31: 船員一般組合員 | F31: 組合員数 | H31: 男 | J31: 21 | K31: 875 | L31: - | M31: 516 | P31: - | Q31: 40 | R31: 438 | S31: 1869 | T31: 21
H32: 女 | J32: 22 | K32: 17 | L32: - | M32: 3 | P32: - | Q32: - | R32: 7 | S32: 27 | T32: 22
H33: 計 | J33: 23 | K33: 892 | L33: - | M33: 519 | P33: - | Q33: 40 | R33: 445 | S33: 1896 | T33: 23
G34: 標準報酬の月額 | J34: 24 | K34: 357980 | L34: - | M34: 198200 | P34: - | Q34: 14850 | R34: 165820 | S34: 736850 | T34: 24
G35: 標準期末手当等の額 | J35: 25 | K35: 1361882 | L35: - | M35: 756563 | P35: - | Q35: 45096 | R35: 563234 | S35: 2726775 | T35: 25
D36: 継続長期組合員 | F36: 組合員数 | H36: 男 | J36: 26 | K36: 191 | L36: - | M36: 4 | P36: 91 | Q36: 446 | R36: 369 | S36: 1101 | T36: 26
H37: 女 | J37: 27 | K37: 7 | L37: - | M37: 1 | P37: 2 | Q37: 50 | R37: 29 | S37: 89 | T37: 27
H38: 計 | J38: 28 | K38: 198 | L38: - | M38: 5 | P38: 93 | Q38: 496 | R38: 398 | S38: 1190 | T38: 28
G39: 標準報酬の月額 | J39: 29 | K39: 90580 | L39: - | M39: 2120 | P39: 52550 | Q39: 244110 | R39: 196850 | S39: 586210 | T39: 29
G40: 標準期末手当等の額 | J40: 30 | K40: 318070 | L40: - | M40: 8577 | P40: 207578 | Q40: 1116949 | R40: 786359 | S40: 2437533 | T40: 30
D41: 特定警察組合員 | F41: 組合員数 | H41: 男 | J41: 31 | K41: - | L41: - | M41: - | P41: 224147 | Q41: - | R41: - | S41: 224147 | T41: 31
H42: 女 | J42: 32 | K42: - | L42: - | M42: - | P42: 28940 | Q42: - | R42: - | S42: 28940 | T42: 32
H43: 計 | J43: 33 | K43: - | L43: - | M43: - | P43: 253087 | Q43: - | R43: - | S43: 253087 | T43: 33
G44: 標準報酬の月額 | J44: 34 | K44: - | L44: - | M44: - | P44: 119301412 | Q44: - | R44: - | S44: 119301412 | T44: 34
G45: 標準期末手当等の額 | J45: 35 | K45: - | L45: - | M45: - | P45: 410714893 | Q45: - | R45: - | S45: 410714893 | T45: 35
D46: 特例継続組合員 | F46: 組合員数 | H46: 男 | J46: 36 | K46: - | L46: - | M46: - | P46: - | Q46: - | R46: - | S46: - | T46: 36
H47: 女 | J47: 37 | K47: - | L47: - | M47: - | P47: - | Q47: - | R47: - | S47: - | T47: 37
H48: 計 | J48: 38 | K48: - | L48: - | M48: - | P48: - | Q48: - | R48: - | S48: - | T48: 38
G49: 標準報酬の月額 | J49: 39 | K49: - | L49: - | M49: - | P49: - | Q49: - | R49: - | S49: - | T49: 39
D50: 合計 | F50: 組合員数 | H50: 男 | J50: 36 | K50: 194502 | L50: 7202 | M50: 450808 | P50: 250955 | Q50: 75718 | R50: 715984 | S50: 1687967 | T50: 36
H51: 女 | J51: 37 | K51: 134913 | L51: 6822 | M51: 507314 | P51: 45497 | Q51: 53023 | R51: 509005 | S51: 1249752 | T51: 37
H52: 計 | J52: 38 | K52: 329415 | L52: 14024 | M52: 958122 | P52: 296452 | Q52: 128741 | R52: 1224989 | S52: 2937719 | T52: 38
G53: 標準報酬の月額 | J53: 39 | K53: 138100716 | L53: 5607484 | M53: 395762590 | P53: 138845602 | Q53: 57103580 | R53: 474141118 | S53: 1203953606 | T53: 39
G54: 標準期末手当等の額 | J54: 40 | K54: 500488545 | L54: 20244138 | M54: 1575294836 | P54: 484168004 | Q54: 215032652 | R54: 1754552084 | S54: 4529536121 | T54: 40
D55: 育児休業等に係る 掛金免除者数 | F55: 組合員数 | H55: 男 | J55: 41 | K55: 680 | L55: 13 | M55: 1580 | P55: 416 | Q55: 1321 | R55: 2087 | S55: 6084 | T55: 41
H56: 女 | J56: 42 | K56: 9191 | L56: 329 | M56: 46916 | P56: 4813 | Q56: 2435 | R56: 37803 | S56: 101158 | T56: 42
H57: 計 | J57: 43 | K57: 9871 | L57: 342 | M57: 48496 | P57: 5229 | Q57: 3756 | R57: 39890 | S57: 107242 | T57: 43
G58: 標準報酬の月額 | J58: 44 | K58: 3103766 | L58: 103830 | M58: 16701676 | P58: 1685880 | Q58: 1340780 | R58: 11721544 | S58: 34553646 | T58: 44
D59: 令和３年度 合 計 | F59: 組合員数 | H59: 男 | J59: 45 | K59: 196834 | L59: 7093 | M59: 493810 | P59: 253280 | Q59: 75297 | R59: 719757 | S59: 1738978 | T59: 45
H60: 女 | J60: 46 | K60: 133413 | L60: 6715 | M60: 567508 | P60: 44459 | Q60: 50590 | R60: 505378 | S60: 1301348 | T60: 46
H61: 計 | J61: 47 | K61: 330247 | L61: 13808 | M61: 1061318 | P61: 297739 | Q61: 125887 | R61: 1225135 | S61: 3040326 | T61: 47
G62: 標準報酬の月額 | J62: 48 | K62: 136945654 | L62: 5504350 | M62: 429295978 | P62: 137366468 | Q62: 55864846 | R62: 469482116 | S62: 1228955062 | T62: 48
G63: 標準期末手当等の額 | J63: 49 | K63: 498313862 | L63: 19875505 | M63: 1678460588 | P63: 479115927 | Q63: 208376724 | R63: 1768910668 | S63: 4633177769 | T63: 49
D64: 令和２年度 合 計 | F64: 組合員数 | H64: 男 | J64: 50 | K64: 196956 | L64: 7079 | M64: 495840 | P64: 254760 | Q64: 75330 | R64: 719298 | S64: 1742184 | T64: 50
H65: 女 | J65: 51 | K65: 128263 | L65: 6553 | M65: 562204 | P65: 43072 | Q65: 50557 | R65: 474857 | S65: 1258953 | T65: 51
H66: 計 | J66: 52 | K66: 325219 | L66: 13632 | M66: 1058044 | P66: 297832 | Q66: 125887 | R66: 1194155 | S66: 3001137 | T66: 52
G67: 標準報酬の月額 | J67: 53 | K67: 134571374 | L67: 5427874 | M67: 426995284 | P67: 136806618 | Q67: 55320688 | R67: 459720008 | S67: 1213413972 | T67: 53
G68: 標準期末手当等の額 | J68: 54 | K68: 509820411 | L68: 20122992 | M68: 1728570102 | P68: 491189368 | Q68: 214813769 | R68: 1782163487 | S68: 4726557137 | T68: 54
D71: ３．平成27年10月1日より、指定都市職員共済組合の長期給付事業は全国市町村職員共済組合連合会で一元的に行っている。

Sheet 2
D1: ２ 福祉施設に関する調
M4: 地方職員共済組合 | N4: 公立学校共済組合 | O4: 警察共済組合 | R4: 東京都職員 共済組合 | S4: 指定都市職員 共済組合 | T4: 市町村職員 共済組合 | U4: 都市職員共済組合 | V4: 合計
G6: 数 | L6: 1 | M6: - | N6: 8 | O6: - | R6: - | S6: - | T6: - | U6: - | V6: 8 | W6: 1
D7: 医療機関 | G7: 病床数 | J7: 普通 | L7: 2 | M7: - | N7: 2517 | O7: - | R7: - | S7: - | T7: - | U7: - | V7: 2517 | W7: 2
D8: (病院) | J8: 結核 | L8: 3 | M8: - | N8: 6 | O8: - | R8: - | S8: - | T8: - | U8: - | V8: 6 | W8: 3
J9: 計 | L9: 4 | M9: - | N9: 2523 | O9: - | R9: - | S9: - | T9: - | U9: - | V9: 2523 | W9: 4
G10: 数 | L10: 5 | M10: - | N10: - | O10: - | R10: - | S10: - | T10: - | U10: - | V10: - | W10: 5
D11: 医療機関 | G11: 病床数 | J11: 普通 | L11: 6 | M11: - | N11: - | O11: - | R11: - | S11: - | T11: - | U11: - | V11: - | W11: 6
D12: (療養所) | J12: 結核 | L12: 7 | M12: - | N12: - | O12: - | R12: - | S12: - | T12: - | U12: - | V12: - | W12: 7
J13: 計 | L13: 8 | M13: - | N13: - | O13: - | R13: - | S13: - | T13: - | U13: - | V13: - | W13: 8
D14: 医療機関(直営診療所) 数 | L14: 9 | M14: 19 | N14: - | O14: 5 | R14: 1 | S14: - | T14: - | U14: - | V14: 25 | W14: 9
G15: 数 | L15: 10 | M15: 19 | N15: 8 | O15: 5 | R15: 1 | S15: - | T15: - | U15: - | V15: 33 | W15: 10
D16: 医療機関 | G16: 病床数 | J16: 普通 | L16: 11 | M16: - | N16: 2517 | O16: - | R16: - | S16: - | T16: - | U16: - | V16: 2517 | W16: 11
D17: (合計) | J17: 結核 | L17: 12 | M17: - | N17: 6 | O17: - | R17: - | S17: - | T17: - | U17: - | V17: 6 | W17: 12
J18: 計 | L18: 13 | M18: - | N18: 2523 | O18: - | R18: - | S18: - | T18: - | U18: - | V18: 2523 | W18: 13
D19: 保養所 | G19: 数 | L19: 14 | M19: 3 | N19: 8 | O19: - | R19: 1 | S19: 1 | T19: 20 | U19: - | V19: 33 | W19: 14
G20: 収容人員 | L20: 15 | M20: 258 | N20: 2214 | O20: - | R20: 138 | S20: 15 | T20: 1808 | U20: - | V20: 4433 | W20: 15
D21: 宿泊所 | G21: 数 | L21: 16 | M21: 11 | N21: 28 | O21: 4 | R21: 1 | S21: - | T21: 17 | U21: 1 | V21: 62 | W21: 16
G22: 収容人員 | L22: 17 | M22: 996 | N22: 27011 | O22: 499 | R22: 244 | S22: - | T22: 2053 | U22: 155 | V22: 30958 | W22: 17

Sheet 3
C1: ３ 短期法定給付支給状況調
Z3: 単位 | AA3: 件 数 件
AA4: 日 数 日
AA5: 金 額 千円
AA6: 回 数 回
AA7: 処方せん枚数 枚
AA8: 高額療養件数 件
R10: 地方職員共済組合 | S10: 公立学校共済組合 | T10: 警察共済組合 | W10: 東京都職員 共済組合 | X10: 指定都市職員 共済組合 | Y10: 市町村職員 共済組合 | Z10: 都市職員 共済組合 | AA10: 合計
C12: 保健給付 | E12: 療養の給付 | G12: 一般 | K12: 入院 | O12: 件数 | Q12: 1 | R12: 26256 | S12: 89325 | T12: 18599 | W12: 10082 | X12: 14451 | Y12: 90025 | Z12: 5022 | AA12: 253760 | AB12: 1
O13: 日数 | Q13: 2 | R13: 202469 | S13: 641424 | T13: 139736 | W13: 73803 | X13: 106406 | Y13: 685111 | Z13: 35654 | AA13: 1884603 | AB13: 2
O14: 金額 | Q14: 3 | R14: 9271711 | S14: 29527655 | T14: 6849191 | W14: 3737854 | X14: 5414573 | Y14: 31118803 | Z14: 1635972 | AA14: 87555760 | AB14: 3
K15: 外来 | O15: 件数 | Q15: 4 | R15: 2268899 | S15: 7244499 | T15: 1569892 | W15: 963970 | X15: 1297257 | Y15: 7426938 | Z15: 413770 | AA15: 21185225 | AB15: 4
O16: 日数 | Q16: 5 | R16: 3025835 | S16: 9689569 | T16: 2032529 | W16: 1344399 | X16: 1793097 | Y16: 9888632 | Z16: 551189 | AA16: 28325250 | AB16: 5
O17: 金額 | Q17: 6 | R17: 20714135 | S17: 64971106 | T17: 14270342 | W17: 9052155 | X17: 11898407 | Y17: 67142063 | Z17: 3828148 | AA17: 191876355 | AB17: 6
H18: 歯科 | O18: 件数 | Q18: 7 | R18: 625257 | S18: 2116869 | T18: 437835 | W18: 270587 | X18: 355335 | Y18: 2060662 | Z18: 114976 | AA18: 5981521 | AB18: 7
O19: 日数 | Q19: 8 | R19: 936113 | S19: 3234627 | T19: 693700 | W19: 415107 | X19: 545254 | Y19: 3145943 | Z19: 173524 | AA19: 9144268 | AB19: 8
O20: 金額 | Q20: 9 | R20: 5316818 | S20: 17981393 | T20: 4021720 | W20: 2276673 | X20: 3209160 | Y20: 17462723 | Z20: 1011744 | AA20: 51280230 | AB20: 9
H21: 小計 | O21: 件数 | Q21: 10 | R21: 2920412 | S21: 9450693 | T21: 2026326 | W21: 1244639 | X21: 1667043 | Y21: 9577625 | Z21: 533768 | AA21: 27420506 | AB21: 10
O22: 日数 | Q22: 11 | R22: 4164417 | S22: 13565620 | T22: 2865965 | W22: 1833309 | X22: 2444757 | Y22: 13719686 | Z22: 760367 | AA22: 39354121 | AB22: 11
O23: 金額 | Q23: 12 | R23: 35302664 | S23: 112480154 | T23: 25141252 | W23: 15066682 | X23: 20522140 | Y23: 115723590 | Z23: 6475863 | AA23: 330712344 | AB23: 12
H24: 一般 | O24: 件数 | Q24: 13 | R24: 22515 | S24: 74589 | T24: 16106 | W24: 8469 | X24: 12150 | Y24: 77061 | Z24: 4202 | AA24: 215092 | AB24: 13
O25: 回数 | Q25: 14 | R25: 448038 | S25: 1377949 | T25: 304150 | W25: 158058 | X25: 231530 | Y25: 1506263 | Z25: 74676 | AA25: 4100664 | AB25: 14
O26: 金額 | Q26: 15 | R26: 93470 | S26: 278687 | T26: 63575 | W26: 32186 | X26: 48060 | Y26: 314087 | Z26: 15299 | AA26: 845362 | AB26: 15
H27: 歯科 | O27: 件数 | Q27: 16 | R27: 598 | S27: 1765 | T27: 467 | W27: 149 | X27: 310 | Y27: 2039 | Z27: 264 | AA27: 5592 | AB27: 16
O28: 回数 | Q28: 17 | R28: 4503 | S28: 12232 | T28: 3502 | W28: 1314 | X28: 2153 | Y28: 14969 | Z28: 1276 | AA28: 39949 | AB28: 17
O29: 金額 | Q29: 18 | R29: 890 | S29: 2398 | T29: 672 | W29: 262 | X29: 421 | Y29: 3007 | Z29: 264 | AA29: 7914 | AB29: 18
H30: 小計 | O30: 件数 | Q30: 19 | R30: 23113 | S30: 76354 | T30: 16573 | W30: 8618 | X30: 12460 | Y30: 79100 | Z30: 4466 | AA30: 220684 | AB30: 19
O31: 回数 | Q31: 20 | R31: 452541 | S31: 1390181 | T31: 307652 | W31: 159372 | X31: 233683 | Y31: 1521232 | Z31: 75952 | AA31: 4140613 | AB31: 20
O32: 金額 | Q32: 21 | R32: 94360 | S32: 281085 | T32: 64247 | W32: 32448 | X32: 48480 | Y32: 317094 | Z32: 15562 | AA32: 853276 | AB32: 21
F33: 訪問看護 療養の給付 | O33: 件数 | Q33: 22 | R33: 1461 | S33: 3152 | T33: 529 | W33: 563 | X33: 779 | Y33: 3261 | Z33: 125 | AA33: 9870 | AB33: 22
O34: 日数 | Q34: 23 | R34: 10435 | S34: 19117 | T34: 3476 | W34: 3959 | X34: 4091 | Y34: 19420 | Z34: 871 | AA34: 61369 | AB34: 23
O35: 金額 | Q35: 24 | R35: 92273 | S35: 159777 | T35: 29179 | W35: 31938 | X35: 34876 | Y35: 166220 | Z35: 7586 | AA35: 521849 | AB35: 24
E36: 家族療養の給付 | G36: 一般 | K36: 入院 | O36: 件数 | Q36: 25 | R36: 22553 | S36: 64320 | T36: 33231 | W36: 7703 | X36: 12337 | Y36: 78367 | Z36: 4159 | AA36: 222670 | AB36: 25
O37: 日数 | Q37: 26 | R37: 205253 | S37: 568808 | T37: 243118 | W37: 68006 | X37: 103692 | Y37: 707819 | Z37: 33573 | AA37: 1930269 | AB37: 26
O38: 金額 | Q38: 27 | R38: 8687118 | S38: 24256529 | T38: 11374941 | W38: 3039121 | X38: 4803947 | Y38: 28883149 | Z38: 1510659 | AA38: 82555464 | AB38: 27
K39: 外来 | O39: 件数 | Q39: 28 | R39: 1821504 | S39: 5001260 | T39: 2757583 | W39: 704256 | X39: 1068375 | Y39: 6131108 | Z39: 324031 | AA39: 17808117 | AB39: 28
O40: 日数 | Q40: 29 | R40: 2478163 | S40: 6998597 | T40: 3772057 | W40: 965712 | X40: 1495869 | Y40: 8329203 | Z40: 441400 | AA40: 24481001 | AB40: 29
O41: 金額 | Q41: 30 | R41: 15716166 | S41: 43259249 | T41: 23451972 | W41: 6067660 | X41: 9475604 | Y41: 52775123 | Z41: 2848285 | AA41: 153594059 | AB41: 30
H42: 歯科 | O42: 件数 | Q42: 31 | R42: 481332 | S42: 1283925 | T42: 716556 | W42: 169316 | X42: 282851 | Y42: 1531564 | Z42: 88331 | AA42: 4553875 | AB42: 31
O43: 日数 | Q43: 32 | R43: 655183 | S43: 1729708 | T43: 946537 | W43: 230327 | X43: 387576 | Y43: 2085843 | Z43: 118235 | AA43: 6153409 | AB43: 32
O44: 金額 | Q44: 33 | R44: 3725647 | S44: 9891149 | T44: 5423140 | W44: 1273027 | X44: 2336075 | Y44: 11645263 | Z44: 706377 | AA44: 35000678 | AB44: 33
H45: 小計 | O45: 件数 | Q45: 34 | R45: 2325389 | S45: 6349505 | T45: 3507370 | W45: 881275 | X45: 1363563 | Y45: 7741039 | Z45: 416521 | AA45: 22584662 | AB45: 34
O46: 日数 | Q46: 35 | R46: 3338599 | S46: 9297113 | T46: 4961712 | W46: 1264045 | X46: 1987137 | Y46: 11122865 | Z46: 593208 | AA46: 32564679 | AB46: 35
O47: 金額 | Q47: 36 | R47: 28128931 | S47: 77406927 | T47: 40250053 | W47: 10379808 | X47: 16615626 | Y47: 93303535 | Z47: 5065321 | AA47: 271150201 | AB47: 36
H48: 一般 | O48: 件数 | Q48: 37 | R48: 18652 | S48: 52024 | T48: 26711 | W48: 5741 | X48: 10046 | Y48: 63542 | Z48: 3253 | AA48: 179969 | AB48: 37
O49: 回数 | Q49: 38 | R49: 475024 | S49: 1274062 | T49: 647133 | W49: 147064 | X49: 230410 | Y49: 1531381 | Z49: 68767 | AA49: 4373841 | AB49: 38
O50: 金額 | Q50: 39 | R50: 99456 | S50: 268735 | T50: 108706 | W50: 29396 | X50: 48046 | Y50: 326677 | Z50: 14289 | AA50: 895305 | AB50: 39
H51: 歯科 | O51: 件数 | Q51: 40 | R51: 557 | S51: 1411 | T51: 602 | W51: 76 | X51: 305 | Y51: 1685 | Z51: 143 | AA51: 4779 | AB51: 40
O52: 回数 | Q52: 41 | R52: 4311 | S52: 10525 | T52: 4134 | W52: 670 | X52: 1862 | Y52: 11174 | Z52: 734 | AA52: 33410 | AB52: 41
O53: 金額 | Q53: 42 | R53: 846 | S53: 1999 | T53: 795 | W53: 132 | X53: 370 | Y53: 2210 | Z53: 150 | AA53: 6503 | AB53: 42
H54: 小計 | O54: 件数 | Q54: 43 | R54: 19209 | S54: 53435 | T54: 27313 | W54: 5817 | X54: 10351 | Y54: 65227 | Z54: 3396 | AA54: 184748 | AB54: 43
O55: 回数 | Q55: 44 | R55: 479335 | S55: 1284587 | T55: 651267 | W55: 147734 | X55: 232272 | Y55: 1542555 | Z55: 69501 | AA55: 4407251 | AB55: 44
O56: 金額 | Q56: 45 | R56: 100302 | S56: 270735 | T56: 109501 | W56: 29529 | X56: 48416 | Y56: 328887 | Z56: 14438 | AA56: 901808 | AB56: 45
F57: 家族訪問看護 療養の給付 | O57: 件数 | Q57: 46 | R57: 5609 | S57: 15990 | T57: 7112 | W57: 2574 | X57: 4144 | Y57: 15308 | Z57: 741 | AA57: 51478 | AB57: 46
O58: 日数 | Q58: 47 | R58: 32717 | S58: 93335 | T58: 36047 | W58: 12796 | X58: 24554 | Y58: 89658 | Z58: 3845 | AA58: 292952 | AB58: 47
O59: 金額 | Q59: 48 | R59: 293287 | S59: 834461 | T59: 326325 | W59: 117805 | X59: 213486 | Y59: 795283 | Z59: 33054 | AA59: 2613701 | AB59: 48
E60: 高額療養の給付 | G60: 一般 | K60: 入院 | O60: 件数 | Q60: 49 | R60: 21046 | S60: 63774 | T60: 18853 | W60: 7116 | X60: 11852 | Y60: 76011 | Z60: 3616 | AA60: 202268 | AB60: 49
O61: 金額 | Q61: 50 | R61: 3788077 | S61: 11369531 | T61: 3299355 | W61: 1348373 | X61: 2261403 | Y61: 13146562 | Z61: 635775 | AA61: 35849076 | AB61: 50
K62: 外来 | O62: 件数 | Q62: 51 | R62: 19463 | S62: 51960 | T62: 12098 | W62: 7584 | X62: 8695 | Y62: 61257 | Z62: 3073 | AA62: 164130 | AB62: 51
O63: 金額 | Q63: 52 | R63: 2272745 | S63: 5730089 | T63: 1525545 | W63: 847121 | X63: 1066825 | Y63: 6709551 | Z63: 380932 | AA63: 18532807 | AB63: 52
H64: 歯科 | O64: 件数 | Q64: 53 | R64: 372 | S64: 944 | T64: 212 | W64: 91 | X64: 162 | Y64: 1886 | Z64: 98 | AA64: 3765 | AB64: 53
O65: 金額 | Q65: 54 | R65: 43636 | S65: 90446 | T65: 25156 | W65: 10300 | X65: 15099 | Y65: 170233 | Z65: 7380 | AA65: 362250 | AB65: 54
H66: 小計 | O66: 件数 | Q66: 55 | R66: 40881 | S66: 116678 | T66: 31163 | W66: 14791 | X66: 20709 | Y66: 139154 | Z66: 6787 | AA66: 370163 | AB66: 55
O67: 金額 | Q67: 56 | R67: 6104458 | S67: 17190065 | T67: 4850056 | W67: 2205794 | X67: 3343327 | Y67: 20026346 | Z67: 1024087 | AA67: 54744133 | AB67: 56
Z70: 単位 | AA70: 件 数 件
AA71: 日 数 日
AA72: 金 額 千円
AA73: 回 数 回
AA74: 処方せん枚数 枚
AA75: 高額療養件数 件
R77: 地方職員共済組合 | S77: 公立学校共済組合 | T77: 警察共済組合 | W77: 東京都職員 共済組合 | X77: 指定都市職員 共済組合 | Y77: 市町村職員 共済組合 | Z77: 都市職員 共済組合 | AA77: 合計
C79: 保健給付 | E79: 療養費 | G79: 一般 | K79: 入院 | O79: 件数 | Q79: 57 | R79: 129 | S79: 589 | T79: 150 | W79: 3 | X79: 103 | Y79: 691 | Z79: 35 | AA79: 1700 | AB79: 57
O80: 日数 | Q80: 58 | R80: 356 | S80: 219 | T80: 26 | W80: - | X80: 42 | Y80: 304 | Z80: 11 | AA80: 958 | AB80: 58
O81: 金額 | Q81: 59 | R81: 5945 | S81: 26269 | T81: 4655 | W81: 118 | X81: 4044 | Y81: 24462 | Z81: 1461 | AA81: 66954 | AB81: 59
K82: 外来 | O82: 件数 | Q82: 60 | R82: 93324 | S82: 602723 | T82: 80736 | W82: 59816 | X82: 76694 | Y82: 448283 | Z82: 20756 | AA82: 1382332 | AB82: 60
O83: 日数 | Q83: 61 | R83: 315810 | S83: 2134144 | T83: 272348 | W83: 60966 | X83: 265585 | Y83: 1560060 | Z83: 70358 | AA83: 4679271 | AB83: 61
O84: 金額 | Q84: 62 | R84: 373078 | S84: 2385913 | T84: 319037 | W84: 280921 | X84: 329752 | Y84: 1759068 | Z84: 80734 | AA84: 5528503 | AB84: 62
H85: 歯科 | O85: 件数 | Q85: 63 | R85: 63 | S85: 591 | T85: 4 | W85: 28 | X85: 19 | Y85: 97 | Z85: - | AA85: 802 | AB85: 63
O86: 日数 | Q86: 64 | R86: 85 | S86: 901 | T86: 18 | W86: 48 | X86: 27 | Y86: 121 | Z86: - | AA86: 1200 | AB86: 64
O87: 金額 | Q87: 65 | R87: 515 | S87: 4651 | T87: 82 | W87: 138 | X87: 209 | Y87: 770 | Z87: - | AA87: 6365 | AB87: 65
H88: 小計 | O88: 件数 | Q88: 66 | R88: 93516 | S88: 603903 | T88: 80890 | W88: 59847 | X88: 76816 | Y88: 449071 | Z88: 20791 | AA88: 1384834 | AB88: 66
O89: 日数 | Q89: 67 | R89: 316251 | S89: 2135264 | T89: 272392 | W89: 61014 | X89: 265654 | Y89: 1560485 | Z89: 70369 | AA89: 4681429 | AB89: 67
O90: 金額 | Q90: 68 | R90: 379538 | S90: 2416833 | T90: 323774 | W90: 281177 | X90: 334004 | Y90: 1784301 | Z90: 82195 | AA90: 5601822 | AB90: 68
H91: 一般 | O91: 件数 | Q91: 69 | R91: 1 | S91: 45 | T91: 1 | W91: 3 | X91: - | Y91: 25 | Z91: - | AA91: 75 | AB91: 69
O92: 回数 | Q92: 70 | R92: 202 | S92: 1457 | T92: 2 | W92: 83 | X92: - | Y92: 186 | Z92: - | AA92: 1930 | AB92: 70
O93: 金額 | Q93: 71 | R93: 2 | S93: 365 | T93: 1 | W93: 17 | X93: - | Y93: 132 | Z93: - | AA93: 518 | AB93: 71
H94: 歯科 | O94: 件数 | Q94: 72 | R94: 1 | S94: - | T94: - | W94: - | X94: - | Y94: - | Z94: - | AA94: 1 | AB94: 72
O95: 回数 | Q95: 73 | R95: - | S95: - | T95: - | W95: - | X95: - | Y95: - | Z95: - | AA95: - | AB95: 73
O96: 金額 | Q96: 74 | R96: 0 | S96: - | T96: - | W96: - | X96: - | Y96: - | Z96: - | AA96: 0 | AB96: 74
H97: 小計 | O97: 件数 | Q97: 75 | R97: 2 | S97: 45 | T97: 1 | W97: 3 | X97: - | Y97: 25 | Z97: - | AA97: 76 | AB97: 75
O98: 回数 | Q98: 76 | R98: 202 | S98: 1457 | T98: 2 | W98: 83 | X98: - | Y98: 186 | Z98: - | AA98: 1930 | AB98: 76
O99: 金額 | Q99: 77 | R99: 3 | S99: 365 | T99: 1 | W99: 17 | X99: - | Y99: 132 | Z99: - | AA99: 518 | AB99: 77
E100: 家族療養費 | G100: 一般 | K100: 入院 | O100: 件数 | Q100: 78 | R100: 140 | S100: 480 | T100: 225 | W100: 55 | X100: 88 | Y100: 546 | Z100: 27 | AA100: 1561 | AB100: 78
O101: 日数 | Q101: 79 | R101: 218 | S101: 862 | T101: 508 | W101: 277 | X101: 118 | Y101: 685 | Z101: 54 | AA101: 2722 | AB101: 79
O102: 金額 | Q102: 80 | R102: 6693 | S102: 32468 | T102: 13674 | W102: 6563 | X102: 2748 | Y102: 24756 | Z102: 1384 | AA102: 88286 | AB102: 80
K103: 外来 | O103: 件数 | Q103: 81 | R103: 51044 | S103: 182480 | T103: 72362 | W103: 20385 | X103: 37082 | Y103: 208559 | Z103: 9839 | AA103: 581751 | AB103: 81
O104: 日数 | Q104: 82 | R104: 175082 | S104: 640103 | T104: 249164 | W104: 20290 | X104: 127568 | Y104: 721907 | Z104: 35293 | AA104: 1969407 | AB104: 82
O105: 金額 | Q105: 83 | R105: 273892 | S105: 924317 | T105: 381565 | W105: 115276 | X105: 204885 | Y105: 1041227 | Z105: 52618 | AA105: 2993781 | AB105: 83
H106: 歯科 | O106: 件数 | Q106: 84 | R106: 87 | S106: 495 | T106: 37 | W106: 46 | X106: 21 | Y106: 163 | Z106: 8 | AA106: 857 | AB106: 84
O107: 日数 | Q107: 85 | R107: 137 | S107: 695 | T107: 40 | W107: 54 | X107: 25 | Y107: 195 | Z107: 12 | AA107: 1158 | AB107: 85
...

Sheet 4
C1: ４ 短期附加給付支給状況調
T2: 単位 | U2: 件数 件
U3: 金額 千円
L4: 地方職員共済組合 | M4: 公立学校共済組合 | N4: 警察共済組合 | Q4: 東京都職員 共済組合 | R4: 指定都市職員 共済組合 | S4: 市町村職員 共済組合 | T4: 都市職員 共済組合 | U4: 合計
C6: 保健給付 | F6: 家族療養費 | I6: 件数 | K6: 1 | L6: 14730 | M6: 55664 | N6: 20273 | Q6: 4172 | R6: 7523 | S6: 46037 | T6: 2630 | U6: 151029 | V6: 1
I7: 金額 | K7: 2 | L7: 571420 | M7: 1537643 | N7: 784716 | Q7: 168861 | R7: 295288 | S7: 1572991 | T7: 93981 | U7: 5024902 | V7: 2
F8: 家族訪問看護 療養費 | I8: 件数 | K8: 3 | L8: 64 | M8: 683 | N8: 50 | Q8: 10 | R8: 8 | S8: 53 | T8: 5 | U8: 873 | V8: 3
I9: 金額 | K9: 4 | L9: 419 | M9: 3962 | N9: 299 | Q9: 91 | R9: 48 | S9: 558 | T9: 141 | U9: 5517 | V9: 4
F10: 出産費 | I10: 件数 | K10: 5 | L10: 5346 | M10: 23788 | N10: 2371 | Q10: 1985 | R10: 2091 | S10: 6374 | T10: 803 | U10: 42758 | V10: 5
I11: 金額 | K11: 6 | L11: 160410 | M11: 1189400 | N11: 122160 | Q11: 100800 | R11: 47848 | S11: 128165 | T11: 16060 | U11: 1764843 | V11: 6
F12: 家族出産費 | I12: 件数 | K12: 7 | L12: 1528 | M12: 5256 | N12: 5582 | Q12: 608 | R12: 714 | S12: 2283 | T12: 162 | U12: 16133 | V12: 7
I13: 金額 | K13: 8 | L13: 45840 | M13: 262800 | N13: 328930 | Q13: 30700 | R13: 15292 | S13: 45660 | T13: 3240 | U13: 732462 | V13: 8
F14: 埋葬料 | I14: 件数 | K14: 9 | L14: - | M14: 625 | N14: 126 | Q14: 114 | R14: 128 | S14: 535 | T14: 37 | U14: 1565 | V14: 9
I15: 金額 | K15: 10 | L15: - | M15: 15667 | N15: 6300 | Q15: 5603 | R15: 6074 | S15: 24610 | T15: 1610 | U15: 59864 | V15: 10
F16: 家族埋葬料 | I16: 件数 | K16: 11 | L16: - | M16: 397 | N16: 120 | Q16: 48 | R16: 60 | S16: 412 | T16: 28 | U16: 1065 | V16: 11
I17: 金額 | K17: 12 | L17: - | M17: 9925 | N17: 6000 | Q17: 2400 | R17: 2760 | S17: 18990 | T17: 1140 | U17: 41215 | V17: 12
F18: 小計 | I18: 件数 | K18: 13 | L18: 21668 | M18: 86413 | N18: 28522 | Q18: 6937 | R18: 10524 | S18: 55694 | T18: 3665 | U18: 213423 | V18: 13
I19: 金額 | K19: 14 | L19: 778089 | M19: 3019398 | N19: 1248404 | Q19: 308456 | R19: 367310 | S19: 1790974 | T19: 116172 | U19: 7628803 | V19: 14
F20: 直営保健給付 家族療養費 | I20: 件数 | K20: 15 | L20: - | M20: 142 | N20: - | Q20: - | R20: - | S20: - | T20: - | U20: 142 | V20: 15
I21: 金額 | K21: 16 | L21: - | M21: 4582 | N21: - | Q21: - | R21: - | S21: - | T21: - | U21: 4582 | V21: 16
F22: 計 | I22: 件数 | K22: 17 | L22: 21668 | M22: 86555 | N22: 28522 | Q22: 6937 | R22: 10524 | S22: 55694 | T22: 3665 | U22: 213565 | V22: 17
I23: 金額 | K23: 18 | L23: 778089 | M23: 3023980 | N23: 1248404 | Q23: 308456 | R23: 367310 | S23: 1790974 | T23: 116172 | U23: 7633385 | V23: 18
C24: 休業給付 | F24: 傷病手当金 | I24: 件数 | K24: 19 | L24: 955 | M24: 2183 | N24: 573 | Q24: 761 | R24: 256 | S24: 549 | T24: - | U24: 5277 | V24: 19
I25: 金額 | K25: 20 | L25: 197182 | M25: 475478 | N25: 115446 | Q25: 172403 | R25: 62882 | S25: 115097 | T25: - | U25: 1138487 | V25: 20
F26: 出産手当金 | I26: 件数 | K26: 21 | L26: - | M26: - | N26: - | Q26: - | R26: - | S26: - | T26: - | U26: - | V26: 21
I27: 金額 | K27: 22 | L27: - | M27: - | N27: - | Q27: - | R27: - | S27: - | T27: - | U27: - | V27: 22
F28: 休業手当金 | I28: 件数 | K28: 23 | L28: - | M28: - | N28: - | Q28: - | R28: - | S28: - | T28: - | U28: - | V28: 23
I29: 金額 | K29: 24 | L29: - | M29: - | N29: - | Q29: - | R29: - | S29: - | T29: - | U29: - | V29: 24
F30: 小計 | I30: 件数 | K30: 25 | L30: 955 | M30: 2183 | N30: 573 | Q30: 761 | R30: 256 | S30: 549 | T30: - | U30: 5277 | V30: 25
I31: 金額 | K31: 26 | L31: 197182 | M31: 475478 | N31: 115446 | Q31: 172403 | R31: 62882 | S31: 115097 | T31: - | U31: 1138487 | V31: 26
C32: 災害給付 | F32: 弔慰金 | I32: 件数 | K32: 27 | L32: - | M32: - | N32: - | Q32: - | R32: - | S32: - | T32: - | U32: - | V32: 27
I33: 金額 | K33: 28 | L33: - | M33: - | N33: - | Q33: - | R33: - | S33: - | T33: - | U33: - | V33: 28
F34: 家族弔慰金 | I34: 件数 | K34: 29 | L34: - | M34: - | N34: - | Q34: - | R34: - | S34: - | T34: - | U34: - | V34: 29
I35: 金額 | K35: 30 | L35: - | M35: - | N35: - | Q35: - | R35: - | S35: - | T35: - | U35: - | V35: 30
F36: 災害見舞金 | I36: 件数 | K36: 31 | L36: - | M36: - | N36: - | Q36: - | R36: - | S36: - | T36: - | U36: - | V36: 31
I37: 金額 | K37: 32 | L37: - | M37: - | N37: - | Q37: - | R37: - | S37: - | T37: - | U37: - | V37: 32
F38: 小計 | I38: 件数 | K38: 33 | L38: - | M38: - | N38: - | Q38: - | R38: - | S38: - | T38: - | U38: - | V38: 33
I39: 金額 | K39: 34 | L39: - | M39: - | N39: - | Q39: - | R39: - | S39: - | T39: - | U39: - | V39: 34
D40: 入院附加金 | I40: 件数 | K40: 35 | L40: - | M40: - | N40: - | Q40: - | R40: - | S40: - | T40: - | U40: - | V40: 35
I41: 金額 | K41: 36 | L41: - | M41: - | N41: - | Q41: - | R41: - | S41: - | T41: - | U41: - | V41: 36
D42: 結婚手当金 | I42: 件数 | K42: 37 | L42: - | M42: - | N42: - | Q42: - | R42: - | S42: - | T42: - | U42: - | V42: 37
I43: 金額 | K43: 38 | L43: - | M43: - | N43: - | Q43: - | R43: - | S43: - | T43: - | U43: - | V43: 38
D44: 合計 | I44: 件数 | K44: 37 | L44: 22623 | M44: 88738 | N44: 29095 | Q44: 7698 | R44: 10780 | S44: 56243 | T44: 3665 | U44: 218842 | V44: 37
I45: 金額 | K45: 38 | L45: 975271 | M45: 3499458 | N45: 1363850 | Q45: 480858 | R45: 430192 | S45: 1906071 | T45: 116172 | U45: 8771872 | V45: 38
D46: 一部負担金の 額等の払戻し | I46: 件数 | K46: 39 | L46: 36308 | M46: 155040 | N46: 26833 | Q46: 13621 | R46: 19697 | S46: 123802 | T46: 6892 | U46: 382193 | V46: 39
I47: 金額 | K47: 40 | L47: 1235058 | M47: 4537371 | N47: 994701 | Q47: 485742 | R47: 689548 | S47: 3800551 | T47: 225502 | U47: 11968473 | V47: 40
D48: 総計 | I48: 件数 | K48: 41 | L48: 58931 | M48: 243778 | N48: 55928 | Q48: 21319 | R48: 30477 | S48: 180045 | T48: 10557 | U48: 601035 | V48: 41
I49: 金額 | K49: 42 | L49: 2210329 | M49: 8036829 | N49: 2358551 | Q49: 966601 | R49: 1119740 | S49: 5706622 | T49: 341674 | U49: 20740345 | V49: 42
D50: 令和３年度総計 | I50: 件数 | K50: 43 | L50: 52314 | M50: 225602 | N50: 52169 | Q50: 18378 | R50: 26427 | S50: 150336 | T50: 8658 | U50: 533884 | V50: 43
I51: 金額 | K51: 44 | L51: 2018886 | M51: 7443776 | N51: 2296992 | Q51: 867508 | R51: 987281 | S51: 4925137 | T51: 286610 | U51: 18826190 | V51: 44
D52: 令和２年度総計 | I52: 件数 | K52: 45 | L52: 50953 | M52: 215007 | N52: 51893 | Q52: 17478 | R52: 26032 | S52: 145874 | T52: 8031 | U52: 515268 | V52: 45
I53: 金額 | K53: 46 | L53: 1929510 | M53: 7227360 | N53: 2304137 | Q53: 830033 | R53: 973681 | S53: 4783567 | T53: 267103 | U53: 18315391 | V53: 46

Sheet 5
C1: ５ 長期給付支給状況調
X2: 単位 | Y2: 件数 件
Y3: 金額 千円
Q4: 地方職員共済組合 | S4: 公立学校共済組合 | V4: 警察共済組合 | W4: 東京都職員 共済組合 | X4: 全国市町村職員 共済組合連合会 | Y4: 合計
R5: (再掲)団体共済部
F6: 老齢厚生年金 | M6: 65歳以上 | O6: 件数 | P6: 1 | Q6: 529252 | R6: 32083 | S6: 1812061 | V6: 423739 | W6: 238965 | X6: 2260467 | Y6: 5264484 | Z6: 1
C7: 厚生年金保険給付 | O7: 金額 | P7: 2 | Q7: 93331368 | R7: 3985135 | S7: 346699374 | V7: 87152117 | W7: 40187918 | X7: 386780418 | Y7: 954151196 | Z7: 2
M8: 65歳未満 | O8: 件数 | P8: 3 | Q8: 67503 | R8: 6126 | S8: 503269 | V8: 154109 | W8: 49473 | X8: 483003 | Y8: 1257357 | Z8: 3
O9: 金額 | P9: 4 | Q9: 10397397 | R9: 562431 | S9: 86060595 | V9: 26700320 | W9: 7223288 | X9: 73188839 | Y9: 203570439 | Z9: 4
M10: 繰上げ 支給 | O10: 件数 | P10: 5 | Q10: 12 | R10: - | S10: 77 | V10: 335 | W10: - | X10: 137 | Y10: 561 | Z10: 5
O11: 金額 | P11: 6 | Q11: 529 | R11: - | S11: 7861 | V11: 39852 | W11: - | X11: 9836 | Y11: 58077 | Z11: 6
M12: 小計 | O12: 件数 | P12: 7 | Q12: 596767 | R12: 38209 | S12: 2315407 | V12: 578183 | W12: 288438 | X12: 2743607 | Y12: 6522402 | Z12: 7
O13: 金額 | P13: 8 | Q13: 103729295 | R13: 4547566 | S13: 432767830 | V13: 113892289 | W13: 47411206 | X13: 459979093 | Y13: 1157779712 | Z13: 8
F14: 障害厚生年金 | O14: 件数 | P14: 9 | Q14: 7207 | R14: 366 | S14: 21577 | V14: 7453 | W14: 2850 | X14: 26454 | Y14: 65541 | Z14: 9
O15: 金額 | P15: 10 | Q15: 1275949 | R15: 67280 | S15: 4260098 | V15: 1075251 | W15: 440358 | X15: 4537782 | Y15: 11589437 | Z15: 10
F16: 障害手当金 | O16: 件数 | P16: 11 | Q16: 3 | R16: 2 | S16: 4 | V16: - | W16: - | X16: 10 | Y16: 17 | Z16: 11
O17: 金額 | P17: 12 | Q17: 3921 | R17: 2749 | S17: 6616 | V17: - | W17: - | X17: 16906 | Y17: 27443 | Z17: 12
F18: 遺族厚生年金 | O18: 件数 | P18: 13 | Q18: 76488 | R18: 3842 | S18: 139283 | V18: 61525 | W18: 32353 | X18: 290251 | Y18: 599900 | Z18: 13
O19: 金額 | P19: 14 | Q19: 11200472 | R19: 369418 | S19: 20054141 | V19: 9857717 | W19: 4712816 | X19: 39021080 | Y19: 84846227 | Z19: 14
F20: 脱退一時金 | O20: 件数 | P20: 15 | Q20: 2 | R20: 1 | S20: 9 | V20: - | W20: - | X20: - | Y20: 11 | Z20: 15
O21: 金額 | P21: 16 | Q21: 4828 | R21: 3155 | S21: 15430 | V21: - | W21: - | X21: - | Y21: 20258 | Z21: 16
F22: 退職年金 | M22: 終身 | O22: 件数 | P22: 17 | Q22: 124856 | R22: 6108 | S22: 433592 | V22: 102691 | W22: 48268 | X22: 490131 | Y22: 1199538 | Z22: 17
C23: 退職等年金給付 | O23: 金額 | P23: 18 | Q23: 83684 | R23: 5897 | S23: 322352 | V23: 65764 | W23: 37880 | X23: 332456 | Y23: 842137 | Z23: 18
M24: 有期 （240月） | O24: 件数 | P24: 19 | Q24: 23035 | R24: 1090 | S24: 208269 | V24: 16186 | W24: 14616 | X24: 293825 | Y24: 555931 | Z24: 19
O25: 金額 | P25: 20 | Q25: 15481 | R25: 822 | S25: 169412 | V25: 11591 | W25: 12427 | X25: 209750 | Y25: 418661 | Z25: 20
M26: 有期 （120月） | O26: 件数 | P26: 21 | Q26: 59770 | R26: 4438 | S26: 178510 | V26: 59038 | W26: 29813 | X26: 122248 | Y26: 449379 | Z26: 21
O27: 金額 | P27: 22 | Q27: 94100 | R27: 8000 | S27: 313610 | V27: 92051 | W27: 54850 | X27: 210461 | Y27: 765072 | Z27: 22
M28: 小計 | O28: 件数 | P28: 23 | Q28: 207661 | R28: 11636 | S28: 820371 | V28: 177915 | W28: 92697 | X28: 906204 | Y28: 2204848 | Z28: 23
O29: 金額 | P29: 24 | Q29: 193265 | R29: 14718 | S29: 805373 | V29: 169406 | W29: 105158 | X29: 752667 | Y29: 2025870 | Z29: 24
F30: 有期退職年金一時金 | O30: 件数 | P30: 25 | Q30: 2404 | R30: 85 | S30: 3165 | V30: 1388 | W30: 285 | X30: 3640 | Y30: 10882 | Z30: 25
O31: 金額 | P31: 26 | Q31: 396482 | R31: 13056 | S31: 513808 | V31: 213415 | W31: 46001 | X31: 615398 | Y31: 1785104 | Z31: 26
F32: 整理退職一時金 | O32: 件数 | P32: 27 | Q32: - | R32: - | S32: - | V32: - | W32: - | X32: 7 | Y32: 7 | Z32: 27
O33: 金額 | P33: 28 | Q33: - | R33: - | S33: - | V33: - | W33: - | X33: 1901 | Y33: 1901 | Z33: 28
F34: 遺族に対する一時金 | O34: 件数 | P34: 29 | Q34: 397 | R34: 19 | S34: 1295 | V34: 302 | W34: 134 | X34: 1995 | Y34: 4123 | Z34: 29
O35: 金額 | P35: 30 | Q35: 111314 | R35: 3631 | S35: 250614 | V35: 90108 | W35: 30050 | X35: 342852 | Y35: 824937 | Z35: 30
F36: 脱退一時金 | O36: 件数 | P36: 31 | Q36: 9 | R36: 9 | S36: - | V36: - | W36: - | X36: 1 | Y36: 10 | Z36: 31
O37: 金額 | P37: 32 | Q37: 1373300 | R37: 1373300 | S37: - | V37: - | W37: - | X37: 144300 | Y37: 1517600 | Z37: 32
F38: 公務障害年金 | O38: 件数 | P38: 33 | Q38: 4 | R38: - | S38: 41 | V38: 24 | W38: - | X38: 46 | Y38: 115 | Z38: 33
O39: 金額 | P39: 34 | Q39: 1149 | R39: - | S39: 14176 | V39: 4645 | W39: - | X39: 16628 | Y39: 36597 | Z39: 34
F40: 公務遺族年金 | O40: 件数 | P40: 35 | Q40: 72 | R40: - | S40: 102 | V40: 196 | W40: 9 | X40: 405 | Y40: 784 | Z40: 35
O41: 金額 | P41: 36 | Q41: 8817 | R41: - | S41: 14054 | V41: 15101 | W41: 1585 | X41: 40155 | Y41: 79712 | Z41: 36
F42: 既裁定 | O42: 件数 | P42: 37 | Q42: 960468 | R42: 87474 | S42: 2534734 | V42: 551156 | W42: 443805 | X42: 3458329 | Y42: 7948492 | Z42: 37
C43: 退職共済年金 | O43: 金額 | P43: 38 | Q43: 231879946 | R43: 8517428 | S43: 692488727 | V43: 148273779 | W43: 106710860 | X43: 769541071 | Y43: 1948894383 | Z43: 38
I44: うち繰上げ支給 | O44: 件数 | P44: 39 | Q44: 17398 | R44: 768 | S44: 94290 | V44: 12824 | W44: 3183 | X44: 76688 | Y44: 204383 | Z44: 39
O45: 金額 | P45: 40 | Q45: 3883449 | R45: 86229 | S45: 21314492 | V45: 3008078 | W45: 679102 | X45: 16133518 | Y45: 45018638 | Z45: 40
F46: 職域 | I46: 65歳以上 | O46: 件数 | P46: 41 | Q46: 507521 | R46: 29263 | S46: 1736449 | V46: 408558 | W46: 234183 | X46: 2178782 | Y46: 5065493 | Z46: 41
O47: 金額 | P47: 42 | Q47: 17153489 | R47: 686309 | S47: 63268462 | V47: 15762591 | W47: 7446603 | X47: 70679599 | Y47: 174310744 | Z47: 42
I48: 65歳未満 | O48: 件数 | P48: 43 | Q48: 62997 | R48: 5423 | S48: 435937 | V48: 143112 | W48: 47171 | X48: 456635 | Y48: 1145852 | Z48: 43
O49: 金額 | P49: 44 | Q49: 1867047 | R49: 92987 | S49: 14188871 | V49: 5030997 | W49: 1301227 | X49: 12851722 | Y49: 35239865 | Z49: 44
I50: 繰上げ支給 | O50: 件数 | P50: 45 | Q50: 12 | R50: - | S50: 77 | V50: 335 | W50: - | X50: 137 | Y50: 561 | Z50: 45
O51: 金額 | P51: 46 | Q51: 99 | R51: - | S51: 1597 | V51: 7488 | W51: - | X51: 1864 | Y51: 11048 | Z51: 46
I52: 小計 | O52: 件数 | P52: 47 | Q52: 570530 | R52: 34686 | S52: 2172463 | V52: 552005 | W52: 281354 | X52: 2635554 | Y52: 6211906 | Z52: 47
O53: 金額 | P53: 48 | Q53: 19020636 | R53: 779296 | S53: 77458929 | V53: 20801077 | W53: 8747830 | X53: 83533185 | Y53: 209561657 | Z53: 48
F54: 追加費用 | O54: 件数 | P54: 49 | Q54: 204 | R54: 120 | S54: 97 | V54: - | W54: 24 | X54: 384 | Y54: 709 | Z54: 49
O55: 金額 | P55: 50 | Q55: 36599 | R55: 21364 | S55: 8518 | V55: - | W55: 1046 | X55: 26028 | Y55: 72192 | Z55: 50
I56: うち繰上げ支給 | O56: 件数 | P56: 51 | Q56: - | R56: - | S56: - | V56: - | W56: - | X56: - | Y56: - | Z56: 51
O57: 金額 | P57: 52 | Q57: - | R57: - | S57: - | V57: - | W57: - | X57: - | Y57: - | Z57: 52
D58: 退職年金 | O58: 件数 | P58: 53 | Q58: 37344 | R58: 1000 | S58: 228397 | V58: 24439 | W58: 10199 | X58: 99675 | Y58: 400054 | Z58: 53
O59: 金額 | P59: 54 | Q59: 14287286 | R59: 136664 | S59: 78107335 | V59: 9450593 | W59: 3725785 | X59: 31147524 | Y59: 136718523 | Z59: 54
D60: 減額退職年金 | O60: 件数 | P60: 55 | Q60: 6219 | R60: 336 | S60: 22215 | V60: 1168 | W60: 1102 | X60: 18076 | Y60: 48780 | Z60: 55
O61: 金額 | P61: 56 | Q61: 1261669 | R61: 31808 | S61: 5370124 | V61: 253340 | W61: 268534 | X61: 4010536 | Y61: 11164203 | Z61: 56
D62: 通算退職年金 | O62: 件数 | P62: 57 | Q62: 950 | R62: 342 | S62: 2109 | V62: 152 | W62: 558 | X62: 11880 | Y62: 15649 | Z62: 57
O63: 金額 | P63: 58 | Q63: 93196 | R63: 10853 | S63: 249650 | V63: 24133 | W63: 90519 | X63: 1093429 | Y63: 1550928 | Z63: 58
D64: 退職一時金 | O64: 件数 | P64: 59 | Q64: - | R64: - | S64: - | V64: - | W64: - | X64: - | Y64: - | Z64: 59
O65: 金額 | P65: 60 | Q65: - | R65: - | S65: - | V65: - | W65: - | X65: - | Y65: - | Z65: 60
D66: 脱退一時金 | O66: 件数 | P66: 61 | Q66: 1 | R66: - | S66: - | V66: - | W66: - | X66: 1 | Y66: 2 | Z66: 61
O67: 金額 | P67: 62 | Q67: 271 | R67: - | S67: - | V67: - | W67: - | X67: 3222 | Y67: 3492 | Z67: 62
D68: 返還一時金 | O68: 件数 | P68: 63 | Q68: - | R68: - | S68: - | V68: 1 | W68: - | X68: - | Y68: 1 | Z68: 63
O69: 金額 | P69: 64 | Q69: - | R69: - | S69: - | V69: 324 | W69: - | X69: - | Y69: 324 | Z69: 64
X72: 単位 | Y72: 件数 件
Y73: 金額 千円
Q74: 地方職員共済組合 | S74: 公立学校共済組合 | V74: 警察共済組合 | W74: 東京都職員 共済組合 | X74: 全国市町村職員 共済組合連合会 | Y74: 合計
R75: (再掲)団体共済部
F76: 既裁定 | I76: 公務等 | O76: 件数 | P76: 65 | Q76: 356 | R76: 12 | S76: 1108 | V76: 935 | W76: 127 | X76: 1409 | Y76: 3935 | Z76: 65
C77: 障害共済年金 | O77: 金額 | P77: 66 | Q77: 130439 | R77: 1936 | S77: 419377 | V77: 280305 | W77: 52222 | X77: 536340 | Y77: 1418683 | Z77: 66
I78: 公務外 | O78: 件数 | P78: 67 | Q78: 13844 | R78: 1354 | S78: 42725 | V78: 8693 | W78: 4623 | X78: 48213 | Y78: 118098 | Z78: 67
O79: 金額 | P79: 68 | Q79: 2161740 | R79: 113812 | S79: 7831313 | V79: 1380117 | W79: 666645 | X79: 7818374 | Y79: 19858189 | Z79: 68
I80: 小計 | O80: 件数 | P80: 69 | Q80: 14200 | R80: 1366 | S80: 43833 | V80: 9628 | W80: 4750 | X80: 49622 | Y80: 122033 | Z80: 69
O81: 金額 | P81: 70 | Q81: 2292178 | R81: 115749 | S81: 8250690 | V81: 1660421 | W81: 718868 | X81: 8354715 | Y81: 21276872 | Z81: 70
F82: 職域 | I82: 公務等 | O82: 件数 | P82: 71 | Q82: 23 | R82: - | S82: 79 | V82: 72 | W82: 20 | X82: 85 | Y82: 279 | Z82: 71
O83: 金額 | P83: 72 | Q83: 3651 | R83: - | S83: 15660 | V83: 12440 | W83: 5781 | X83: 17006 | Y83: 54538 | Z83: 72
I84: 公務外 | O84: 件数 | P84: 73 | Q84: 3370 | R84: 122 | S84: 10108 | V84: 2084 | W84: 1492 | X84: 11766 | Y84: 28820 | Z84: 73
O85: 金額 | P85: 74 | Q85: 86839 | R85: 2818 | S85: 302998 | V85: 54035 | W85: 36447 | X85: 290372 | Y85: 770691 | Z85: 74
I86: 小計 | O86: 件数 | P86: 75 | Q86: 3393 | R86: 122 | S86: 10187 | V86: 2156 | W86: 1512 | X86: 11851 | Y86: 29099 | Z86: 75
O87: 金額 | P87: 76 | Q87: 90490 | R87: 2818 | S87: 318657 | V87: 66475 | W87: 42229 | X87: 307378 | Y87: 825229 | Z87: 76
F88: 追加費用 | O88: 件数 | P88: 77 | Q88: - | R88: - | S88: - | V88: - | W88: - | X88: - | Y88: - | Z88: 77
O89: 金額 | P89: 78 | Q89: - | R89: - | S89: - | V89: - | W89: - | X89: - | Y89: - | Z89: 78
C90: 障害年金 | F90: 公務上 | O90: 件数 | P90: 79 | Q90: 73 | R90: - | S90: 230 | V90: 91 | W90: 88 | X90: 255 | Y90: 737 | Z90: 79
O91: 金額 | P91: 80 | Q91: 35707 | R91: - | S91: 125835 | V91: 49784 | W91: 7425 | X91: 128799 | Y91: 347549 | Z91: 80
F92: 公務外 | O92: 件数 | P92: 81 | Q92: 1119 | R92: 86 | S92: 6731 | V92: 538 | W92: 432 | X92: 4689 | Y92: 13509 | Z92: 81
O93: 金額 | P93: 82 | Q93: 315853 | R93: 11755 | S93: 1987494 | V93: 152881 | W93: 142198 | X93: 1179366 | Y93: 3777792 | Z93: 82
F94: 小計 | O94: 件数 | P94: 83 | Q94: 1192 | R94: 86 | S94: 6961 | V94: 629 | W94: 520 | X94: 4944 | Y94: 14246 | Z94: 83
O95: 金額 | P95: 84 | Q95: 351559 | R95: 11755 | S95: 2113329 | V95: 202665 | W95: 149623 | X95: 1308165 | Y95: 4125341 | Z95: 84
D96: 障害一時金 | O96: 件数 | P96: 85 | Q96: - | R96: - | S96: - | V96: - | W96: - | X96: - | Y96: - | Z96: 85
O97: 金額 | P97: 86 | Q97: - | R97: - | S97: - | V97: - | W97: - | X97: - | Y97: - | Z97: 86
F98: 既裁定 | I98: 公務等 | O98: 件数 | P98: 87 | Q98: 1004 | R98: 6 | S98: 1623 | V98: 2214 | W98: 310 | X98: 4955 | Y98: 10106 | Z98: 87
C99: 遺族共済年金 | O99: 金額 | P99: 88 | Q99: 184006 | R99: 904 | S99: 291055 | V99: 436549 | W99: 59085 | X99: 811789 | Y99: 1782484 | Z99: 88
I100: 公務外 | O100: 件数 | P100: 89 | Q100: 338468 | R100: 23396 | S100: 710956 | V100: 222365 | W100: 116165 | X100: 934640 | Y100: 2322594 | Z100: 89
O101: 金額 | P101: 90 | Q101: 70698152 | R101: 1386562 | S101: 166759862 | V101: 51357835 | W101: 24780440 | X101: 174320511 | Y101: 487916802 | Z101: 90
I102: 小計 | O102: 件数 | P102: 91 | Q102: 339472 | R102: 23402 | S102: 712579 | V102: 224579 | W102: 116475 | X102: 939595 | Y102: 2332700 | Z102: 91
...

Sheet 6
C1: ６ 年金種類別受給権者状況調
X2: 単位 | Y2: 人員 人
Y3: 金額 千円
Q4: 地方職員共済組合 | S4: 公立学校共済組合 | V4: 警察共済組合 | W4: 東京都職員 共済組合 | X4: 全国市町村職員 共済組合連合会 | Y4: 合計
R5: (再掲)団体共済部
C6: 厚生年金保険給付 | E6: 老齢厚生年金 | J6: 65歳以上 | O6: 人員 | P6: 1 | Q6: 89643 | R6: 5769 | S6: 330955 | V6: 74199 | W6: 42564 | X6: 404973 | Y6: 942334 | Z6: 1
O7: 金額 | P7: 2 | Q7: 98988265 | R7: 4422804 | S7: 389151378 | V7: 94764469 | W7: 44003484 | X7: 425956107 | Y7: 1052863702 | Z7: 2
J8: 65歳未満 | O8: 人員 | P8: 3 | Q8: 12807 | R8: 760 | S8: 55915 | V8: 19858 | W8: 5963 | X8: 56207 | Y8: 150750 | Z8: 3
O9: 金額 | P9: 4 | Q9: 12796944 | R9: 485902 | S9: 61083826 | V9: 25278095 | W9: 6096120 | X9: 54438497 | Y9: 159693481 | Z9: 4
J10: 繰上げ支給 | O10: 人員 | P10: 5 | Q10: 2 | R10: - | S10: 14 | V10: 55 | W10: - | X10: 21 | Y10: 92 | Z10: 5
O11: 金額 | P11: 6 | Q11: 529 | R11: - | S11: 8488 | V11: 39859 | W11: - | X11: 8509 | Y11: 57385 | Z11: 6
J12: 小計 | O12: 人員 | P12: 7 | Q12: 102452 | R12: 6529 | S12: 386884 | V12: 94112 | W12: 48527 | X12: 461201 | Y12: 1093176 | Z12: 7
O13: 金額 | P13: 8 | Q13: 111785737 | R13: 4908706 | S13: 450243692 | V13: 120082423 | W13: 50099604 | X13: 480403113 | Y13: 1212614568 | Z13: 8
F14: 障害厚生年金 | O14: 人員 | P14: 9 | Q14: 1570 | R14: 83 | S14: 4866 | V14: 1374 | W14: 646 | X14: 5814 | Y14: 14270 | Z14: 9
O15: 金額 | P15: 10 | Q15: 1409652 | R15: 70894 | S15: 5010360 | V15: 1371696 | W15: 550932 | X15: 4950812 | Y15: 13293451 | Z15: 10
F16: 遺族厚生年金 | O16: 人員 | P16: 11 | Q16: 15223 | R16: 756 | S16: 31254 | V16: 11403 | W16: 6597 | X16: 59601 | Y16: 124078 | Z16: 11
O17: 金額 | P17: 12 | Q17: 16582532 | R17: 511160 | S17: 37316221 | V17: 12423895 | W17: 7110093 | X17: 59783916 | Y17: 133216656 | Z17: 12
C18: 計 | O18: 人員 | P18: 13 | Q18: 119245 | R18: 7368 | S18: 423004 | V18: 106889 | W18: 55770 | X18: 526616 | Y18: 1231524 | Z18: 13
O19: 金額 | P19: 14 | Q19: 129777921 | R19: 5490760 | S19: 492570273 | V19: 133878014 | W19: 57760629 | X19: 545137840 | Y19: 1359124676 | Z19: 14
C20: 退職等年金給付 | E20: 退職年金 | J20: 終 身 | M20: 10年以上 | O20: 人員 | P20: 15 | Q20: 23443 | R20: 1091 | S20: 86830 | V20: 19761 | W20: 9204 | X20: 95891 | Y20: 235129 | Z20: 15
O21: 金額 | P21: 16 | Q21: 115062 | R21: 6127 | S21: 434353 | V21: 88243 | W21: 47233 | X21: 446335 | Y21: 1131226 | Z21: 16
M22: 10年未満 | O22: 人員 | P22: 17 | Q22: 1563 | R22: 279 | S22: 5065 | V22: 23 | W22: 57 | X22: 2099 | Y22: 8807 | Z22: 17
O23: 金額 | P23: 18 | Q23: 4756 | R23: 725 | S23: 20628 | V23: 66 | W23: 170 | X23: 5838 | Y23: 31458 | Z23: 18
M24: 小計 | O24: 人員 | P24: 19 | Q24: 25006 | R24: 1370 | S24: 91895 | V24: 19784 | W24: 9261 | X24: 97990 | Y24: 243936 | Z24: 19
O25: 金額 | P25: 20 | Q25: 119818 | R25: 6852 | S25: 454981 | V25: 88309 | W25: 47403 | X25: 452173 | Y25: 1162684 | Z25: 20
J26: 有 期（240月） | M26: 10年以上 | O26: 人員 | P26: 21 | Q26: 4339 | R26: 177 | S26: 41481 | V26: 3032 | W26: 2761 | X26: 56808 | Y26: 108421 | Z26: 21
O27: 金額 | P27: 22 | Q27: 21424 | R27: 984 | S27: 228936 | V27: 15059 | W27: 15509 | X27: 279742 | Y27: 560669 | Z27: 22
M28: 10年未満 | O28: 人員 | P28: 23 | Q28: 253 | R28: 37 | S28: 1714 | V28: 3 | W28: 11 | X28: 959 | Y28: 2940 | Z28: 23
O29: 金額 | P29: 24 | Q29: 737 | R29: 100 | S29: 8431 | V29: 23 | W29: 45 | X29: 2701 | Y29: 11936 | Z29: 24
M30: 小計 | O30: 人員 | P30: 25 | Q30: 4592 | R30: 214 | S30: 43195 | V30: 3035 | W30: 2772 | X30: 57767 | Y30: 111361 | Z30: 25
O31: 金額 | P31: 26 | Q31: 22161 | R31: 1084 | S31: 237366 | V31: 15082 | W31: 15553 | X31: 282442 | Y31: 572604 | Z31: 26
J32: 有 期 （120月） | M32: 10年以上 | O32: 人員 | P32: 27 | Q32: 11234 | R32: 677 | S32: 35658 | V32: 11642 | W32: 5679 | X32: 25344 | Y32: 89557 | Z32: 27
O33: 金額 | P33: 28 | Q33: 129173 | R33: 8814 | S33: 418154 | V33: 126925 | W33: 68339 | X33: 301536 | Y33: 1044127 | Z33: 28
M34: 10年未満 | O34: 人員 | P34: 29 | Q34: 631 | R34: 149 | S34: 2381 | V34: 13 | W34: 35 | X34: 532 | Y34: 3592 | Z34: 29
O35: 金額 | P35: 30 | Q35: 4234 | R35: 802 | S35: 20498 | V35: 68 | W35: 233 | X35: 3061 | Y35: 28094 | Z35: 30
M36: 小計 | O36: 人員 | P36: 31 | Q36: 11865 | R36: 826 | S36: 38039 | V36: 11655 | W36: 5714 | X36: 25876 | Y36: 93149 | Z36: 31
O37: 金額 | P37: 32 | Q37: 133406 | R37: 9616 | S37: 438653 | V37: 126993 | W37: 68572 | X37: 304597 | Y37: 1072221 | Z37: 32
J38: 計 | O38: 人員 | P38: 33 | Q38: 41463 | R38: 2410 | S38: 173129 | V38: 34474 | W38: 17747 | X38: 181633 | Y38: 448446 | Z38: 33
O39: 金額 | P39: 34 | Q39: 275385 | R39: 17552 | S39: 1131000 | V39: 230384 | W39: 131528 | X39: 1039212 | Y39: 2807509 | Z39: 34
F40: 公務障害年金 | O40: 人員 | P40: 35 | Q40: 2 | R40: - | S40: 21 | V40: 12 | W40: 1 | X40: 27 | Y40: 63 | Z40: 35
O41: 金額 | P41: 36 | Q41: 2556 | R41: - | S41: 36256 | V41: 22966 | W41: 1024 | X41: 50075 | Y41: 112876 | Z41: 36
F42: 公務遺族年金 | O42: 人員 | P42: 37 | Q42: 22 | R42: - | S42: 32 | V42: 52 | W42: 2 | X42: 76 | Y42: 184 | Z42: 37
O43: 金額 | P43: 38 | Q43: 8450 | R43: - | S43: 12868 | V43: 21333 | W43: 759 | X43: 37114 | Y43: 80523 | Z43: 38
C44: 計 | O44: 人員 | P44: 39 | Q44: 41487 | R44: 2410 | S44: 173182 | V44: 34538 | W44: 17750 | X44: 181736 | Y44: 448693 | Z44: 39
O45: 金額 | P45: 40 | Q45: 286391 | R45: 17552 | S45: 1180124 | V45: 274683 | W45: 133311 | X45: 1126401 | Y45: 3000909 | Z45: 40
C46: 退職共済年金 | E46: 既裁定 | J46: 20年以上 | O46: 人員 | P46: 41 | Q46: 128372 | R46: 4783 | S46: 367385 | V46: 78051 | W46: 63269 | X46: 463809 | Y46: 1100886 | Z46: 41
O47: 金額 | P47: 42 | Q47: 219709031 | R47: 7738608 | S47: 665110520 | V47: 140066871 | W47: 101577959 | X47: 721399695 | Y47: 1847864076 | Z47: 42
J48: 20年未満 | O48: 人員 | P48: 43 | Q48: 18688 | R48: 2295 | S48: 39616 | V48: 9181 | W48: 8373 | X48: 87920 | Y48: 163778 | Z48: 43
O49: 金額 | P49: 44 | Q49: 4470387 | R49: 591521 | S49: 9857713 | V49: 1866401 | W49: 2094129 | X49: 23575264 | Y49: 41863893 | Z49: 44
J50: 繰上げ支給 | O50: 人員 | P50: 45 | Q50: 2774 | R50: 59 | S50: 15611 | V50: 2062 | W50: 511 | X50: 12432 | Y50: 33390 | Z50: 45
O51: 金額 | P51: 46 | Q51: 3861902 | R51: 80176 | S51: 21820208 | V51: 2916068 | W51: 660830 | X51: 15935297 | Y51: 45194305 | Z51: 46
J52: 小計 | O52: 人員 | P52: 47 | Q52: 149834 | R52: 7137 | S52: 422612 | V52: 89294 | W52: 72153 | X52: 564161 | Y52: 1298054 | Z52: 47
O53: 金額 | P53: 48 | Q53: 228041320 | R53: 8410305 | S53: 696788440 | V53: 144849340 | W53: 104332918 | X53: 760910255 | Y53: 1934922274 | Z53: 48
X56: 単位 | Y56: 人員 人
Y57: 金額 千円
Q58: 地方職員共済組合 | S58: 公立学校共済組合 | V58: 警察共済組合 | W58: 東京都職員 共済組合 | X58: 全国市町村職員 共済組合連合会 | Y58: 合計
R59: (再掲)団体共済部
C60: 退職共済年金 | E60: 職域 | G60: 65 歳 以 上 | J60: 20年以上 | O60: 人員 | P60: 49 | Q60: 67781 | R60: 2920 | S60: 262821 | V60: 60572 | W60: 30647 | X60: 307449 | Y60: 729270 | Z60: 49
O61: 金額 | P61: 50 | Q61: 17146133 | R61: 710965 | S61: 69417768 | V61: 16575273 | W61: 7724578 | X61: 74532006 | Y61: 185395757 | Z61: 50
J62: 20年未満 | O62: 人員 | P62: 51 | Q62: 18838 | R62: 2471 | S62: 61408 | V62: 11904 | W62: 11273 | X62: 86541 | Y62: 189964 | Z62: 51
O63: 金額 | P63: 52 | Q63: 372192 | R63: 41998 | S63: 1112371 | V63: 265348 | W63: 210905 | X63: 1724328 | Y63: 3685144 | Z63: 52
J64: 繰上げ支給 | O64: 人員 | P64: 53 | Q64: 2 | R64: - | S64: 14 | V64: 55 | W64: - | X64: 21 | Y64: 92 | Z64: 53
O65: 金額 | P65: 54 | Q65: 99 | R65: - | S65: 1723 | V65: 7379 | W65: - | X65: 1641 | Y65: 10841 | Z65: 54
J66: 小計 | O66: 人員 | P66: 55 | Q66: 86621 | R66: 5391 | S66: 324243 | V66: 72531 | W66: 41920 | X66: 394011 | Y66: 919326 | Z66: 55
O67: 金額 | P67: 56 | Q67: 17518423 | R67: 752963 | S67: 70531861 | V67: 16847999 | W67: 7935483 | X67: 76257976 | Y67: 189091743 | Z67: 56
G68: 65 歳 未 満 | J68: 20年以上 | O68: 人員 | P68: 57 | Q68: 9376 | R68: 315 | S68: 44195 | V68: 17787 | W68: 4314 | X68: 41782 | Y68: 117454 | Z68: 57
O69: 金額 | P69: 58 | Q69: 2073751 | R69: 69790 | S69: 10460113 | V69: 4219763 | W69: 957036 | X69: 8936649 | Y69: 26647312 | Z69: 58
J70: 20年未満 | O70: 人員 | P70: 59 | Q70: 2906 | R70: 387 | S70: 10115 | V70: 1650 | W70: 1557 | X70: 12604 | Y70: 28832 | Z70: 59
O71: 金額 | P71: 60 | Q71: 56929 | R71: 6183 | S71: 163485 | V71: 25062 | W71: 33691 | X71: 259996 | Y71: 539164 | Z71: 60
J72: 繰上げ支給 | O72: 人員 | P72: 61 | Q72: - | R72: - | S72: - | V72: - | W72: - | X72: - | Y72: - | Z72: 61
O73: 金額 | P73: 62 | Q73: - | R73: - | S73: - | V73: - | W73: - | X73: - | Y73: - | Z73: 62
J74: 小計 | O74: 人員 | P74: 63 | Q74: 12282 | R74: 702 | S74: 54310 | V74: 19437 | W74: 5871 | X74: 54386 | Y74: 146286 | Z74: 63
O75: 金額 | P75: 64 | Q75: 2130681 | R75: 75973 | S75: 10623598 | V75: 4244825 | W75: 990727 | X75: 9196645 | Y75: 27186476 | Z75: 64
E76: 計 | O76: 人員 | P76: 65 | Q76: 98903 | R76: 6093 | S76: 378553 | V76: 91968 | W76: 47791 | X76: 448397 | Y76: 1065612 | Z76: 65
O77: 金額 | P77: 66 | Q77: 19649104 | R77: 828936 | S77: 81155459 | V77: 21092824 | W77: 8926210 | X77: 85454621 | Y77: 216278219 | Z77: 66
E78: 追加費用 | J78: 20年以上 | O78: 人員 | P78: 67 | Q78: 27 | R78: 17 | S78: 1 | V78: - | W78: - | X78: 10 | Y78: 38 | Z78: 67
O79: 金額 | P79: 68 | Q79: 35568 | R79: 20735 | S79: 1482 | V79: - | W79: - | X79: 13391 | Y79: 50441 | Z79: 68
J80: 20年未満 | O80: 人員 | P80: 69 | Q80: 7 | R80: 3 | S80: 16 | V80: - | W80: 4 | X80: 53 | Y80: 80 | Z80: 69
O81: 金額 | P81: 70 | Q81: 1006 | R81: 614 | S81: 7062 | V81: - | W81: 1046 | X81: 12286 | Y81: 21400 | Z81: 70
J82: 繰上げ支給 | O82: 人員 | P82: 71 | Q82: - | R82: - | S82: - | V82: - | W82: - | X82: - | Y82: - | Z82: 71
O83: 金額 | P83: 72 | Q83: - | R83: - | S83: - | V83: - | W83: - | X83: - | Y83: - | Z83: 72
J84: 小計 | O84: 人員 | P84: 73 | Q84: 34 | R84: 20 | S84: 17 | V84: - | W84: 4 | X84: 63 | Y84: 118 | Z84: 73
O85: 金額 | P85: 74 | Q85: 36574 | R85: 21349 | S85: 8544 | V85: - | W85: 1046 | X85: 25677 | Y85: 71840 | Z85: 74
C86: 障害共済年金 | E86: 既裁定 | J86: 公務等 | O86: 人員 | P86: 75 | Q86: 75 | R86: 4 | S86: 235 | V86: 198 | W86: 27 | X86: 271 | Y86: 806 | Z86: 75
O87: 金額 | P87: 76 | Q87: 202973 | R87: 6408 | S87: 652889 | V87: 548880 | W87: 81854 | X87: 793901 | Y87: 2280497 | Z87: 76
J88: 公務外 | O88: 人員 | P88: 77 | Q88: 4249 | R88: 224 | S88: 14810 | V88: 2975 | W88: 1522 | X88: 15852 | Y88: 39408 | Z88: 77
O89: 金額 | P89: 78 | Q89: 4335808 | R89: 222107 | S89: 16714137 | V89: 3370925 | W89: 1493084 | X89: 15749921 | Y89: 41663875 | Z89: 78
J90: 計 | O90: 人員 | P90: 79 | Q90: 4324 | R90: 228 | S90: 15045 | V90: 3173 | W90: 1549 | X90: 16123 | Y90: 40214 | Z90: 79
O91: 金額 | P91: 80 | Q91: 4538781 | R91: 228515 | S91: 17367026 | V91: 3919805 | W91: 1574938 | X91: 16543822 | Y91: 43944372 | Z91: 80
E92: 職域 | J92: 公務等 | O92: 人員 | P92: 81 | Q92: 6 | R92: - | S92: 17 | V92: 26 | W92: 4 | X92: 26 | Y92: 79 | Z92: 81
O93: 金額 | P93: 82 | Q93: 10416 | R93: - | S93: 28204 | V93: 39164 | W93: 6392 | X93: 51742 | Y93: 135918 | Z93: 82
J94: 公務外 | O94: 人員 | P94: 83 | Q94: 977 | R94: 39 | S94: 3029 | V94: 777 | W94: 429 | X94: 3512 | Y94: 8724 | Z94: 83
O95: 金額 | P95: 84 | Q95: 144762 | R95: 5474 | S95: 532842 | V95: 129433 | W95: 62184 | X95: 506302 | Y95: 1375523 | Z95: 84
J96: 計 | O96: 人員 | P96: 85 | Q96: 983 | R96: 39 | S96: 3046 | V96: 803 | W96: 433 | X96: 3538 | Y96: 8803 | Z96: 85
O97: 金額 | P97: 86 | Q97: 155178 | R97: 5474 | S97: 561046 | V97: 168597 | W97: 68576 | X97: 558044 | Y97: 1511441 | Z97: 86
F98: 追加費用 | O98: 人員 | P98: 87 | Q98: - | R98: - | S98: - | V98: - | W98: - | X98: - | Y98: - | Z98: 87
O99: 金額 | P99: 88 | Q99: - | R99: - | S99: - | V99: - | W99: - | X99: - | Y99: - | Z99: 88
X102: 単位 | Y102: 人員 人
Y103: 金額 千円
Q104: 地方職員共済組合 | S104: 公立学校共済組合 | V104: 警察共済組合 | W104: 東京都職員 共済組合 | X104: 全国市町村職員 共済組合連合会 | Y104: 合計
...

Sheet 7
C1: ７ 短期経理貸借対照表
Y2: （単位 千円）
P4: 地方職員共済組合 | Q4: 公立学校共済組合 | R4: 警察共済組合 | S4: 東京都職員 共済組合 | V4: 全国市町村職員 共済組合連合会 | W4: 指定都市職員 共済組合 | X4: 市町村職員 共済組合 | Y4: 都市職員 共済組合 | Z4: 合計
C6: 借方 | F6: 流動資産 | J6: 現金 | O6: 1 | P6: - | Q6: - | R6: - | S6: - | V6: - | W6: - | X6: - | Y6: - | Z6: - | AA6: 1
J7: 当座預金 | O7: 2 | P7: - | Q7: - | R7: - | S7: - | V7: - | W7: 7134 | X7: - | Y7: - | Z7: 7134 | AA7: 2
J8: 普通預金 | O8: 3 | P8: 6737834 | Q8: 138696260 | R8: 16670329 | S8: 13111908 | V8: 13305838 | W8: 17162510 | X8: 77249715 | Y8: 5003292 | Z8: 287937686 | AA8: 3
J9: 通知預金 | O9: 4 | P9: - | Q9: - | R9: - | S9: - | V9: - | W9: - | X9: 965000 | Y9: - | Z9: 965000 | AA9: 4
J10: 定期預金 | O10: 5 | P10: 95620000 | Q10: 100000000 | R10: - | S10: 38000000 | V10: 16210000 | W10: 3900000 | X10: 68460015 | Y10: 4500000 | Z10: 326690015 | AA10: 5
J11: 金銭信託 | O11: 6 | P11: - | Q11: - | R11: 37800000 | S11: - | V11: - | W11: 2300633 | X11: 11802497 | Y11: - | Z11: 51903130 | AA11: 6
J12: 有価証券 | O12: 7 | P12: - | Q12: - | R12: - | S12: - | V12: - | W12: 898740 | X12: 8048056 | Y12: 350000 | Z12: 9296796 | AA12: 7
J13: 貸付信託 | O13: 8 | P13: - | Q13: - | R13: - | S13: - | V13: - | W13: - | X13: - | Y13: - | Z13: - | AA13: 8
J14: 短期運用有価証券 | O14: 9 | P14: - | Q14: - | R14: - | S14: - | V14: - | W14: - | X14: - | Y14: - | Z14: - | AA14: 9
J15: 証券投資信託 | O15: 10 | P15: - | Q15: - | R15: - | S15: - | V15: - | W15: - | X15: - | Y15: - | Z15: - | AA15: 10
J16: 立替金 | O16: 11 | P16: 97 | Q16: 2989 | R16: 8925 | S16: - | V16: - | W16: 168 | X16: - | Y16: - | Z16: 12178 | AA16: 11
J17: 仮払金 | O17: 12 | P17: - | Q17: - | R17: - | S17: - | V17: - | W17: - | X17: 18 | Y17: 0 | Z17: 18 | AA17: 12
J18: 未収収益 | O18: 13 | P18: 3187 | Q18: 723 | R18: 1635 | S18: 22206 | V18: 9185 | W18: 909 | X18: 16292 | Y18: 337 | Z18: 54475 | AA18: 13
J19: 短期貸付金 | O19: 14 | P19: - | Q19: - | R19: 7875000 | S19: - | V19: - | W19: - | X19: - | Y19: - | Z19: 7875000 | AA19: 14
J20: 未収金 | O20: 15 | P20: 26996 | Q20: 476618 | R20: 4667220 | S20: 1033282 | V20: - | W20: 148534 | X20: 932096 | Y20: 657 | Z20: 7285404 | AA20: 15
J21: 支払基金委託金 | O21: 16 | P21: 924083 | Q21: 3307262 | R21: 1002975 | S21: 380570 | V21: - | W21: 562615 | X21: 3043529 | Y21: 185671 | Z21: 9406705 | AA21: 16
J22: 未達回送金 | O22: 17 | P22: - | Q22: - | R22: - | S22: - | V22: - | W22: 522000 | X22: 344 | Y22: - | Z22: 522344 | AA22: 17
F23: 固定資産 | J23: 金銭信託 | O23: 18 | P23: - | Q23: - | R23: - | S23: - | V23: - | W23: - | X23: - | Y23: - | Z23: - | AA23: 18
J24: 投資有価証券 | O24: 19 | P24: - | Q24: - | R24: - | S24: - | V24: 19698945 | W24: - | X24: - | Y24: - | Z24: 19698945 | AA24: 19
J25: 加入金 | O25: 20 | P25: - | Q25: - | R25: - | S25: - | V25: - | W25: 100 | X25: - | Y25: - | Z25: 100 | AA25: 20
G26: 合計 | O26: 21 | P26: 103312197 | Q26: 242483852 | R26: 68026085 | S26: 52547966 | V26: 49223968 | W26: 25503343 | X26: 170517561 | Y26: 10039956 | Z26: 721654929 | AA26: 21
D27: 令和３年度合計 | O27: 22 | P27: 97030134 | Q27: 267266681 | R27: 82223217 | S27: 54126381 | V27: 52220228 | W27: 28145696 | X27: 166017510 | Y27: 9147934 | Z27: 756177781 | AA27: 22
D28: 令和２年度合計 | O28: 23 | P28: 98301075 | Q28: 299962950 | R28: 85994140 | S28: 56104218 | V28: 53937490 | W28: 31941540 | X28: 176149026 | Y28: 8790208 | Z28: 811180648 | AA28: 23
C30: 貸方 | F30: 流動負債 | J30: 短期借入金 | O30: 1 | P30: - | Q30: - | R30: - | S30: - | V30: - | W30: - | X30: - | Y30: - | Z30: - | AA30: 1
J31: 未払金 | O31: 2 | P31: 124877 | Q31: 643019 | R31: 4894387 | S31: 706095 | V31: - | W31: 488433 | X31: 7820801 | Y31: 459285 | Z31: 15136898 | AA31: 2
J32: 未払費用 | O32: 3 | P32: 8929390 | Q32: - | R32: 1 | S32: - | V32: - | W32: 3084 | X32: 1748513 | Y32: - | Z32: 10680988 | AA32: 3
J33: 預り金 | O33: 4 | P33: 22160 | Q33: 5856318 | R33: 2784 | S33: - | V33: 18867 | W33: 848 | X33: 8311 | Y33: 197 | Z33: 5909485 | AA33: 4
J34: 前受収益 | O34: 5 | P34: 1134369 | Q34: - | R34: 180308 | S34: 110699 | V34: - | W34: 139828 | X34: 1328533 | Y34: 51872 | Z34: 2945608 | AA34: 5
J35: 仮受金 | O35: 6 | P35: - | Q35: 1913 | R35: - | S35: - | V35: - | W35: 1312 | X35: 5151 | Y35: - | Z35: 8376 | AA35: 6
F36: 固定負債 | J36: 長期借入金 | O36: 7 | P36: - | Q36: - | R36: - | S36: - | V36: - | W36: - | X36: - | Y36: - | Z36: - | AA36: 7
J37: 支払準備金 | O37: 8 | P37: 17383927 | Q37: 56804479 | R37: 16617034 | S37: 7350161 | V37: - | W37: 9125037 | X37: 51622086 | Y37: 2837941 | Z37: 161740666 | AA37: 8
F38: 剰余金 （欠損金） | J38: 資本剰余金 | O38: 9 | P38: - | Q38: - | R38: - | S38: - | V38: - | W38: - | X38: - | Y38: - | Z38: - | AA38: 9
J39: 災害給付積立金 | O39: 10 | P39: - | Q39: - | R39: - | S39: - | V39: 25484268 | W39: - | X39: - | Y39: - | Z39: 25484268 | AA39: 10
I40: 利益剰余金又は欠損金 | M40: 欠損金補てん 積立金 | O40: 11 | P40: 9448525 | Q40: 28876621 | R40: 9202721 | S40: 3910977 | V40: - | W40: 3743388 | X40: 25671876 | Y40: 1094282 | Z40: 81948390 | AA40: 11
O41: 12 | P41: 66035190 | Q41: 146759053 | R41: 38197026 | S41: 40508733 | V41: 23720833 | W41: 11492511 | X41: 80618469 | Y41: 5456165 | Z41: 412787980 | AA41: 12
O42: 13 | P42: 233759 | Q42: 3542449 | R42: -1068174 | S42: -38699 | V42: - | W42: 508901 | X42: 1693821 | Y42: 140215 | Z42: 5012272 | AA42: 13
G43: 合計 | O43: 14 | P43: 103312197 | Q43: 242483852 | R43: 68026085 | S43: 52547966 | V43: 49223968 | W43: 25503343 | X43: 170517561 | Y43: 10039956 | Z43: 721654929 | AA43: 14
D44: 令和３年度合計 | O44: 15 | P44: 97030134 | Q44: 267266681 | R44: 82223217 | S44: 54126381 | V44: 52220228 | W44: 28145696 | X44: 166017510 | Y44: 9147934 | Z44: 756177781 | AA44: 15
D45: 令和２年度合計 | O45: 16 | P45: 98301075 | Q45: 299962950 | R45: 85994140 | S45: 56104218 | V45: 53937490 | W45: 31941540 | X45: 176149026 | Y45: 8790208 | Z45: 811180648 | AA45: 16

Sheet 8
C1: ８ 短期経理損益計算書
V2: （単位 千円）
M4: 地方職員共済組合 | N4: 公立学校共済組合 | O4: 警察共済組合 | R4: 東京都職員 共済組合 | S4: 全国市町村職員 共済組合連合会 | T4: 指定都市職員 共済組合 | U4: 市町村職員 共済組合 | V4: 都市職員 共済組合 | W4: 合計
C6: 借方 | F6: 経常費用 | J6: 保健給付 | L6: 1 | M6: 91172874 | N6: 272531381 | O6: 90625826 | R6: 36511877 | S6: - | T6: 52766547 | U6: 299001832 | V6: 16471650 | W6: 859081987 | X6: 1
J7: 直営保健給付 | L7: 2 | M7: 147912 | N7: 677279 | O7: 114976 | R7: 37891 | S7: - | T7: - | U7: - | V7: - | W7: 978058 | X7: 2
J8: 休業給付 | L8: 3 | M8: 11971073 | N8: 59466625 | O8: 6542420 | R8: 6579311 | S8: - | T8: 6618208 | U8: 39177314 | V8: 2661679 | W8: 133016630 | X8: 3
J9: 災害給付 | L9: 4 | M9: 36430 | N9: 114762 | O9: 60429 | R9: 5290 | S9: - | T9: 3120 | U9: 118691 | V9: 940 | W9: 339662 | X9: 4
J10: 附加給付 | L10: 5 | M10: 975271 | N10: 3499458 | O10: 1363850 | R10: 480858 | S10: - | T10: 430192 | U10: 1906071 | V10: 116172 | W10: 8771872 | X10: 5
J11: 老人保健拠出金 | L11: 6 | M11: - | N11: - | O11: - | R11: - | S11: - | T11: - | U11: - | V11: - | W11: - | X11: 6
J12: 退職者給付拠出金 | K12: 1 | L12: 7 | M12: 1319 | N12: 4280 | O12: 1362 | R12: 562 | S12: - | T12: 716 | U12: 3740 | V12: 212 | W12: 12190 | X12: 7
J13: 前期高齢者納付金 | K13: 2 | L13: 8 | M13: 35365364 | N13: 142156408 | O13: 27168191 | R13: 7811608 | S13: - | T13: 15594622 | U13: 114876730 | V13: 4212702 | W13: 347185625 | X13: 8
J14: 後期高齢者支援金 | K14: 3 | L14: 9 | M14: 46264180 | N14: 146208928 | O14: 45440681 | R14: 20370396 | S14: - | T14: 25004373 | U14: 135608342 | V14: 7825175 | W14: 426722076 | X14: 9
J15: 病床転換支援金 | K15: 4 | L15: 10 | M15: 124 | N15: 373 | O15: 139 | R15: 43 | S15: - | T15: 64 | U15: 373 | V15: 21 | W15: 1137 | X15: 10
J16: 介護納付金 | K16: 5 | L16: 11 | M16: 25523172 | N16: 73662667 | O16: 21550454 | R16: 10479333 | S16: - | T16: 14022354 | U16: 72863878 | V16: 3981539 | W16: 222083398 | X16: 11
J17: 一部負担金返還金 | K17: 6 | L17: 12 | M17: 1154 | N17: 401 | O17: - | R17: - | S17: - | T17: - | U17: 375 | V17: - | W17: 1929 | X17: 12
J18: 一部負担金払戻金 | K18: 7 | L18: 13 | M18: 1235058 | N18: 4536970 | O18: 994701 | R18: 485742 | S18: - | T18: 689548 | U18: 3800176 | V18: 225502 | W18: 11967697 | X18: 13
J19: 短期任意継続掛金還付金 | K19: 8 | L19: 14 | M19: 114352 | N19: 719152 | O19: 77203 | R19: 31350 | S19: - | T19: 39492 | U19: 272805 | V19: 14002 | W19: 1268357 | X19: 14
J20: 介護任意継続掛金還付金 | K20: 9 | L20: 15 | M20: 16562 | N20: 105985 | O20: 14087 | R20: 5159 | S20: - | T20: 5251 | U20: 39494 | V20: 1832 | W20: 188371 | X20: 15
J21: 連合会払込金 | K21: 10 | L21: 16 | M21: - | N21: - | O21: - | R21: - | S21: - | T21: 1535167 | U21: 8327149 | V21: 476353 | W21: 10338669 | X21: 16
J22: 連合会拠出金 | K22: 11 | L22: 17 | M22: - | N22: - | O22: - | R22: - | S22: - | T22: 5739430 | U22: 31347500 | V22: 1800855 | W22: 38887785 | X22: 17
J23: 連合会返還金 | K23: 12 | L23: 18 | M23: - | N23: - | O23: - | R23: - | S23: - | T23: - | U23: 1365788 | V23: 414038 | W23: 1779826 | X23: 18
J24: 組合交付金 | K24: 13 | L24: 19 | M24: - | N24: - | O24: - | R24: - | S24: 42403820 | T24: - | U24: - | V24: - | W24: 42403820 | X24: 19
J25: 共同事業費 | K25: 14 | L25: 20 | M25: - | N25: - | O25: - | R25: - | S25: 69513 | T25: - | U25: - | V25: - | W25: 69513 | X25: 20
J26: 調整交付金 | K26: 15 | L26: 21 | M26: - | N26: - | O26: - | R26: - | S26: 769130 | T26: - | U26: - | V26: - | W26: 769130 | X26: 21
J27: 高額医療交付金 | K27: 16 | L27: 22 | M27: - | N27: - | O27: - | R27: - | S27: 8736360 | T27: - | U27: - | V27: - | W27: 8736360 | X27: 22
J28: 特別調整交付金 | K28: 17 | L28: 23 | M28: - | N28: - | O28: - | R28: - | S28: 2057306 | T28: - | U28: - | V28: - | W28: 2057306 | X28: 23
J29: 特別保健福祉事業費 | K29: 18 | L29: 24 | M29: - | N29: - | O29: - | R29: - | S29: - | T29: - | U29: - | V29: - | W29: - | X29: 24
J30: 信託等売買手数料 | K30: 19 | L30: 25 | M30: - | N30: - | O30: - | R30: - | S30: - | T30: - | U30: - | V30: - | W30: - | X30: 25
J31: 雑費 | K31: 20 | L31: 26 | M31: - | N31: 29 | O31: - | R31: - | S31: - | T31: - | U31: - | V31: - | W31: 29 | X31: 26
J32: 支払利息 | K32: 21 | L32: 27 | M32: - | N32: - | O32: - | R32: - | S32: 1 | T32: - | U32: - | V32: - | W32: 1 | X32: 27
J33: 有価証券売却損 | K33: 22 | L33: 28 | M33: - | N33: - | O33: - | R33: - | S33: - | T33: - | U33: - | V33: - | W33: - | X33: 28
J34: 有価証券評価損 | K34: 23 | L34: 29 | M34: - | N34: - | O34: - | R34: - | S34: - | T34: - | U34: - | V34: - | W34: - | X34: 29
J35: 償還差損 | K35: 24 | L35: 30 | M35: - | N35: - | O35: - | R35: - | S35: - | T35: - | U35: - | V35: - | W35: - | X35: 30
J36: 承継差損 | K36: 25 | L36: 31 | M36: - | N36: - | O36: - | R36: - | S36: - | T36: - | U36: - | V36: - | W36: - | X36: 31
J37: 雑損 | K37: 26 | L37: 32 | M37: - | N37: - | O37: - | R37: - | S37: - | T37: - | U37: - | V37: - | W37: - | X37: 32
G38: 繰入金 | J38: 業務経理へ繰入 | K38: 27 | L38: 33 | M38: 505458 | N38: 1316370 | O38: 528070 | R38: 249655 | S38: - | T38: 242962 | U38: 1733238 | V38: 88547 | W38: 4664300 | X38: 33
J39: 保健経理へ繰入 | K39: 28 | L39: 34 | M39: - | N39: - | O39: - | R39: - | S39: - | T39: - | U39: - | V39: - | W39: - | X39: 34
J40: 保健給付経理へ繰入 | K40: 29 | L40: 35 | M40: - | N40: - | O40: - | R40: - | S40: - | T40: - | U40: - | V40: - | W40: - | X40: 35
G41: 次年度繰越 支払準備金 | J41: 次年度繰越支払準備金 | K41: 30 | L41: 36 | M41: 17383927 | N41: 56804479 | O41: 16617034 | R41: 7350161 | S41: - | T41: 9125037 | U41: 51622086 | V41: 2837941 | W41: 161740666 | X41: 36
G42: 特別損失 | J42: 前期損益修正損 | K42: 31 | L42: 37 | M42: 11080 | N42: 125820 | O42: 52285 | R42: 8110 | S42: - | T42: 4592 | U42: 9052 | V42: 491 | W42: 211430 | X42: 37
G43: 当期利益金 | J43: 当期短期利益金 | K43: 32 | L43: 38 | M43: 4478518 | N43: - | O43: - | R43: - | S43: 1737922 | T43: 1333095 | U43: 6882797 | V43: 866050 | W43: 15298382 | X43: 38
J44: 当期介護利益金 | K44: 33 | L44: 39 | M44: 170469 | N44: 4839016 | O44: 2257652 | R44: 152211 | S44: - | T44: 371608 | U44: 1428901 | V44: 41437 | W44: 9261294 | X44: 39
G45: 合 計 | K45: 34 | L45: 40 | M45: 235374296 | N45: 766770385 | O45: 213409362 | R45: 90559557 | S45: 55774053 | T45: 133526379 | U45: 770386332 | V45: 42037137 | W45: 2307837501 | X45: 40
D46: 令和３年度合計 | K46: 35 | L46: 41 | M46: 223082228 | N46: 733324951 | O46: 192949553 | R46: 84403080 | S46: 51916682 | T46: 127018503 | U46: 729105006 | V46: 39662883 | W46: 2181462885 | X46: 41
D47: 令和２年度合計 | K47: 36 | L47: 42 | M47: 219803403 | N47: 696347113 | O47: 187343322 | R47: 86114005 | S47: 50519639 | T47: 122205778 | U47: 698945326 | V47: 39006957 | W47: 2100285544 | X47: 42
V50: （単位 千円）
M52: 地方職員共済組合 | N52: 公立学校共済組合 | O52: 警察共済組合 | R52: 東京都職員 共済組合 | S52: 全国市町村職員 共済組合連合会 | T52: 指定都市職員 共済組合 | U52: 市町村職員 共済組合 | V52: 都市職員 共済組合 | W52: 合計
C54: 貸方 | F54: 経常収益 | J54: 短期負担金 | L54: 1 | M54: 96231182 | N54: 299345833 | O54: 76052637 | R54: 34985666 | S54: - | T54: 49194949 | U54: 295731386 | V54: 16023115 | W54: 867564766 | X54: 1
J55: 介護負担金 | L55: 2 | M55: 12759563 | N55: 38657677 | O55: 11849100 | R55: 5281289 | S55: - | T55: 7130697 | U55: 36777956 | V55: 1996562 | W55: 114452845 | X55: 2
J56: 短期掛金 | L56: 3 | M56: 96383239 | N56: 298796499 | O56: 75998951 | R56: 34961446 | S56: - | T56: 49103274 | U56: 292666055 | V56: 15846559 | W56: 863756024 | X56: 3
J57: 介護掛金 | L57: 4 | M57: 12747837 | N57: 38655676 | O57: 11850654 | R57: 5286544 | S57: - | T57: 7131483 | U57: 36778071 | V57: 1996542 | W57: 114446807 | X57: 4
J58: 短期任意継続掛金 | L58: 5 | M58: 1379128 | N58: 8328071 | O58: 541788 | R58: 565897 | S58: - | T58: 659038 | U58: 4235249 | V58: 180993 | W58: 15890164 | X58: 5
J59: 介護任意継続掛金 | L59: 6 | M59: 202804 | N59: 1290882 | O59: 107038 | R59: 68870 | S59: - | T59: 96643 | U59: 607790 | V59: 24352 | W59: 2398380 | X59: 6
J60: 前期高齢者交付金 | L60: 7 | M60: - | N60: - | O60: - | R60: - | S60: - | T60: - | U60: - | V60: - | W60: - | X60: 7
J61: 組合払込金 | L61: 8 | M61: - | N61: - | O61: - | R61: - | S61: 1541902 | T61: - | U61: - | V61: - | W61: 1541902 | X61: 8
J62: 組合拠出金 | L62: 9 | M62: - | N62: - | O62: - | R62: - | S62: 47671775 | T62: - | U62: - | V62: - | W62: 47671775 | X62: 9
J63: 返還金 | L63: 10 | M63: - | N63: - | O63: - | R63: - | S63: 1779826 | T63: - | U63: - | V63: - | W63: 1779826 | X63: 10
J64: 雑収入 | L64: 11 | M64: 76644 | N64: 243324 | O64: 77732 | R64: 31913 | S64: - | T64: 66900 | U64: 226421 | V64: 12036 | W64: 734971 | X64: 11
J65: 連合会交付金 | L65: 12 | M65: - | N65: - | O65: - | R65: - | S65: - | T65: 128 | U65: 69177 | V65: 208 | W65: 69513 | X65: 12
J66: 調整交付金 | L66: 13 | M66: - | N66: - | O66: - | R66: - | S66: - | T66: 21103 | U66: 641287 | V66: 106740 | W66: 769130 | X66: 13
J67: 特別調整交付金 | L67: 14 | M67: - | N67: - | O67: - | R67: - | S67: - | T67: - | U67: 2009807 | V67: 47499 | W67: 2057306 | X67: 14
J68: 高額医療交付金 | L68: 15 | M68: - | N68: - | O68: - | R68: - | S68: - | T68: 1464608 | U68: 6891709 | V68: 380043 | W68: 8736360 | X68: 15
J69: 災害給付交付金 | L69: 16 | M69: - | N69: - | O69: - | R69: - | S69: - | T69: 3120 | U69: 119961 | V69: 940 | W69: 124021 | X69: 16
J70: 育児・介護休業手当金交付金 | L70: 17 | M70: - | N70: - | O70: - | R70: - | S70: - | T70: 5754179 | U70: 34157266 | V70: 2447316 | W70: 42358761 | X70: 17
J71: 調整負担金 | L71: 18 | M71: - | N71: - | O71: - | R71: - | S71: - | T71: 119380 | U71: 651833 | V71: 37524 | W71: 808737 | X71: 18
J72: 補助金 | L72: 19 | M72: 8526 | N72: 1331113 | O72: 4618966 | R72: - | S72: - | T72: 49771 | U72: 3877120 | V72: 124415 | W72: 10009911 | X72: 19
J73: 短期利息及び短期配当金 | L73: 20 | M73: 5675 | N73: 4000 | O73: 35273 | R73: 24406 | S73: 50493 | T73: 7020 | U73: 98091 | V73: 2798 | W73: 227756 | X73: 20
J74: 介護利息 | L74: 21 | M74: 0 | N74: - | O74: - | R74: - | S74: - | T74: - | U74: 1254 | V74: 0 | W74: 1255 | X74: 21
J75: 有価証券売却益 | L75: 22 | M75: - | N75: - | O75: - | R75: - | S75: - | T75: - | U75: 4774 | V75: - | W75: 4774 | X75: 22
J76: 有価証券評価益 | L76: 23 | M76: - | N76: - | O76: - | R76: - | S76: - | T76: - | U76: - | V76: - | W76: - | X76: 23
J77: 償還差益 | L77: 24 | M77: - | N77: - | O77: - | R77: - | S77: 410 | T77: - | U77: - | V77: - | W77: 410 | X77: 24
J78: 承継差益 | L78: 25 | M78: - | N78: - | O78: - | R78: - | S78: - | T78: - | U78: - | V78: - | W78: - | X78: 25
J79: 賠償金 | L79: 26 | M79: 65423 | N79: 136806 | O79: 62176 | R79: 24669 | S79: - | T79: 19609 | U79: 219522 | V79: 6372 | W79: 534578 | X79: 26
J80: 雑益 | L80: 27 | M80: - | N80: - | O80: - | R80: - | S80: - | T80: - | U80: 406 | V80: - | W80: 406 | X80: 27
G81: 前年度繰越 支払準備金 | J81: 前年度繰越支払準備金 | L81: 28 | M81: 15499707 | N81: 52340766 | O81: 15199238 | R81: 6343404 | S81: - | T81: 8109312 | U81: 43991386 | V81: 2439499 | W81: 143923312 | X81: 28
G82: 特別利益 | J82: 前期損益修正益 | L82: 29 | M82: 14569 | N82: 110356 | O82: 132846 | R82: 170242 | S82: - | T82: 49941 | U82: 130595 | V82: 1173 | W82: 609721 | X82: 29
G83: 当期損失金 | J83: 当期短期損失金 | L83: 30 | M83: - | N83: 27529382 | O83: 16882964 | R83: 2815211 | S83: 4729647 | T83: 4504819 | U83: 10331962 | V83: 355079 | W83: 67149064 | X83: 30
J84: 当期介護損失金 | L84: 31 | M84: - | N84: - | O84: - | R84: - | S84: - | T84: 40403 | U84: 167253 | V84: 7372 | W84: 215028 | X84: 31
G85: 合計 | L85: 32 | M85: 235374296 | N85: 766770385 | O85: 213409362 | R85: 90559557 | S85: 55774053 | T85: 133526379 | U85: 770386332 | V85: 42037137 | W85: 2307837501 | X85: 32
D86: 令和３年度合計 | L86: 33 | M86: 223082228 | N86: 733324951 | O86: 192949553 | R86: 84403080 | S86: 51916682 | T86: 127018503 | U86: 729105006 | V86: 39662883 | W86: 2181462885 | X86: 33
D87: 令和２年度合計 | L87: 34 | M87: 219803403 | N87: 696347113 | O87: 187343322 | R87: 86114005 | S87: 50519639 | T87: 122205778 | U87: 698945326 | V87: 39006957 | W87: 2100285544 | X87: 34

Sheet 9
C1: ９ 厚生年金保険経理貸借対照表
T2: （単位 千円）
L4: 地方公務員 共済組合連合会 | M4: 地方職員共済組合 | Q4: 公立学校共済組合 | R4: 警察共済組合 | S4: 東京都職員 共済組合 | T4: 全国市町村職員 共済組合連合会 | U4: 合計
N5: (再掲)団体共済部
C6: 借 方 | E6: 流 動 資 産 | I6: 現金 | K6: 1 | L6: - | M6: - | N6: - | Q6: - | R6: - | S6: - | T6: - | U6: - | V6: 1
I7: 当座預金 | K7: 2 | L7: - | M7: - | N7: - | Q7: - | R7: - | S7: - | T7: - | U7: - | V7: 2
I8: 普通預金 | K8: 3 | L8: 1198931 | M8: 15395448 | N8: 1355638 | Q8: 154205780 | R8: 91659180 | S8: 40397989 | T8: 123114628 | U8: 425971956 | V8: 3
I9: 通知預金 | K9: 4 | L9: - | M9: - | N9: - | Q9: - | R9: - | S9: - | T9: - | U9: - | V9: 4
I10: 定期預金 | K10: 5 | L10: - | M10: 104600000 | N10: - | Q10: - | R10: 18000000 | S10: - | T10: 201840000 | U10: 324440000 | V10: 5
I11: 保管有価証券 | K11: 6 | L11: - | M11: - | N11: - | Q11: - | R11: - | S11: - | T11: - | U11: - | V11: 6
I12: 証券投資信託 | K12: 7 | L12: - | M12: - | N12: - | Q12: - | R12: - | S12: - | T12: - | U12: - | V12: 7
I13: 立替金 | K13: 8 | L13: - | M13: - | N13: - | Q13: - | R13: - | S13: - | T13: - | U13: - | V13: 8
I14: 仮払金 | K14: 9 | L14: - | M14: - | N14: - | Q14: - | R14: - | S14: - | T14: - | U14: - | V14: 9
I15: 前渡金 | K15: 10 | L15: - | M15: - | N15: - | Q15: - | R15: - | S15: - | T15: - | U15: - | V15: 10
I16: 未収収益 | K16: 11 | L16: 526454385 | M16: 2751268 | N16: 2750922 | Q16: 114978951 | R16: 61726716 | S16: 11941376 | T16: 229850566 | U16: 947703262 | V16: 11
I17: 短期貸付金 | K17: 12 | L17: - | M17: - | N17: - | Q17: - | R17: - | S17: - | T17: - | U17: - | V17: 12
I18: 未収金 | K18: 13 | L18: - | M18: 383486 | N18: 3917 | Q18: 2052010 | R18: 296960 | S18: 3740545 | T18: 95994476 | U18: 102467477 | V18: 13
I19: 未達回送金 | K19: 14 | L19: - | M19: - | N19: - | Q19: - | R19: - | S19: - | T19: - | U19: - | V19: 14
E20: 固 定 資 産 | I20: 信託 | K20: 15 | L20: 11254787108 | M20: 2900000 | N20: 2900000 | Q20: 1818936160 | R20: 1344418729 | S20: 160224268 | T20: 4587542283 | U20: 19168808547 | V20: 15
I21: 投資有価証券 | K21: 16 | L21: - | M21: - | N21: - | Q21: - | R21: - | S21: - | T21: - | U21: - | V21: 16
I22: 生命保険 | K22: 17 | L22: - | M22: - | N22: - | Q22: - | R22: - | S22: - | T22: - | U22: - | V22: 17
I23: 投資不動産 | K23: 18 | L23: - | M23: - | N23: - | Q23: - | R23: - | S23: - | T23: - | U23: - | V23: 18
I24: 長期貸付金 | K24: 19 | L24: - | M24: - | N24: - | Q24: - | R24: - | S24: - | T24: - | U24: - | V24: 19
I25: 預託金 | K25: 20 | L25: - | M25: - | N25: - | Q25: - | R25: - | S25: - | T25: - | U25: - | V25: 20
I26: 連合会預託金 | K26: 21 | L26: - | M26: 78306489 | N26: 78306489 | Q26: - | R26: - | S26: - | T26: - | U26: 78306489 | V26: 21
I27: 構成組合預託金 | K27: 22 | L27: - | M27: - | N27: - | Q27: - | R27: - | S27: - | T27: - | U27: - | V27: 22
F28: 合計 | K28: 23 | L28: 11782440424 | M28: 204336690 | N28: 85316966 | Q28: 2090172900 | R28: 1516101585 | S28: 216304179 | T28: 5238341953 | U28: 21047697731 | V28: 23
D29: 令和３年度合計 | K29: 24 | L29: 11291142605 | M29: 181990609 | N29: 83684360 | Q29: 2165874837 | R29: 1441915485 | S29: 211821321 | T29: 5145130758 | U29: 20437875616 | V29: 24
D30: 令和２年度合計 | K30: 25 | L30: 10750028129 | M30: 173940829 | N30: 83021719 | Q30: 2110870300 | R30: 1375626880 | S30: 215667342 | T30: 5008939686 | U30: 19635073166 | V30: 25
C32: 貸 方 | F32: 流動負債 | I32: 未払消費税 | K32: 1 | L32: - | M32: - | N32: - | Q32: - | R32: - | S32: - | T32: - | U32: - | V32: 1
I33: 未払金 | K33: 2 | L33: - | M33: 972819 | N33: 27520 | Q33: 3089917 | R33: 745414 | S33: 363534 | T33: 2626842 | U33: 7798527 | V33: 2
I34: 未払費用 | K34: 3 | L34: - | M34: - | N34: - | Q34: - | R34: - | S34: 862069 | T34: - | U34: 862069 | V34: 3
I35: 前受金 | K35: 4 | L35: - | M35: - | N35: - | Q35: - | R35: - | S35: - | T35: - | U35: - | V35: 4
I36: 預り金 | K36: 5 | L36: - | M36: 29001 | N36: 19911 | Q36: 34250 | R36: 667059 | S36: 74 | T36: 1516 | U36: 731901 | V36: 5
I37: 受入保証金 | K37: 6 | L37: - | M37: - | N37: - | Q37: - | R37: - | S37: - | T37: - | U37: - | V37: 6
I38: 厚生年金拠出金負担金充当金 | K38: 7 | L38: - | M38: - | N38: - | Q38: - | R38: - | S38: - | T38: - | U38: - | V38: 7
I39: 基礎年金拠出金 負担金充当金 | K39: 8 | L39: - | M39: - | N39: - | Q39: - | R39: - | S39: - | T39: - | U39: - | V39: 8
I40: 前受収益 | K40: 9 | L40: - | M40: - | N40: - | Q40: - | R40: - | S40: - | T40: - | U40: - | V40: 9
I41: 仮受金 | K41: 10 | L41: - | M41: - | N41: - | Q41: 543335 | R41: - | S41: - | T41: - | U41: 543335 | V41: 10
I42: 預り有価証券 | K42: 11 | L42: - | M42: - | N42: - | Q42: - | R42: - | S42: - | T42: - | U42: - | V42: 11
F43: 剰余金 （欠損金） | I43: 資本剰余金 | K43: 12 | L43: - | M43: - | N43: - | Q43: - | R43: - | S43: - | T43: - | U43: - | V43: 12
I44: 厚生年金保険給付 調整積立金 | K44: 13 | L44: 11782440424 | M44: - | N44: - | Q44: - | R44: - | S44: - | T44: - | U44: 11782440424 | V44: 13
I45: 厚生年金保険給付 組合積立金 | K45: 14 | L45: - | M45: 203334870 | N45: 85269535 | Q45: 2086505397 | R45: 1514689111 | S45: 215078501 | T45: 5235713595 | U45: 9255321474 | V45: 14
I46: 利益剰余金又は欠損金 | K46: 15 | L46: - | M46: - | N46: - | Q46: - | R46: - | S46: - | T46: - | U46: - | V46: 15
F47: 合計 | K47: 16 | L47: 11782440424 | M47: 204336690 | N47: 85316966 | Q47: 2090172900 | R47: 1516101585 | S47: 216304179 | T47: 5238341953 | U47: 21047697731 | V47: 16
C48: 0 | D48: 令和３年度合計 | K48: 17 | L48: 11291142605 | M48: 181990609 | N48: 83684360 | Q48: 2165874837 | R48: 1441915485 | S48: 211821321 | T48: 5145130758 | U48: 20437875616 | V48: 17
C49: 0 | D49: 令和２年度合計 | K49: 18 | L49: 10750028129 | M49: 173940829 | N49: 83021719 | Q49: 2110870300 | R49: 1375626880 | S49: 215667342 | T49: 5008939686 | U49: 19635073166 | V49: 18

Sheet 10
C1: １０ 厚生年金保険経理損益計算書
U2: （単位 千円）
M4: 地方公務員 共済組合連合会 | N4: 地方職員共済組合 | R4: 公立学校共済組合 | S4: 警察共済組合 | T4: 東京都職員 共済組合 | U4: 全国市町村職員 共済組合連合会 | V4: 合計
O5: (再掲)団体共済部
C6: 借方 | F6: 経 常 費 用 | J6: 老齢厚生給付 | L6: 1 | M6: - | N6: 103729295 | O6: 4547566 | R6: 432767830 | S6: 113836017 | T6: 47411206 | U6: 459979093 | V6: 1157723440 | W6: 1
J7: 退職共済給付 | L7: 2 | M7: - | N7: 215085058 | O7: 7561205 | R7: 675886224 | S7: 137310475 | T7: 96138797 | U7: 699403449 | V7: 1823824003 | W7: 2
J8: 障害厚生給付 | L8: 3 | M8: - | N8: 1279869 | O8: 70029 | R8: 4266714 | S8: 1075251 | T8: 440358 | U8: 4554688 | V8: 11616880 | W8: 3
J9: 障害共済給付 | L9: 4 | M9: - | N9: 2106916 | O9: 106605 | R9: 8406481 | S9: 1301092 | T9: 691108 | U9: 7656975 | V9: 20162573 | W9: 4
J10: 遺族厚生給付 | L10: 5 | M10: - | N10: 11200472 | O10: 369418 | R10: 20054141 | S10: 9857717 | T10: 4712816 | U10: 39021080 | V10: 84846227 | W10: 5
J11: 遺族共済給付 | L11: 6 | M11: - | N11: 91974376 | O11: 1809841 | R11: 222485495 | S11: 66337899 | T11: 32109495 | U11: 220285754 | V11: 633193019 | W11: 6
J12: 短期在留脱退一時金 | L12: 7 | M12: - | N12: 4828 | O12: 3155 | R12: 15430 | S12: - | T12: - | U12: - | V12: 20258 | W12: 7
J13: 連合会交付金返還金 | L13: 8 | M13: - | N13: - | O13: - | R13: - | S13: - | T13: - | U13: - | V13: - | W13: 8
J14: 連合会払込金 | L14: 9 | M14: - | N14: 1483015 | O14: 1014545 | R14: 7646884 | S14: 28903322 | T14: 737608 | U14: 52106986 | V14: 90877815 | W14: 9
J15: 移換金 | L15: 10 | M15: - | N15: - | O15: - | R15: - | S15: - | T15: - | U15: - | V15: - | W15: 10
J16: 消費税 | L16: 11 | M16: - | N16: - | O16: - | R16: - | S16: - | T16: - | U16: - | V16: - | W16: 11
J17: 負担金 | L17: 12 | M17: - | N17: 9598 | O17: - | R17: 30175 | S17: 10100 | T17: - | U17: - | V17: 49873 | W17: 12
J18: 厚生年金拠出金 | L18: 13 | M18: 3116999957 | N18: - | O18: - | R18: - | S18: - | T18: - | U18: - | V18: 3116999957 | W18: 13
J19: 厚生年金交付金支払金 | L19: 14 | M19: 3410306908 | N19: - | O19: - | R19: - | S19: - | T19: - | U19: - | V19: 3410306908 | W19: 14
J20: 厚生年金拠出金負担金 | L20: 15 | M20: 160510068 | N20: 315844251 | O20: 13034596 | R20: 1053383213 | S20: 291973182 | T20: 136959494 | U20: 1158329749 | V20: 3116999957 | W20: 15
J21: 基礎年金拠出金負担金 | L21: 16 | M21: - | N21: 164156315 | O21: 6696850 | R21: 559882005 | S21: 164419742 | T21: 67493826 | U21: 561724694 | V21: 1517676582 | W21: 16
J22: 基礎年金拠出金 | L22: 17 | M22: 1517676582 | N22: - | O22: - | R22: - | S22: - | T22: - | U22: - | V22: 1517676582 | W22: 17
J23: 基礎年金交付金支払金 | L23: 18 | M23: 45299146 | N23: - | O23: - | R23: - | S23: - | T23: - | U23: - | V23: 45299146 | W23: 18
J24: 財政調整拠出金 | L24: 19 | M24: - | N24: - | O24: - | R24: - | S24: - | T24: - | U24: - | V24: - | W24: 19
J25: 組合払込金返還金 | L25: 20 | M25: 592964 | N25: - | O25: - | R25: - | S25: - | T25: - | U25: - | V25: 592964 | W25: 20
J26: 組合交付金 | L26: 21 | M26: 19720000 | N26: - | O26: - | R26: - | S26: - | T26: - | U26: - | V26: 19720000 | W26: 21
J27: 信託の運用損 | L27: 22 | M27: - | N27: - | O27: - | R27: 5135656 | S27: 2520911 | T27: 862069 | U27: 14781632 | V27: 23300269 | W27: 22
J28: 有価証券売却損 | L28: 23 | M28: - | N28: - | O28: - | R28: - | S28: - | T28: - | U28: - | V28: - | W28: 23
J29: 有価証券評価損 | L29: 24 | M29: - | N29: - | O29: - | R29: - | S29: - | T29: - | U29: - | V29: - | W29: 24
J30: 償還差損 | L30: 25 | M30: - | N30: - | O30: - | R30: - | S30: - | T30: - | U30: - | V30: - | W30: 25
J31: 承継差損 | L31: 26 | M31: - | N31: - | O31: - | R31: - | S31: - | T31: - | U31: - | V31: - | W31: 26
J32: 信託等売買手数料 | L32: 27 | M32: - | N32: - | O32: - | R32: - | S32: - | T32: - | U32: - | V32: - | W32: 27
J33: 未収返還金償却額 | L33: 28 | M33: - | N33: 97 | O33: - | R33: 2497 | S33: 180 | T33: - | U33: 232843 | V33: 235617 | W33: 28
J34: 雑費 | L34: 29 | M34: - | N34: 467 | O34: - | R34: 216 | S34: 284647 | T34: - | U34: 1106 | V34: 286436 | W34: 29
G35: 繰入金 | J35: 業務経理へ繰入 | L35: 30 | M35: 2159548 | N35: 693647 | O35: 210012 | R35: 1082110 | S35: 527170 | T35: 363881 | U35: 2703274 | V35: 7529631 | W35: 30
G36: 次年度繰越 厚生年金拠出金 負担金充当金 | J36: 次年度繰越 厚生年金拠出金 負担金充当金 | L36: 31 | M36: - | N36: - | O36: - | R36: - | S36: - | T36: - | U36: - | V36: - | W36: 31
G37: 次年度繰越 厚生年金保険給付 組合積立金 | J37: 次年度繰越 厚生年金保険給付 組合積立金 | L37: 32 | M37: - | N37: 203334870 | O37: 85269535 | R37: 2086505397 | S37: 1514689111 | T37: 215078501 | U37: 5235713595 | V37: 9255321474 | W37: 32
G38: 次年度繰越 基礎年金拠出金 負担金充当金 | J38: 次年度繰越 基礎年金拠出金 負担金充当金 | L38: 33 | M38: - | N38: - | O38: - | R38: - | S38: - | T38: - | U38: - | V38: - | W38: 33
G39: 特別損失 | J39: 前期損益修正損 | L39: 34 | M39: - | N39: - | O39: - | R39: 251063 | S39: 1565526 | T39: 14588 | U39: 1181 | V39: 1832357 | W39: 34
J40: 固定資産売却損 | L40: 35 | M40: - | N40: - | O40: - | R40: - | S40: - | T40: - | U40: - | V40: - | W40: 35
J41: 固定資産除却損 | L41: 36 | M41: - | N41: - | O41: - | R41: - | S41: - | T41: - | U41: - | V41: - | W41: 36
J42: 固定資産評価損 | L42: 37 | M42: - | N42: - | O42: - | R42: - | S42: - | T42: - | U42: - | V42: - | W42: 37
G43: 当期利益金 | J43: 当期利益金 | L43: 38 | M43: 491297819 | N43: - | O43: - | R43: - | S43: - | T43: - | U43: - | V43: 491297819 | W43: 38
G44: 合計 | L44: 39 | M44: 8764562991 | N44: 1110903074 | O44: 120693358 | R44: 5077801533 | S44: 2334612342 | T44: 603013748 | U44: 8456496098 | V44: 26347389787 | W44: 39
D45: 令和３年度合計 | L45: 40 | M45: 9130582468 | N45: 1120807096 | O45: 119894831 | R45: 5147190020 | S45: 2297467980 | T45: 616577548 | U45: 8458732694 | V45: 26771357805 | W45: 40
D46: 令和２年度合計 | L46: 41 | M46: 8554372637 | N46: 1096923327 | O46: 117276200 | R46: 4994865575 | S46: 2182377089 | T46: 611135310 | U46: 8190349130 | V46: 25630023068 | W46: 41
U49: （単位 千円）
M51: 地方公務員 共済組合連合会 | N51: 地方職員共済組合 | R51: 公立学校共済組合 | S51: 警察共済組合 | T51: 東京都職員 共済組合 | U51: 全国市町村職員 共済組合連合会 | V51: 合計
O52: (再掲)団体共済部
C53: 貸方 | F53: 経 常 収 益 | J53: 負担金 | L53: 1 | M53: - | N53: 323346686 | O53: 12240008 | R53: 978944386 | S53: 320429364 | T53: 128336757 | U53: 1044294662 | V53: 2795351854 | W53: 1
J54: 組合員保険料 | L54: 2 | M54: - | N54: 193013138 | O54: 7860631 | R54: 579007298 | S54: 194411650 | T54: 79488125 | U54: 663788508 | V54: 1709708719 | W54: 2
J55: 退職一時金等返還金 | L55: 3 | M55: - | N55: 142268 | O55: 17154 | R55: 315562 | S55: 177571 | T55: 89604 | U55: 678283 | V55: 1403289 | W55: 3
J56: 連合会払込金返還金 | L56: 4 | M56: - | N56: - | O56: - | R56: - | S56: - | T56: - | U56: - | V56: - | W56: 4
J57: 移換金 | L57: 5 | M57: - | N57: - | O57: - | R57: 192 | S57: - | T57: - | U57: - | V57: 192 | W57: 5
J58: 厚生年金交付金 （連合会交付金） | L58: 6 | M58: - | N58: 385802884 | O58: 13697932 | R58: 1217955640 | S58: 292259313 | T58: 170104751 | U58: 1344184320 | V58: 3410306908 | W58: 6
J60: 厚生年金拠出金負担金 | L60: 7 | M60: 3116999957 | N60: - | O60: - | R60: - | S60: - | T60: - | U60: - | V60: 3116999957 | W60: 7
J61: 厚生年金交付金 | L61: 8 | M61: 3410306908 | N61: - | O61: - | R61: - | S61: - | T61: - | U61: - | V61: 3410306908 | W61: 8
J62: 基礎年金交付金 （連合会交付金） | L62: 9 | M62: - | N62: 4849022 | O62: 199445 | R62: 17065940 | S62: 4826953 | T62: 1986865 | U62: 16512430 | V62: 45241211 | W62: 9
J64: 基礎年金拠出金負担金 | L64: 10 | M64: 1517676582 | N64: - | O64: - | R64: - | S64: - | T64: - | U64: - | V64: 1517676582 | W64: 10
J65: 基礎年金交付金 | L65: 11 | M65: 45299146 | N65: - | O65: - | R65: - | S65: - | T65: - | U65: - | V65: 45299146 | W65: 11
J66: 財政調整拠出金受入金 | L66: 12 | M66: 52312714 | N66: - | O66: - | R66: - | S66: - | T66: - | U66: - | V66: 52312714 | W66: 12
J67: 組合払込金 | L67: 13 | M67: 91470779 | N67: - | O67: - | R67: - | S67: - | T67: - | U67: - | V67: 91470779 | W67: 13
J68: 組合交付金返還金 | L68: 14 | M68: - | N68: - | O68: - | R68: - | S68: - | T68: - | U68: - | V68: - | W68: 14
J69: 雑収入 | L69: 15 | M69: - | N69: 372 | O69: - | R69: 24 | S69: 48530 | T69: - | U69: 18513 | V69: 67440 | W69: 15
J70: 連合会交付金 | L70: 16 | M70: - | N70: 19720000 | O70: - | R70: - | S70: - | T70: - | U70: - | V70: 19720000 | W70: 16
J71: 補助金 | L71: 17 | M71: - | N71: - | O71: - | R71: - | S71: - | T71: - | U71: - | V71: - | W71: 17
J72: 利息及び配当金 | L72: 18 | M72: - | N72: 3042223 | O72: 3040650 | R72: 2027 | S72: 450 | T72: - | U72: 9059 | V72: 3053759 | W72: 18
J73: 信託の運用益 | L73: 19 | M73: 530496906 | N73: 830 | O73: 830 | R73: 122167355 | S73: 81709494 | T73: 11941376 | U73: 244631588 | V73: 990947548 | W73: 19
J74: 有価証券売却益 | L74: 20 | M74: - | N74: - | O74: - | R74: - | S74: - | T74: - | U74: - | V74: - | W74: 20
J75: 有価証券評価益 | L75: 21 | M75: - | N75: - | O75: - | R75: - | S75: - | T75: - | U75: - | V75: - | W75: 21
J76: 償還差益 | L76: 22 | M76: - | N76: - | O76: - | R76: - | S76: - | T76: - | U76: - | V76: - | W76: 22
J77: 承継差益 | L77: 23 | M77: - | N77: - | O77: - | R77: - | S77: - | T77: - | U77: - | V77: - | W77: 23
J78: 賠償金 | L78: 24 | M78: - | N78: - | O78: - | R78: - | S78: - | T78: - | U78: 4606 | V78: 4606 | W78: 24
J79: 雑益 | L79: 25 | M79: - | N79: - | O79: - | R79: - | S79: 0 | T79: - | U79: - | V79: 0 | W79: 25
G80: 前年度繰越 厚生年金拠出金 負担金充当金 | J80: 前年度繰越 厚生年金拠出金 負担金充当金 | L80: 26 | M80: - | N80: - | O80: - | R80: - | S80: - | T80: - | U80: - | V80: - | W80: 26
G81: 前年度繰越 厚生年金保険給付 組合積立金 | J81: 前年度繰越 厚生年金保険給付 組合積立金 | L81: 27 | M81: - | N81: 180985566 | O81: 83636708 | R81: 2162098353 | S81: 1440728381 | T81: 211055206 | U81: 5142372898 | V81: 9137240404 | W81: 27
G82: 前年度繰越 基礎年金拠出金 負担金充当金 | J82: 前年度繰越基礎年金拠出金負担金充当金 | L82: 28 | M82: - | N82: - | O82: - | R82: - | S82: - | T82: - | U82: - | V82: - | W82: 28
G83: 特別利益 | J83: 前期損益修正益 | L83: 29 | M83: - | N83: 85 | O83: - | R83: 244757 | S83: 20635 | T83: 11064 | U83: 1231 | V83: 277772 | W83: 29
J84: 固定資産売却益 | L84: 30 | M84: - | N84: - | O84: - | R84: - | S84: - | T84: - | U84: - | V84: - | W84: 30
J85: 固定資産評価益 | L85: 31 | M85: - | N85: - | O85: - | R85: - | S85: - | T85: - | U85: - | V85: - | W85: 31
G86: 当期損失金 | J86: 当期損失金 | L86: 32 | M86: - | N86: - | O86: - | R86: - | S86: - | T86: - | U86: - | V86: - | W86: 32
G87: 合計 | L87: 33 | M87: 8764562991 | N87: 1110903074 | O87: 120693358 | R87: 5077801533 | S87: 2334612342 | T87: 603013748 | U87: 8456496098 | V87: 26347389787 | W87: 33
D88: 令和３年度合計 | L88: 34 | M88: 9130582468 | N88: 1120807096 | O88: 119894831 | R88: 5147190020 | S88: 2297467980 | T88: 616577548 | U88: 8458732694 | V88: 26771357805 | W88: 34
D89: 令和２年度合計 | L89: 35 | M89: 8554372637 | N89: 1096923327 | O89: 117276200 | R89: 4994865575 | S89: 2182377089 | T89: 611135310 | U89: 8190349130 | V89: 25630023068 | W89: 35
D91: ２.前年度繰越厚生年金保険給付組合積立金は、改正前地共済法の長期経理より承継したものである。

Sheet 11
C1: １１ 退職等年金経理貸借対照表
U2: （単位 千円）
M4: 地方公務員 共済組合連合会 | N4: 地方職員共済組合 | R4: 公立学校共済組合 | S4: 警察共済組合 | T4: 東京都職員 共済組合 | U4: 全国市町村職員 共済組合連合会 | V4: 合計
O5: (再掲)団体共済部
C6: 借 方 | G6: 流 動 資 産 | J6: 現金 | L6: 1 | M6: - | N6: - | O6: - | R6: - | S6: - | T6: - | U6: - | V6: - | W6: 1
J7: 当座預金 | L7: 2 | M7: - | N7: - | O7: - | R7: - | S7: - | T7: - | U7: - | V7: - | W7: 2
J8: 普通預金 | L8: 3 | M8: 122666 | N8: 458249 | O8: 74043 | R8: 6223470 | S8: 4734897 | T8: 1711812 | U8: 758962 | V8: 14010055 | W8: 3
J9: 通知預金 | L9: 4 | M9: - | N9: - | O9: - | R9: - | S9: - | T9: - | U9: - | V9: - | W9: 4
J10: 定期預金 | L10: 5 | M10: - | N10: 4980000 | O10: 180000 | R10: - | S10: - | T10: - | U10: - | V10: 4980000 | W10: 5
J11: 保管有価証券 | L11: 6 | M11: - | N11: - | O11: - | R11: - | S11: - | T11: - | U11: - | V11: - | W11: 6
J12: 立替金 | L12: 7 | M12: - | N12: - | O12: - | R12: - | S12: - | T12: - | U12: - | V12: - | W12: 7
J13: 仮払金 | L13: 8 | M13: - | N13: - | O13: - | R13: - | S13: - | T13: - | U13: - | V13: - | W13: 8
J14: 前渡金 | L14: 9 | M14: - | N14: - | O14: - | R14: - | S14: - | T14: - | U14: - | V14: - | W14: 9
J15: 未収収益 | L15: 10 | M15: 341813 | N15: 687810 | O15: 25198 | R15: 2355677 | S15: 755771 | T15: 309389 | U15: 2452967 | V15: 6903428 | W15: 10
J16: 短期貸付金 | L16: 11 | M16: - | N16: - | O16: - | R16: - | S16: - | T16: - | U16: - | V16: - | W16: 11
J17: 未収金 | L17: 12 | M17: - | N17: 2451 | O17: - | R17: 45341 | S17: 29238 | T17: 122866 | U17: 6303425 | V17: 6503320 | W17: 12
J18: 未達回送金 | L18: 13 | M18: - | N18: - | O18: - | R18: - | S18: - | T18: - | U18: - | V18: - | W18: 13
G19: 固 定 資 産 | J19: 信託 | L19: 14 | M19: 102795813 | N19: 201565531 | O19: 7249434 | R19: 669151088 | S19: 195893967 | T19: 88763046 | U19: 708164979 | V19: 1966334424 | W19: 14
J20: 投資有価証券 | L20: 15 | M20: - | N20: 3608220 | O20: - | R20: - | S20: - | T20: - | U20: - | V20: 3608220 | W20: 15
J21: 生命保険 | L21: 16 | M21: - | N21: - | O21: - | R21: - | S21: - | T21: - | U21: - | V21: - | W21: 16
J22: 投資不動産 | L22: 17 | M22: - | N22: 321285 | O22: - | R22: - | S22: 26536640 | T22: - | U22: - | V22: 26857925 | W22: 17
J23: 長期貸付金 | L23: 18 | M23: - | N23: 10962604 | O23: 1140001 | R23: 2300000 | S23: - | T23: - | U23: - | V23: 13262604 | W23: 18
J24: 預託金 | L24: 19 | M24: - | N24: - | O24: - | R24: - | S24: - | T24: - | U24: - | V24: - | W24: 19
J25: 連合会預託金 | L25: 20 | M25: - | N25: - | O25: - | R25: - | S25: - | T25: - | U25: - | V25: - | W25: 20
J26: 構成組合預託金 | L26: 21 | M26: - | N26: - | O26: - | R26: - | S26: - | T26: - | U26: 50786199 | V26: 50786199 | W26: 21
G27: 合計 | L27: 22 | M27: 103260292 | N27: 222586150 | O27: 8668675 | R27: 680075576 | S27: 227950513 | T27: 90907113 | U27: 768466532 | V27: 2093246176 | W27: 22
D28: 令和３年度合計 | L28: 23 | M28: 89614694 | N28: 192669769 | O28: 7446408 | R28: 589784110 | S28: 197254588 | T28: 78577658 | U28: 664563649 | V28: 1812464468 | W28: 23
D29: 令和２年度合計 | L29: 24 | M29: 75728568 | N29: 162728945 | O29: 6238721 | R29: 495840266 | S29: 166800413 | T29: 66431884 | U29: 560873911 | V29: 1528403988 | W29: 24
C31: 貸 方 | G31: 流動負債 | J31: 未払消費税 | L31: 1 | M31: - | N31: - | O31: - | R31: - | S31: - | T31: - | U31: - | V31: - | W31: 1
J32: 未払金 | L32: 2 | M32: - | N32: 256 | O32: - | R32: 39648 | S32: 13824 | T32: - | U32: 228 | V32: 53956 | W32: 2
J33: 未払費用 | L33: 3 | M33: - | N33: 6969 | O33: - | R33: - | S33: - | T33: - | U33: - | V33: 6969 | W33: 3
J34: 前受金 | L34: 4 | M34: - | N34: - | O34: - | R34: - | S34: - | T34: - | U34: - | V34: - | W34: 4
J35: 預り金 | L35: 5 | M35: - | N35: 2347 | O35: 280 | R35: 283913 | S35: 998 | T35: 2 | U35: 1546 | V35: 288806 | W35: 5
J36: 受入保証金 | L36: 6 | M36: - | N36: - | O36: - | R36: - | S36: - | T36: - | U36: - | V36: - | W36: 6
J37: 前受収益 | L37: 7 | M37: - | N37: - | O37: - | R37: - | S37: - | T37: - | U37: - | V37: - | W37: 7
J38: 仮受金 | L38: 8 | M38: - | N38: 531 | O38: 531 | R38: 34 | S38: - | T38: - | U38: - | V38: 565 | W38: 8
J39: 預り有価証券 | L39: 9 | M39: - | N39: - | O39: - | R39: - | S39: - | T39: - | U39: - | V39: - | W39: 9
F40: 剰余金 （欠損金） | J40: 資本剰余金 | L40: 10 | M40: - | N40: - | O40: - | R40: - | S40: - | T40: - | U40: - | V40: - | W40: 10
J41: 退職等年金給付 調整積立金 | L41: 11 | M41: 103260292 | N41: - | O41: - | R41: - | S41: - | T41: - | U41: - | V41: 103260292 | W41: 11
J42: 退職等年金給付 組合積立金 | L42: 12 | M42: - | N42: 222576047 | O42: 8667864 | R42: 679751981 | S42: 227935691 | T42: 90907111 | U42: 768464758 | V42: 1989635588 | W42: 12
G43: 合計 | L43: 13 | M43: 103260292 | N43: 222586150 | O43: 8668675 | R43: 680075576 | S43: 227950513 | T43: 90907113 | U43: 768466532 | V43: 2093246176 | W43: 13
D44: 令和３年度合計 | L44: 14 | M44: 89614694 | N44: 192669769 | O44: 7446408 | R44: 589784110 | S44: 197254588 | T44: 78577658 | U44: 664563649 | V44: 1812464468 | W44: 14
D45: 令和２年度合計 | L45: 15 | M45: 75728568 | N45: 162728945 | O45: 6238721 | R45: 495840266 | S45: 166800413 | T45: 66431884 | U45: 560873911 | V45: 1528403988 | W45: 15

Sheet 12
C1: １２ 退職等年金経理損益計算書
U2: （単位 千円）
M4: 地 方 公 務 員 共済組合連合会 | N4: 地方職員共済組合 | R4: 公立学校共済組合 | S4: 警察共済組合 | T4: 東京都職員 共済組合 | U4: 全国市町村職員 共済組合連合会 | V4: 合計
O5: (再掲)団体共済部
C6: 借方 | F6: 経 常 費 用 | J6: 退職等給付 | L6: 1 | M6: - | N6: 701061 | O6: 31405 | R6: 1569795 | S6: 472929 | T6: 181208 | U6: 1712819 | V6: 4637812 | W6: 1
J7: 公務障害給付 | L7: 2 | M7: - | N7: 1149 | O7: - | R7: 14176 | S7: 4645 | T7: - | U7: 16628 | V7: 36597 | W7: 2
J8: 公務遺族給付 | L8: 3 | M8: - | N8: 8817 | O8: - | R8: 14054 | S8: 15101 | T8: 1585 | U8: 40155 | V8: 79712 | W8: 3
J9: 脱退一時金 | L9: 4 | M9: - | N9: 1373 | O9: 1373 | R9: - | S9: - | T9: - | U9: 144 | V9: 1518 | W9: 4
J10: 連合会交付金返還金 | L10: 5 | M10: - | N10: - | O10: - | R10: - | S10: - | T10: - | U10: - | V10: - | W10: 5
J11: 連合会払込金 | L11: 6 | M11: - | N11: 1586303 | O11: 64812 | R11: 4765340 | S11: 1588853 | T11: 644742 | U11: 5407571 | V11: 13992809 | W11: 6
J12: 移換金 | L12: 7 | M12: - | N12: - | O12: - | R12: - | S12: - | T12: - | U12: - | V12: - | W12: 7
J13: 消費税 | L13: 8 | M13: - | N13: 0 | O13: - | R13: - | S13: - | T13: - | U13: - | V13: 0 | W13: 8
J14: 財政調整拠出金 | L14: 9 | M14: - | N14: - | O14: - | R14: - | S14: - | T14: - | U14: - | V14: - | W14: 9
J15: 組合払込金返還金 | L15: 10 | M15: - | N15: - | O15: - | R15: - | S15: - | T15: - | U15: - | V15: - | W15: 10
J16: 組合交付金 | L16: 11 | M16: - | N16: - | O16: - | R16: - | S16: - | T16: - | U16: - | V16: - | W16: 11
J17: 信託の運用損 | L17: 12 | M17: - | N17: - | O17: - | R17: - | S17: - | T17: - | U17: - | V17: - | W17: 12
J18: 有価証券売却損 | L18: 13 | M18: - | N18: - | O18: - | R18: - | S18: - | T18: - | U18: - | V18: - | W18: 13
J19: 有価証券評価損 | L19: 14 | M19: - | N19: - | O19: - | R19: - | S19: - | T19: - | U19: - | V19: - | W19: 14
J20: 償還差損 | L20: 15 | M20: - | N20: 951 | O20: - | R20: - | S20: - | T20: - | U20: - | V20: 951 | W20: 15
J21: 承継差損 | L21: 16 | M21: - | N21: - | O21: - | R21: - | S21: - | T21: - | U21: - | V21: - | W21: 16
J22: 信託等売買手数料 | L22: 17 | M22: - | N22: - | O22: - | R22: - | S22: - | T22: - | U22: - | V22: - | W22: 17
J23: 未収返還金償却額 | L23: 18 | M23: - | N23: - | O23: - | R23: - | S23: - | T23: - | U23: - | V23: - | W23: 18
J24: 雑費 | L24: 19 | M24: - | N24: 3 | O24: - | R24: 4 | S24: - | T24: - | U24: - | V24: 6 | W24: 19
G25: 繰入金 | J25: 業務経理へ繰入 | L25: 20 | M25: 689024 | N25: 285157 | O25: 12204 | R25: 714601 | S25: 210628 | T25: 180000 | U25: 900662 | V25: 2980073 | W25: 20
G26: 次年度繰越 退職等年金給付 組合積立金 | J26: 次年度繰越 退職等年金給付 組合積立金 | L26: 21 | M26: - | N26: 222576047 | O26: 8667864 | R26: 679751981 | S26: 227935691 | T26: 90907111 | U26: 768464758 | V26: 1989635588 | W26: 21
G27: 特別損失 | J27: 前期損益修正損 | L27: 22 | M27: - | N27: - | O27: - | R27: 19225 | S27: 3228 | T27: 1127 | U27: 91 | V27: 23671 | W27: 22
J28: 固定資産売却損 | L28: 23 | M28: - | N28: - | O28: - | R28: - | S28: - | T28: - | U28: - | V28: - | W28: 23
J29: 固定資産除却損 | L29: 24 | M29: - | N29: - | O29: - | R29: - | S29: - | T29: - | U29: - | V29: - | W29: 24
J30: 固定資産評価損 | L30: 25 | M30: - | N30: - | O30: - | R30: - | S30: - | T30: - | U30: - | V30: - | W30: 25
G31: 当期利益金 | J31: 当期利益金 | L31: 26 | M31: 13645598 | N31: - | O31: - | R31: - | S31: - | T31: - | U31: - | V31: 13645598 | W31: 26
G32: 合計 | L32: 27 | M32: 14334622 | N32: 225160861 | O32: 8777658 | R32: 686849176 | S32: 230231075 | T32: 91915773 | U32: 776542828 | V32: 2025034335 | W32: 27
D33: 令和３年度合計 | L33: 28 | M33: 14489440 | N33: 194919604 | O33: 7541409 | R33: 596345322 | S33: 199475600 | T33: 79506829 | U33: 672161855 | V33: 1756898650 | W33: 28
D34: 令和２年度合計 | L34: 29 | M34: 14546637 | N34: 164777203 | O34: 6320534 | R34: 501661521 | S34: 168828297 | T34: 67322696 | U34: 567955061 | V34: 1485091414 | W34: 29
C36: 貸方 | F36: 経 常 収 益 | J36: 負担金 | L36: 1 | M36: - | N36: 15840559 | O36: 647203 | R36: 47489984 | S36: 15933207 | T36: 6511050 | U36: 54508886 | V36: 140283687 | W36: 1
J37: 掛金 | L37: 2 | M37: - | N37: 15836969 | O37: 647197 | R37: 47489680 | S37: 15935411 | T37: 6517241 | U37: 54507910 | V37: 140287213 | W37: 2
J38: 連合会払込金返還金 | L38: 3 | M38: - | N38: - | O38: - | R38: - | S38: - | T38: - | U38: - | V38: - | W38: 3
J39: 移換金 | L39: 4 | M39: - | N39: - | O39: - | R39: - | S39: - | T39: - | U39: - | V39: - | W39: 4
J40: 財政調整拠出金受入金 | L40: 5 | M40: - | N40: - | O40: - | R40: - | S40: - | T40: - | U40: - | V40: - | W40: 5
J41: 組合払込金 | L41: 6 | M41: 13992809 | N41: - | O41: - | R41: - | S41: - | T41: - | U41: - | V41: 13992809 | W41: 6
J42: 組合交付金返還金 | L42: 7 | M42: - | N42: - | O42: - | R42: - | S42: - | T42: - | U42: - | V42: - | W42: 7
J43: 雑収入 | L43: 8 | M43: - | N43: 3 | O43: - | R43: - | S43: 8 | T43: - | U43: 2 | V43: 12 | W43: 8
J44: 連合会交付金 | L44: 9 | M44: - | N44: - | O44: - | R44: - | S44: - | T44: - | U44: - | V44: - | W44: 9
J45: 補助金 | L45: 10 | M45: - | N45: - | O45: - | R45: - | S45: - | T45: - | U45: - | V45: - | W45: 10
J46: 利息及び配当金 | L46: 11 | M46: - | N46: 143388 | O46: 11805 | R46: 23000 | S46: 360750 | T46: - | U46: 511410 | V46: 1038548 | W46: 11
J47: 信託の運用益 | L47: 12 | M47: 341813 | N47: 682257 | O47: 25198 | R47: 2355677 | S47: 755771 | T47: 309389 | U47: 2452962 | V47: 6897870 | W47: 12
J48: 有価証券売却益 | L48: 13 | M48: - | N48: - | O48: - | R48: - | S48: - | T48: - | U48: - | V48: - | W48: 13
J49: 有価証券評価益 | L49: 14 | M49: - | N49: - | O49: - | R49: - | S49: - | T49: - | U49: - | V49: - | W49: 14
J50: 償還差益 | L50: 15 | M50: - | N50: 120 | O50: - | R50: - | S50: - | T50: - | U50: - | V50: 120 | W50: 15
J51: 承継差益 | L51: 16 | M51: - | N51: - | O51: - | R51: - | S51: - | T51: - | U51: - | V51: - | W51: 16
J52: 賠償金 | L52: 17 | M52: - | N52: - | O52: - | R52: - | S52: - | T52: - | U52: - | V52: - | W52: 17
J53: 雑益 | L53: 18 | M53: - | N53: - | O53: - | R53: - | S53: - | T53: - | U53: - | V53: - | W53: 18
G54: 前年度繰越 退職等年金給付 組合積立金 | J54: 前年度繰越 退職等年金給付 組合積立金 | L54: 19 | M54: - | N54: 192657557 | O54: 7446255 | R54: 589474391 | S54: 197244560 | T54: 78577309 | U54: 664561616 | V54: 1722515434 | W54: 19
G55: 特別利益 | J55: 前期損益修正益 | L55: 20 | M55: - | N55: 7 | O55: - | R55: 16443 | S55: 1368 | T55: 783 | U55: 42 | V55: 18643 | W55: 20
J56: 固定資産売却益 | L56: 21 | M56: - | N56: - | O56: - | R56: - | S56: - | T56: - | U56: - | V56: - | W56: 21
J57: 固定資産評価益 | L57: 22 | M57: - | N57: - | O57: - | R57: - | S57: - | T57: - | U57: - | V57: - | W57: 22
G58: 当期損失金 | J58: 当期損失金 | L58: 23 | M58: - | N58: - | O58: - | R58: - | S58: - | T58: - | U58: - | V58: - | W58: 23
G59: 合計 | L59: 24 | M59: 14334622 | N59: 225160861 | O59: 8777658 | R59: 686849176 | S59: 230231075 | T59: 91915773 | U59: 776542828 | V59: 2025034335 | W59: 24
D60: 令和３年度合計 | L60: 25 | M60: 14489440 | N60: 194919604 | O60: 7541409 | R60: 596345322 | S60: 199475600 | T60: 79506829 | U60: 672161855 | V60: 1756898650 | W60: 25
D61: 令和２年度合計 | L61: 26 | M61: 14546637 | N61: 164777203 | O61: 6320534 | R61: 501661521 | S61: 168828297 | T61: 67322696 | U61: 567955061 | V61: 1485091414 | W61: 26

Sheet 13
C1: １３ 経過的長期経理貸借対照表
U2: （単位 千円）
M4: 地方公務員 共済組合連合会 | N4: 地方職員共済組合 | R4: 公立学校共済組合 | S4: 警察共済組合 | T4: 東京都職員 共済組合 | U4: 全国市町村職員 共済組合連合会 | V4: 合計
O5: (再掲)団体共済部
C6: 借 方 | F6: 流 動 資 産 | J6: 現金 | L6: 1 | M6: - | N6: - | O6: - | R6: - | S6: - | T6: - | U6: - | V6: - | W6: 1
J7: 当座預金 | L7: 2 | M7: - | N7: - | O7: - | R7: - | S7: - | T7: - | U7: - | V7: - | W7: 2
J8: 普通預金 | L8: 3 | M8: 5043482 | N8: 358197 | O8: 70300 | R8: 15487781 | S8: 1893697 | T8: 466682 | U8: 54135005 | V8: 77384843 | W8: 3
J9: 通知預金 | L9: 4 | M9: - | N9: - | O9: - | R9: - | S9: - | T9: - | U9: - | V9: - | W9: 4
J10: 定期預金 | L10: 5 | M10: - | N10: 400000 | O10: - | R10: - | S10: - | T10: - | U10: - | V10: 400000 | W10: 5
J11: 保管有価証券 | L11: 6 | M11: - | N11: - | O11: - | R11: - | S11: - | T11: - | U11: - | V11: - | W11: 6
J12: 立替金 | L12: 7 | M12: - | N12: - | O12: - | R12: - | S12: - | T12: - | U12: - | V12: - | W12: 7
J13: 仮払金 | L13: 8 | M13: - | N13: - | O13: - | R13: - | S13: - | T13: - | U13: - | V13: - | W13: 8
J14: 前渡金 | L14: 9 | M14: - | N14: - | O14: - | R14: - | S14: - | T14: - | U14: - | V14: - | W14: 9
J15: 未収収益 | L15: 10 | M15: 554391217 | N15: 2997081 | O15: 2997080 | R15: 84473011 | S15: 70999209 | T15: 9543556 | U15: 311275840 | V15: 1033679914 | W15: 10
J16: 短期貸付金 | L16: 11 | M16: - | N16: - | O16: - | R16: - | S16: - | T16: - | U16: - | V16: - | W16: 11
J17: 未収金 | L17: 12 | M17: - | N17: 1035431 | O17: 34023 | R17: 3065329 | S17: 686577 | T17: 369864 | U17: 3593839 | V17: 8751041 | W17: 12
J18: 未達回送金 | L18: 13 | M18: - | N18: - | O18: - | R18: - | S18: - | T18: - | U18: - | V18: - | W18: 13
F19: 固 定 資 産 | J19: 信託 | L19: 14 | M19: 11660968960 | N19: 589432 | O19: 589432 | R19: 1418320878 | S19: 1183780795 | T19: 127457781 | U19: 4625391119 | V19: 19016508966 | W19: 14
J20: 投資有価証券 | L20: 15 | M20: 833293 | N20: - | O20: - | R20: - | S20: - | T20: - | U20: - | V20: 833293 | W20: 15
J21: 生命保険 | L21: 16 | M21: 68742896 | N21: - | O21: - | R21: 208126950 | S21: 58323002 | T21: 11518743 | U21: - | V21: 346711591 | W21: 16
J22: 投資不動産 | L22: 17 | M22: - | N22: - | O22: - | R22: 490674 | S22: - | T22: - | U22: - | V22: 490674 | W22: 17
J23: 長期貸付金 | L23: 18 | M23: - | N23: - | O23: - | R23: - | S23: - | T23: - | U23: - | V23: - | W23: 18
J24: 預託金 | L24: 19 | M24: - | N24: - | O24: - | R24: - | S24: - | T24: - | U24: - | V24: - | W24: 19
J25: 連合会預託金 | L25: 20 | M25: - | N25: 84162296 | O25: 84162296 | R25: - | S25: - | T25: - | U25: - | V25: 84162296 | W25: 20
J26: 構成組合預託金 | L26: 21 | M26: - | N26: - | O26: - | R26: - | S26: - | T26: - | U26: 183397233 | V26: 183397233 | W26: 21
G27: 合計 | L27: 22 | M27: 12289979849 | N27: 89542437 | O27: 87853131 | R27: 1729964624 | S27: 1315683279 | T27: 149356626 | U27: 5177793036 | V27: 20752319851 | W27: 22
D28: 令和３年度合計 | L28: 23 | M28: 11825952182 | N28: 88297829 | O28: 86670328 | R28: 1831810140 | S28: 1289423983 | T28: 165739699 | U28: 5076623316 | V28: 20277847149 | W28: 23
D29: 令和２年度合計 | L29: 24 | M29: 11258168676 | N29: 86746349 | O29: 85431762 | R29: 1867232609 | S29: 1219311845 | T29: 178586339 | U29: 4940914330 | V29: 19550960148 | W29: 24
C31: 貸 方 | F31: 流動負債 | J31: 未払消費税 | L31: 1 | M31: - | N31: - | O31: - | R31: 15777 | S31: - | T31: - | U31: - | V31: 15777 | W31: 1
J32: 未払金 | L32: 2 | M32: - | N32: 18 | O32: - | R32: 383252 | S32: 173 | T32: 494 | U32: 0 | V32: 383938 | W32: 2
J33: 未払費用 | L33: 3 | M33: - | N33: - | O33: - | R33: - | S33: - | T33: 761842 | U33: - | V33: 761842 | W33: 3
J34: 前受金 | L34: 4 | M34: - | N34: - | O34: - | R34: - | S34: - | T34: - | U34: - | V34: - | W34: 4
J35: 預り金 | L35: 5 | M35: - | N35: 110 | O35: - | R35: 747 | S35: 78485 | T35: 71 | U35: 222 | V35: 79636 | W35: 5
J36: 受入保証金 | L36: 6 | M36: - | N36: - | O36: - | R36: - | S36: - | T36: - | U36: - | V36: - | W36: 6
J37: 前受収益 | L37: 7 | M37: - | N37: - | O37: - | R37: - | S37: - | T37: - | U37: - | V37: - | W37: 7
J38: 仮受金 | L38: 8 | M38: - | N38: - | O38: - | R38: 57766 | S38: - | T38: - | U38: - | V38: 57766 | W38: 8
J39: 預り有価証券 | L39: 9 | M39: - | N39: - | O39: - | R39: - | S39: - | T39: - | U39: - | V39: - | W39: 9
G40: 剰余金 （欠損金） | J40: 資本剰余金 | L40: 10 | M40: - | N40: - | O40: - | R40: - | S40: - | T40: - | U40: - | V40: - | W40: 10
J41: 経過的長期給付 調整積立金 | L41: 11 | M41: 12289979849 | N41: - | O41: - | R41: - | S41: - | T41: - | U41: - | V41: 12289979849 | W41: 11
J42: 経過的長期給付 組合積立金 | L42: 12 | M42: - | N42: 89542308 | O42: 87853131 | R42: 1729507082 | S42: 1315604621 | T42: 148594219 | U42: 5177792813 | V42: 8461041044 | W42: 12
G43: 合計 | L43: 13 | M43: 12289979849 | N43: 89542437 | O43: 87853131 | R43: 1729964624 | S43: 1315683279 | T43: 149356626 | U43: 5177793036 | V43: 20752319851 | W43: 13
D44: 令和３年度合計 | L44: 14 | M44: 11825952182 | N44: 88297829 | O44: 86670328 | R44: 1831810140 | S44: 1289423983 | T44: 165739699 | U44: 5076623316 | V44: 20277847149 | W44: 14
D45: 令和２年度合計 | L45: 15 | M45: 11258168676 | N45: 86746349 | O45: 85431762 | R45: 1867232609 | S45: 1219311845 | T45: 178586339 | U45: 4940914330 | V45: 19550960148 | W45: 15

Sheet 14
C1: １４ 経過的長期経理損益計算書
U2: （単位 千円）
M4: 地方公務員 共済組合連合会 | N4: 地方職員共済組合 | R4: 公立学校共済組合 | S4: 警察共済組合 | T4: 東京都職員 共済組合 | U4: 全国市町村職員 共済組合連合会 | V4: 合計
O5: (再掲)団体共済部
C6: 借方 | F6: 経 常 費 用 | J6: 退職共済給付 | L6: 1 | M6: - | N6: 51494545 | O6: 1936209 | R6: 177797059 | S6: 41549044 | T6: 23405778 | U6: 189873720 | V6: 484120145 | W6: 1
J7: 障害共済給付 | L7: 2 | M7: - | N7: 627311 | O7: 23716 | R7: 2276196 | S7: 628469 | T7: 219610 | U7: 2310306 | V7: 6061893 | W7: 2
J8: 遺族共済給付 | L8: 3 | M8: - | N8: 9374693 | O8: 221888 | R8: 21138294 | S8: 7827790 | T8: 3437926 | U8: 25793857 | V8: 67572560 | W8: 3
J9: 恩給組合条例給付 | L9: 4 | M9: - | N9: - | O9: - | R9: - | S9: - | T9: - | U9: 112136 | V9: 112136 | W9: 4
J10: 旧市町村共済法給付 | L10: 5 | M10: - | N10: - | O10: - | R10: - | S10: - | T10: - | U10: 67863 | V10: 67863 | W10: 5
J11: 連合会交付金返還金 | L11: 6 | M11: - | N11: - | O11: - | R11: - | S11: - | T11: - | U11: - | V11: - | W11: 6
J12: 連合会払込金 | L12: 7 | M12: - | N12: - | O12: - | R12: - | S12: - | T12: - | U12: - | V12: - | W12: 7
J13: 移換金 | L13: 8 | M13: - | N13: - | O13: - | R13: - | S13: - | T13: - | U13: - | V13: - | W13: 8
J14: 消費税 | L14: 9 | M14: - | N14: - | O14: - | R14: - | S14: - | T14: - | U14: - | V14: - | W14: 9
J15: 拠出金 | L15: 10 | M15: 36949657 | N15: - | O15: - | R15: - | S15: - | T15: - | U15: - | V15: 36949657 | W15: 10
J16: 組合払込金返還金 | L16: 11 | M16: - | N16: - | O16: - | R16: - | S16: - | T16: - | U16: - | V16: - | W16: 11
J17: 組合交付金 | L17: 12 | M17: 57919000 | N17: - | O17: - | R17: - | S17: - | T17: - | U17: - | V17: 57919000 | W17: 12
J18: 信託の運用損 | L18: 13 | M18: - | N18: - | O18: - | R18: 6525909 | S18: 2200855 | T18: 761842 | U18: 1405908 | V18: 10894513 | W18: 13
J19: 有価証券売却損 | L19: 14 | M19: - | N19: - | O19: - | R19: - | S19: - | T19: - | U19: - | V19: - | W19: 14
J20: 有価証券評価損 | L20: 15 | M20: - | N20: - | O20: - | R20: - | S20: - | T20: - | U20: - | V20: - | W20: 15
J21: 償還差損 | L21: 16 | M21: - | N21: - | O21: - | R21: - | S21: - | T21: - | U21: - | V21: - | W21: 16
J22: 承継差損 | L22: 17 | M22: - | N22: - | O22: - | R22: - | S22: - | T22: - | U22: - | V22: - | W22: 17
J23: 信託等売買手数料 | L23: 18 | M23: - | N23: - | O23: - | R23: - | S23: - | T23: - | U23: - | V23: - | W23: 18
J24: 未収返還金償却額 | L24: 19 | M24: - | N24: 10039 | O24: - | R24: 85970 | S24: 1479 | T24: - | U24: 36452 | V24: 133941 | W24: 19
J25: 雑費 | L25: 20 | M25: - | N25: 74 | O25: - | R25: 9 | S25: 9 | T25: - | U25: 186 | V25: 278 | W25: 20
G26: 繰入金 | J26: 業務経理へ繰入 | L26: 21 | M26: 215019 | N26: 71002 | O26: 20938 | R26: 113906 | S26: 54307 | T26: 36388 | U26: 270851 | V26: 761474 | W26: 21
G27: 次年度繰越 経過的長期給付 組合積立金 | J27: 次年度繰越 経過的長期給付 組合積立金 | L27: 22 | M27: - | N27: 89542308 | O27: 87853131 | R27: 1729507082 | S27: 1315604621 | T27: 148594219 | U27: 5177792813 | V27: 8461041044 | W27: 22
G28: 特別損失 | J28: 前期損益修正損 | L28: 23 | M28: - | N28: 3 | O28: - | R28: 71 | S28: 11 | T28: 2 | U28: 27 | V28: 115 | W28: 23
J29: 固定資産売却損 | L29: 24 | M29: - | N29: - | O29: - | R29: - | S29: - | T29: - | U29: - | V29: - | W29: 24
J30: 固定資産除却損 | L30: 25 | M30: - | N30: - | O30: - | R30: - | S30: - | T30: - | U30: - | V30: - | W30: 25
J31: 固定資産評価損 | L31: 26 | M31: - | N31: - | O31: - | R31: - | S31: - | T31: - | U31: - | V31: - | W31: 26
G32: 当期利益金 | J32: 当期利益金 | L32: 27 | M32: 464027667 | N32: - | O32: - | R32: - | S32: - | T32: - | U32: - | V32: 464027667 | W32: 27
G33: 合計 | L33: 28 | M33: 559111343 | N33: 151119975 | O33: 90055882 | R33: 1937444496 | S33: 1367866586 | T33: 176455765 | U33: 5397664119 | V33: 9589662284 | W33: 28
D34: 令和３年度合計 | L34: 29 | M34: 627254982 | N34: 150180168 | O34: 88845388 | R34: 2031521545 | S34: 1339223281 | T34: 192945076 | U34: 5293637809 | V34: 9634762861 | W34: 29
D35: 令和２年度合計 | L35: 30 | M35: 621736821 | N35: 148194054 | O35: 87552353 | R35: 2065865004 | S35: 1268200056 | T35: 205585575 | U35: 5154869380 | V35: 9464450889 | W35: 30
C37: 貸方 | F37: 経 常 収 益 | J37: 負担金 | L37: 1 | M37: - | N37: 1531779 | O37: 36558 | R37: 11491349 | S37: 2510921 | T37: 1086577 | U37: 7814416 | V37: 24435042 | W37: 1
J38: 退職一時金等返還金 | L38: 2 | M38: - | N38: 16912 | O38: 1576 | R38: 31421 | S38: 17793 | T38: 6268 | U38: 68864 | V38: 141258 | W38: 2
J39: 連合会払込金返還金 | L39: 3 | M39: - | N39: - | O39: - | R39: - | S39: - | T39: - | U39: - | V39: - | W39: 3
J40: 移換金 | L40: 4 | M40: - | N40: - | O40: - | R40: - | S40: - | T40: - | U40: - | V40: - | W40: 4
J41: 基礎年金交付金 （連合会交付金） | L41: 5 | M41: - | N41: 6266 | O41: 256 | R41: 21373 | S41: 6276 | T41: 2576 | U41: 21443 | V41: 57935 | W41: 5
J42: 拠出金受入金 | L42: 6 | M42: - | N42: - | O42: - | R42: - | S42: - | T42: - | U42: - | V42: - | W42: 6
J43: 組合払込金 | L43: 7 | M43: - | N43: - | O43: - | R43: - | S43: - | T43: - | U43: - | V43: - | W43: 7
J44: 組合交付金返還金 | L44: 8 | M44: - | N44: - | O44: - | R44: - | S44: - | T44: - | U44: - | V44: - | W44: 8
J45: 雑収入 | L45: 9 | M45: - | N45: 1118 | O45: 79 | R45: 16 | S45: 289974 | T45: - | U45: 17289 | V45: 308396 | W45: 9
J46: 連合会交付金 | L46: 10 | M46: - | N46: 57919000 | O46: - | R46: - | S46: - | T46: - | U46: - | V46: 57919000 | W46: 10
J47: 補助金 | L47: 11 | M47: - | N47: - | O47: - | R47: - | S47: - | T47: - | U47: - | V47: - | W47: 11
J48: 利息及び配当金 | L48: 12 | M48: 645369 | N48: 3346770 | O48: 3346758 | R48: 1542137 | S48: 363965 | T48: 81315 | U48: 431935 | V48: 6411490 | W48: 12
J49: 信託の運用益 | L49: 13 | M49: 558465974 | N49: 330 | O49: 330 | R49: 93040910 | S49: 73790766 | T49: 9543556 | U49: 312686629 | V49: 1047528166 | W49: 13
J50: 有価証券売却益 | L50: 14 | M50: - | N50: - | O50: - | R50: - | S50: - | T50: - | U50: - | V50: - | W50: 14
J51: 有価証券評価益 | L51: 15 | M51: - | N51: - | O51: - | R51: - | S51: - | T51: - | U51: - | V51: - | W51: 15
J52: 償還差益 | L52: 16 | M52: - | N52: - | O52: - | R52: - | S52: - | T52: - | U52: - | V52: - | W52: 16
J53: 承継差益 | L53: 17 | M53: - | N53: - | O53: - | R53: - | S53: - | T53: - | U53: - | V53: - | W53: 17
J54: 賠償金 | L54: 18 | M54: - | N54: - | O54: - | R54: - | S54: - | T54: - | U54: - | V54: - | W54: 18
J55: 雑益 | L55: 19 | M55: - | N55: - | O55: - | R55: - | S55: 6 | T55: - | U55: - | V55: 6 | W55: 19
G56: 前年度繰越 基礎年金拠出金 負担金充当金 | J56: 前年度繰越 経過的長期給付 組合積立金 | L56: 20 | M56: - | N56: 88297623 | O56: 86670324 | R56: 1831317015 | S56: 1289365325 | T56: 165735357 | U56: 5076622689 | V56: 8451338008 | W56: 20
G57: 特別利益 | J57: 前期損益修正益 | L57: 21 | M57: - | N57: 176 | O57: - | R57: 275 | S57: 1521560 | T57: 117 | U57: 855 | V57: 1522984 | W57: 21
J58: 固定資産売却益 | L58: 22 | M58: - | N58: - | O58: - | R58: - | S58: - | T58: - | U58: - | V58: - | W58: 22
J59: 固定資産評価益 | L59: 23 | M59: - | N59: - | O59: - | R59: - | S59: - | T59: - | U59: - | V59: - | W59: 23
G60: 当期損失金 | J60: 当期損失金 | L60: 24 | M60: - | N60: - | O60: - | R60: - | S60: - | T60: - | U60: - | V60: - | W60: 24
G61: 合計 | L61: 25 | M61: 559111343 | N61: 151119975 | O61: 90055882 | R61: 1937444496 | S61: 1367866586 | T61: 176455765 | U61: 5397664119 | V61: 9589662284 | W61: 25
D62: 令和３年度合計 | L62: 26 | M62: 627254982 | N62: 150180168 | O62: 88845388 | R62: 2031521545 | S62: 1339223281 | T62: 192945076 | U62: 5293637809 | V62: 9634762861 | W62: 26
D63: 令和２年度合計 | L63: 27 | M63: 621736821 | N63: 148194054 | O63: 87552353 | R63: 2065865004 | S63: 1268200056 | T63: 205585575 | U63: 5154869380 | V63: 9464450889 | W63: 27
D65: ２.前年度繰越経過的長期給付組合積立金は、改正前地共済法の長期経理より承継したものである。

Sheet 15
C1: １５ 業務経理貸借対照表
X2: （単位 千円）
P4: 地方公務員 共済組合連合会 | Q4: 地方職員共済組合 | S4: 公立学校共済組合 | V4: 警察共済組合 | W4: 東京都職員 共済組合 | X4: 全国市町村職員 共済組合連合会 | Y4: 指定都市職員 共 済 組 合 | Z4: 市町村職員 共済組合 | AA4: 都市職員 共済組合 | AB4: 合計
R5: (再掲)団体共済部
C6: 借方 | G6: 流動資産 | J6: 現金 | O6: 1 | P6: - | Q6: - | R6: - | S6: - | V6: - | W6: - | X6: - | Y6: - | Z6: - | AA6: - | AB6: - | AC6: 1
J7: 小口現金 | O7: 2 | P7: - | Q7: - | R7: - | S7: - | V7: 43 | W7: - | X7: - | Y7: - | Z7: 537 | AA7: - | AB7: 580 | AC7: 2
J8: 当座預金 | O8: 3 | P8: - | Q8: 675 | R8: - | S8: - | V8: - | W8: - | X8: - | Y8: - | Z8: - | AA8: - | AB8: 675 | AC8: 3
J9: 普通預金 | O9: 4 | P9: 5767800 | Q9: 4836114 | R9: 4901 | S9: 9329325 | V9: 4932772 | W9: 1686327 | X9: 916204 | Y9: 1761660 | Z9: 9936184 | AA9: 617143 | AB9: 39783528 | AC9: 4
J10: 通知預金 | O10: 5 | P10: - | Q10: - | R10: - | S10: - | V10: - | W10: - | X10: - | Y10: - | Z10: 1215 | AA10: - | AB10: 1215 | AC10: 5
J11: 定期預金 | O11: 6 | P11: - | Q11: 3592006 | R11: 155000 | S11: 4500000 | V11: - | W11: - | X11: 4250000 | Y11: 100000 | Z11: 14958418 | AA11: 550000 | AB11: 27950423 | AC11: 6
J12: 金銭信託 | O12: 7 | P12: - | Q12: 299602 | R12: 299602 | S12: - | V12: - | W12: - | X12: - | Y12: 300000 | Z12: 2552931 | AA12: - | AB12: 3152533 | AC12: 7
J13: 有価証券 | O13: 8 | P13: - | Q13: 100000 | R13: - | S13: - | V13: - | W13: - | X13: - | Y13: - | Z13: 5142190 | AA13: 748952 | AB13: 5991142 | AC13: 8
J14: 貸付信託 | O14: 9 | P14: - | Q14: - | R14: - | S14: - | V14: - | W14: - | X14: - | Y14: - | Z14: - | AA14: - | AB14: - | AC14: 9
J15: 証券投資信託 | O15: 10 | P15: - | Q15: - | R15: - | S15: - | V15: - | W15: - | X15: - | Y15: - | Z15: - | AA15: - | AB15: - | AC15: 10
J16: 保管有価証券 | O16: 11 | P16: - | Q16: - | R16: - | S16: - | V16: - | W16: - | X16: - | Y16: - | Z16: - | AA16: - | AB16: - | AC16: 11
J17: 貯蔵品 | O17: 12 | P17: - | Q17: - | R17: - | S17: - | V17: - | W17: - | X17: - | Y17: 187 | Z17: 18394 | AA17: 781 | AB17: 19362 | AC17: 12
J18: 立替金 | O18: 13 | P18: 228 | Q18: 38848 | R18: - | S18: 4283 | V18: 4831 | W18: 61 | X18: 3213 | Y18: 1196 | Z18: 1995 | AA18: 29 | AB18: 54686 | AC18: 13
J19: 仮払金 | O19: 14 | P19: - | Q19: - | R19: - | S19: 399 | V19: - | W19: - | X19: - | Y19: - | Z19: 4788 | AA19: 667 | AB19: 5855 | AC19: 14
J20: 前渡金 | O20: 15 | P20: - | Q20: - | R20: - | S20: - | V20: - | W20: - | X20: - | Y20: - | Z20: - | AA20: - | AB20: - | AC20: 15
J21: 前払費用 | O21: 16 | P21: 34381 | Q21: 6314 | R21: - | S21: 16254 | V21: 9741 | W21: - | X21: 2192 | Y21: - | Z21: 13508 | AA21: 3604 | AB21: 85995 | AC21: 16
J22: 未収収益 | O22: 17 | P22: - | Q22: 305 | R22: 1 | S22: 73 | V22: 1133 | W22: - | X22: 201 | Y22: 52 | Z22: 12883 | AA22: 3179 | AB22: 17825 | AC22: 17
J23: 短期貸付金 | O23: 18 | P23: - | Q23: - | R23: - | S23: - | V23: 2894500 | W23: - | X23: - | Y23: - | Z23: - | AA23: - | AB23: 2894500 | AC23: 18
J24: 未収金 | O24: 19 | P24: 820 | Q24: 40340 | R24: - | S24: 7531 | V24: 7321 | W24: 10251 | X24: 440249 | Y24: 13807 | Z24: 6918 | AA24: 151 | AB24: 527387 | AC24: 19
J25: 未達回送金 | O25: 20 | P25: - | Q25: - | R25: - | S25: - | V25: - | W25: - | X25: - | Y25: - | Z25: - | AA25: - | AB25: - | AC25: 20
G26: 固定資産 | J26: 建物 | O26: 21 | P26: - | Q26: 1018722 | R26: - | S26: 1824984 | V26: 1203755 | W26: - | X26: 471104 | Y26: 1630 | Z26: 963618 | AA26: 4502 | AB26: 5488316 | AC26: 21
J27: 借入不動産附帯施設 | O27: 22 | P27: - | Q27: 10710 | R27: 10710 | S27: - | V27: - | W27: - | X27: - | Y27: - | Z27: 15696 | AA27: - | AB27: 26405 | AC27: 22
J28: 構築物 | O28: 23 | P28: - | Q28: 2022 | R28: - | S28: 10385 | V28: 13671 | W28: - | X28: - | Y28: - | Z28: 9526 | AA28: - | AB28: 35605 | AC28: 23
J29: 機械及び装置 | O29: 24 | P29: - | Q29: - | R29: - | S29: 171 | V29: 3243 | W29: - | X29: - | Y29: - | Z29: 57 | AA29: - | AB29: 3471 | AC29: 24
J30: 車両及び運搬具 | O30: 25 | P30: - | Q30: - | R30: - | S30: 981 | V30: 0 | W30: - | X30: - | Y30: - | Z30: 1685 | AA30: - | AB30: 2666 | AC30: 25
J31: 器具及び備品 | O31: 26 | P31: 51610 | Q31: 26200 | R31: 5758 | S31: 91149 | V31: 22514 | W31: 193 | X31: 6720 | Y31: 6900 | Z31: 210340 | AA31: 15079 | AB31: 430706 | AC31: 26
J32: 土地 | O32: 27 | P32: - | Q32: 10932892 | R32: - | S32: 724439 | V32: 2847904 | W32: - | X32: 2595000 | Y32: - | Z32: - | AA32: - | AB32: 17100235 | AC32: 27
J33: 建設仮勘定 | O33: 28 | P33: - | Q33: - | R33: - | S33: - | V33: - | W33: - | X33: - | Y33: - | Z33: - | AA33: - | AB33: - | AC33: 28
J34: 借地権 | O34: 29 | P34: - | Q34: - | R34: - | S34: - | V34: - | W34: - | X34: - | Y34: - | Z34: - | AA34: - | AB34: - | AC34: 29
J35: 電話加入権 | O35: 30 | P35: 1253 | Q35: 22 | R35: - | S35: 123 | V35: 2385 | W35: - | X35: - | Y35: - | Z35: 1156 | AA35: - | AB35: 4939 | AC35: 30
J36: 敷金及び保証金 | O36: 31 | P36: 75516 | Q36: 6606 | R36: 6606 | S36: 3882 | V36: 146 | W36: - | X36: 490 | Y36: - | Z36: 43567 | AA36: - | AB36: 130207 | AC36: 31
J37: 加入金 | O37: 32 | P37: - | Q37: - | R37: - | S37: 10 | V37: 92 | W37: - | X37: - | Y37: - | Z37: - | AA37: - | AB37: 102 | AC37: 32
G38: 繰延資産 | J38: 開発費 | O38: 33 | P38: - | Q38: 410999 | R38: - | S38: 457576 | V38: 965797 | W38: - | X38: - | Y38: 107484 | Z38: 190606 | AA38: - | AB38: 2132462 | AC38: 33
G39: 合計 | O39: 34 | P39: 5931608 | Q39: 21322377 | R39: 482577 | S39: 16971566 | V39: 12909848 | W39: 1696832 | X39: 8685372 | Y39: 2292915 | Z39: 34086213 | AA39: 1944087 | AB39: 105840818 | AC39: 34
D40: 令和３年度合計 | O40: 35 | P40: 6547366 | Q40: 21794137 | R40: 439900 | S40: 17795646 | V40: 12596077 | W40: 1634671 | X40: 8942217 | Y40: 2140753 | Z40: 33845253 | AA40: 1870878 | AB40: 107166997 | AC40: 35
D41: 令和２年度合計 | O41: 36 | P41: 5870438 | Q41: 21425461 | R41: 359548 | S41: 17020043 | V41: 11613336 | W41: 2295830 | X41: 9203878 | Y41: 1944052 | Z41: 32811443 | AA41: 1755994 | AB41: 103940474 | AC41: 36
C43: 貸方 | F43: 流動負債 | J43: 短期借入金 | O43: 1 | P43: - | Q43: - | R43: - | S43: - | V43: - | W43: - | X43: - | Y43: - | Z43: - | AA43: - | AB43: - | AC43: 1
J44: 未払消費税 | O44: 2 | P44: - | Q44: - | R44: - | S44: - | V44: 6808 | W44: 257 | X44: - | Y44: - | Z44: 237 | AA44: 74 | AB44: 7377 | AC44: 2
J45: 未払金 | O45: 3 | P45: 615 | Q45: 204641 | R45: - | S45: 990442 | V45: 36854 | W45: 714150 | X45: 1201906 | Y45: 182781 | Z45: 403384 | AA45: 13052 | AB45: 3747827 | AC45: 3
J46: 未払費用 | O46: 4 | P46: 3960786 | Q46: 573937 | R46: 42942 | S46: 55108 | V46: 751000 | W46: 5375 | X46: 2263 | Y46: 33674 | Z46: 74960 | AA46: 1852 | AB46: 5458954 | AC46: 4
J47: 預り金 | O47: 5 | P47: 5320 | Q47: 84326 | R47: 1149 | S47: 53961 | V47: 9308 | W47: 6386 | X47: 5718 | Y47: 25952 | Z47: 57059 | AA47: 2762 | AB47: 250792 | AC47: 5
J48: 受入保証金 | O48: 6 | P48: - | Q48: 10454 | R48: - | S48: 1821 | V48: - | W48: - | X48: - | Y48: - | Z48: 1231 | AA48: - | AB48: 13506 | AC48: 6
J49: 前受収益 | O49: 7 | P49: - | Q49: - | R49: - | S49: - | V49: 5909 | W49: - | X49: - | Y49: - | Z49: - | AA49: - | AB49: 5909 | AC49: 7
J50: 仮受金 | O50: 8 | P50: - | Q50: - | R50: - | S50: 2 | V50: - | W50: - | X50: - | Y50: - | Z50: 133 | AA50: - | AB50: 135 | AC50: 8
J51: 預り有価証券 | O51: 9 | P51: - | Q51: - | R51: - | S51: - | V51: - | W51: - | X51: - | Y51: - | Z51: - | AA51: - | AB51: - | AC51: 9
G52: 固定負債 | J52: 長期借入金 | O52: 10 | P52: - | Q52: - | R52: - | S52: - | V52: - | W52: - | X52: - | Y52: - | Z52: - | AA52: - | AB52: - | AC52: 10
J53: 土地移換償還金 | O53: 11 | P53: - | Q53: - | R53: - | S53: - | V53: - | W53: - | X53: - | Y53: - | Z53: - | AA53: - | AB53: - | AC53: 11
J54: 退職給与引当金 | O54: 12 | P54: 293797 | Q54: 1263333 | R54: 138294 | S54: 2483692 | V54: 1175376 | W54: 104318 | X54: 667554 | Y54: 92015 | Z54: 8044390 | AA54: 373321 | AB54: 14497795 | AC54: 12
J55: 災害補てん引当金 | O55: 13 | P55: - | Q55: - | R55: - | S55: - | V55: - | W55: - | X55: - | Y55: - | Z55: - | AA55: - | AB55: - | AC55: 13
J56: 特別修繕引当金 | O56: 14 | P56: - | Q56: - | R56: - | S56: - | V56: 207228 | W56: - | X56: 81164 | Y56: - | Z56: 91500 | AA56: 13142 | AB56: 393034 | AC56: 14
G57: 剰余金 (欠損金) | J57: 資本剰余金 | O57: 15 | P57: - | Q57: 12135417 | R57: - | S57: 4374521 | V57: 4771911 | W57: - | X57: 3990000 | Y57: - | Z57: 93893 | AA57: - | AB57: 25365742 | AC57: 15
I58: 利益剰余金又は欠損金 | M58: 建設積立金 | O58: 16 | P58: - | Q58: 1469000 | R58: - | S58: - | V58: - | W58: - | X58: - | Y58: - | Z58: - | AA58: - | AB58: 1469000 | AC58: 16
M59: 改良積立金 | O59: 17 | P59: - | Q59: 246670 | R59: - | S59: - | V59: - | W59: - | X59: - | Y59: - | Z59: 98238 | AA59: - | AB59: 344908 | AC59: 17
M60: 積立金又は 繰越欠損金 | O60: 18 | P60: 1671091 | Q60: 5334599 | R60: 300192 | S60: 9012019 | V60: 5945454 | W60: 866346 | X60: 2736767 | Y60: 1958493 | Z60: 25221187 | AA60: 1539884 | AB60: 54285839 | AC60: 18
G61: 合計 | O61: 19 | P61: 5931608 | Q61: 21322377 | R61: 482577 | S61: 16971566 | V61: 12909848 | W61: 1696832 | X61: 8685372 | Y61: 2292915 | Z61: 34086213 | AA61: 1944087 | AB61: 105840818 | AC61: 19
D62: 令和３年度合計 | O62: 20 | P62: 6547366 | Q62: 21794137 | R62: 439900 | S62: 17795646 | V62: 12596077 | W62: 1634671 | X62: 8942217 | Y62: 2140753 | Z62: 33845253 | AA62: 1870878 | AB62: 107166997 | AC62: 20
D63: 令和２年度合計 | O63: 21 | P63: 5870438 | Q63: 21425461 | R63: 359548 | S63: 17020043 | V63: 11613336 | W63: 2295830 | X63: 9203878 | Y63: 1944052 | Z63: 32811443 | AA63: 1755994 | AB63: 103940474 | AC63: 21

Sheet 16
C1: １６ 業務経理損益計算書
U2: （単位 千円）
M4: 地方公務員 共済組合連合会 | N4: 地方職員共済組合 | P4: 公立学校共済組合 | S4: 警察共済組合 | T4: 東京都職員 共済組合 | U4: 全国市町村職員 共済組合連合会 | V4: 指定都市職員 共済組合 | W4: 市町村職員 共済組合 | X4: 都市職員 共済組合 | Y4: 合計
O5: (再掲)団体共済部
D6: 借方 | G6: 経常費用 | J6: 役員報酬 | L6: 1 | M6: 73724 | N6: 68742 | O6: 15267 | P6: 72101 | S6: 73746 | T6: 3966 | U6: 35810 | V6: 794 | W6: 9713 | X6: 519 | Y6: 339116 | Z6: 1
J7: 職員給与 | L7: 2 | M7: 689468 | N7: 1675943 | O7: 121230 | P7: 3473577 | S7: 1397239 | T7: 64272 | U7: 837408 | V7: 271163 | W7: 6981289 | X7: 345040 | Y7: 15735399 | Z7: 2
J8: 社会保険負担金 | L8: 3 | M8: - | N8: - | O8: - | P8: 566956 | S8: - | T8: - | U8: - | V8: - | W8: - | X8: - | Y8: 566956 | Z8: 3
J9: 厚生費 | L9: 4 | M9: 1732 | N9: 4502 | O9: 141 | P9: 9822 | S9: 6298 | T9: 171 | U9: 1535 | V9: 839 | W9: 10988 | X9: 556 | Y9: 36442 | Z9: 4
J10: 旅費 | L10: 5 | M10: 896 | N10: 9039 | O10: 360 | P10: 7572 | S10: 7022 | T10: 1463 | U10: 9320 | V10: 1960 | W10: 63885 | X10: 3405 | Y10: 104562 | Z10: 5
J11: 事務費 | L11: 6 | M11: 17070 | N11: 389049 | O11: 21367 | P11: 1366498 | S11: 350865 | T11: 212398 | U11: 624359 | V11: 155449 | W11: 944334 | X11: 53555 | Y11: 4113579 | Z11: 6
J12: 賃金 | L12: 7 | M12: - | N12: 77838 | O12: 10487 | P12: - | S12: 11971 | T12: 27393 | U12: 36983 | V12: 33541 | W12: 76961 | X12: 28513 | Y12: 293200 | Z12: 7
J13: 委託費 | L13: 8 | M13: 5088723 | N13: 1222901 | O13: 111681 | P13: 3626914 | S13: 832464 | T13: 1449252 | U13: 1732875 | V13: 250648 | W13: 726826 | X13: 21775 | Y13: 14952380 | Z13: 8
J14: 委託管理費 | L14: 9 | M14: 10079 | N14: 36517 | O14: - | P14: - | S14: 284237 | T14: 308 | U14: - | V14: 825 | W14: 174681 | X14: 11087 | Y14: 517735 | Z14: 9
J15: 光熱水料 | L15: 10 | M15: 4319 | N15: 17881 | O15: 1013 | P15: 23632 | S15: 34314 | T15: 897 | U15: 23095 | V15: 3613 | W15: 58811 | X15: 1071 | Y15: 167634 | Z15: 10
J16: 燃料費 | L16: 11 | M16: - | N16: 16 | O16: - | P16: 89 | S16: 98 | T16: - | U16: - | V16: - | W16: 719 | X16: 8 | Y16: 930 | Z16: 11
J17: 被服費 | L17: 12 | M17: - | N17: - | O17: - | P17: - | S17: 461 | T17: - | U17: - | V17: - | W17: 344 | X17: - | Y17: 804 | Z17: 12
J18: 修繕費 | L18: 13 | M18: - | N18: 17931 | O18: - | P18: 32861 | S18: 111926 | T18: 49 | U18: 979 | V18: - | W18: 8312 | X18: 159 | Y18: 172216 | Z18: 13
J19: 洗濯費 | L19: 14 | M19: - | N19: - | O19: - | P19: 43 | S19: - | T19: - | U19: - | V19: - | W19: - | X19: - | Y19: 43 | Z19: 14
J20: 賃借料 | L20: 15 | M20: 359009 | N20: 275894 | O20: 27750 | P20: 302506 | S20: 285781 | T20: 223523 | U20: 562635 | V20: 113611 | W20: 915680 | X20: 31010 | Y20: 3069647 | Z20: 15
J21: 管理費 | L21: 16 | M21: - | N21: - | O21: - | P21: - | S21: 315 | T21: - | U21: - | V21: - | W21: - | X21: - | Y21: 315 | Z21: 16
J22: 保険料 | L22: 17 | M22: 229 | N22: 685 | O22: - | P22: 1761 | S22: 1025 | T22: - | U22: - | V22: - | W22: 2554 | X22: 37 | Y22: 6290 | Z22: 17
J23: 消耗器具費 | L23: 18 | M23: - | N23: - | O23: - | P23: - | S23: 1815 | T23: - | U23: - | V23: - | W23: - | X23: - | Y23: 1815 | Z23: 18
J24: 調査研究費 | L24: 19 | M24: 143848 | N24: 21920 | O24: 39 | P24: 2803 | S24: 929 | T24: 14523 | U24: 11589 | V24: 316 | W24: 2909 | X24: 104 | Y24: 198940 | Z24: 19
J25: 普及費 | L25: 20 | M25: 19848 | N25: 33227 | O25: 6024 | P25: 148141 | S25: 65144 | T25: 35682 | U25: 56046 | V25: 43803 | W25: 416267 | X25: 6887 | Y25: 825044 | Z25: 20
J26: 広告費 | L26: 21 | M26: 1774 | N26: 908 | O26: - | P26: - | S26: 1069 | T26: - | U26: 177 | V26: - | W26: 170 | X26: - | Y26: 4097 | Z26: 21
J27: 諸謝金 | L27: 22 | M27: 2244 | N27: 35 | O27: - | P27: 5946 | S27: 50 | T27: 8541 | U27: 2514 | V27: 292 | W27: 10783 | X27: 567 | Y27: 30972 | Z27: 22
J28: 食糧費 | L28: 23 | M28: 676 | N28: 14 | O28: - | P28: 1 | S28: 35 | T28: - | U28: 4 | V28: 35 | W28: 800 | X28: - | Y28: 1564 | Z28: 23
J29: 負担金 | L29: 24 | M29: 135143 | N29: 347105 | O29: 26133 | P29: - | S29: 320572 | T29: 21909 | U29: 1535288 | V29: 168001 | W29: 1180126 | X29: 58802 | Y29: 3766945 | Z29: 24
J30: 消費税 | L30: 25 | M30: - | N30: 211691 | O30: - | P30: 580357 | S30: 6808 | T30: - | U30: 282451 | V30: - | W30: 220463 | X30: 11397 | Y30: 1313167 | Z30: 25
J31: 交際費 | L31: 26 | M31: - | N31: 65 | O31: - | P31: - | S31: 27 | T31: 1 | U31: 49 | V31: - | W31: 141 | X31: 4 | Y31: 288 | Z31: 26
J32: 選挙費 | L32: 27 | M32: - | N32: - | O32: - | P32: - | S32: - | T32: 445 | U32: 1125 | V32: - | W32: 12752 | X32: 32 | Y32: 14354 | Z32: 27
J33: 分担金 | L33: 28 | M33: - | N33: - | O33: - | P33: - | S33: 10561 | T33: - | U33: - | V33: - | W33: - | X33: - | Y33: 10561 | Z33: 28
J34: 公租公課等 | L34: 29 | M34: - | N34: - | O34: - | P34: 30977 | S34: - | T34: - | U34: - | V34: - | W34: - | X34: - | Y34: 30977 | Z34: 29
J35: 連合会分担金 | L35: 30 | M35: - | N35: 372989 | O35: 15802 | P35: 1178892 | S35: 334162 | T35: 140993 | U35: - | V35: 94491 | W35: 549705 | X35: 30538 | Y35: 2701771 | Z35: 30
J36: 事務費負担金払込金 | L36: 31 | M36: - | N36: - | O36: - | P36: - | S36: - | T36: - | U36: - | V36: 601147 | W36: 5001409 | X36: 263422 | Y36: 5865978 | Z36: 31
J37: 構成組合交付金 | L37: 32 | M37: - | N37: - | O37: - | P37: - | S37: - | T37: - | U37: 5289250 | V37: - | W37: - | X37: - | Y37: 5289250 | Z37: 32
J38: 信託等売買手数料 | L38: 33 | M38: - | N38: - | O38: - | P38: - | S38: - | T38: - | U38: - | V38: - | W38: - | X38: - | Y38: - | Z38: 33
J39: 雑費 | L39: 34 | M39: 667 | N39: 14892 | O39: 281 | P39: 21497 | S39: 11258 | T39: 142 | U39: 1107 | V39: 212 | W39: 11314 | X39: 666 | Y39: 61755 | Z39: 34
J40: 減価償却費 | L40: 35 | M40: 13454 | N40: 43158 | O40: 1444 | P40: 100596 | S40: 78188 | T40: 22 | U40: 20378 | V40: 2553 | W40: 109536 | X40: 2439 | Y40: 370324 | Z40: 35
J41: 災害補てん引当金繰入 | L41: 36 | M41: - | N41: - | O41: - | P41: - | S41: - | T41: - | U41: - | V41: - | W41: - | X41: - | Y41: - | Z41: 36
J42: 特別修繕引当金繰入 | L42: 37 | M42: - | N42: - | O42: - | P42: - | S42: 23320 | T42: - | U42: 3687 | V42: - | W42: 6000 | X42: - | Y42: 33007 | Z42: 37
J43: 支払利息 | L43: 38 | M43: - | N43: - | O43: - | P43: - | S43: - | T43: - | U43: - | V43: - | W43: - | X43: - | Y43: - | Z43: 38
J44: 開発費償却 | L44: 39 | M44: - | N44: 152249 | O44: - | P44: 156015 | S44: 347554 | T44: - | U44: - | V44: 28739 | W44: 87780 | X44: - | Y44: 772337 | Z44: 39
J45: 有価証券売却損 | L45: 40 | M45: - | N45: - | O45: - | P45: - | S45: - | T45: - | U45: - | V45: - | W45: - | X45: - | Y45: - | Z45: 40
J46: 有価証券評価損 | L46: 41 | M46: - | N46: - | O46: - | P46: - | S46: - | T46: - | U46: - | V46: - | W46: - | X46: - | Y46: - | Z46: 41
J47: 償還差損 | L47: 42 | M47: - | N47: - | O47: - | P47: - | S47: - | T47: - | U47: - | V47: - | W47: - | X47: - | Y47: - | Z47: 42
J48: 承継差損 | L48: 43 | M48: - | N48: - | O48: - | P48: - | S48: - | T48: - | U48: - | V48: - | W48: - | X48: - | Y48: - | Z48: 43
J49: 雑損 | L49: 44 | M49: - | N49: - | O49: - | P49: - | S49: - | T49: 257 | U49: 3 | V49: - | W49: 0 | X49: - | Y49: 260 | Z49: 44
G50: 特別損失 | J50: 前期損益修正損 | L50: 45 | M50: 14832 | N50: 472 | O50: - | P50: 2261 | S50: 6450 | T50: - | U50: - | V50: 10671 | W50: 153 | X50: - | Y50: 34839 | Z50: 45
J51: 固定資産売却損 | L51: 46 | M51: - | N51: - | O51: - | P51: - | S51: - | T51: - | U51: - | V51: - | W51: 135 | X51: - | Y51: 135 | Z51: 46
J52: 固定資産除却損 | L52: 47 | M52: - | N52: 258 | O52: - | P52: 2253 | S52: 285 | T52: - | U52: 2171 | V52: 0 | W52: 17 | X52: - | Y52: 4984 | Z52: 47
J53: 固定資産評価損 | L53: 48 | M53: - | N53: - | O53: - | P53: - | S53: - | T53: - | U53: - | V53: - | W53: - | X53: - | Y53: - | Z53: 48
G54: 当期利益金 | J54: 当期利益金 | L54: 49 | M54: - | N54: 60670 | O54: 60670 | P54: - | S54: 190933 | T54: 79131 | U54: - | V54: 120987 | W54: 508846 | X54: 62574 | Y54: 1023141 | Z54: 49
G55: 合計 | L55: 50 | M55: 6577734 | N55: 5056591 | O55: 419689 | P55: 11714070 | S55: 4796922 | T55: 2285339 | U55: 11070838 | V55: 1903690 | W55: 18094404 | X55: 934165 | Y55: 62433753 | Z55: 50
D56: 令和３年度合計 | L56: 51 | M56: 6702534 | N56: 5094093 | O56: 394299 | P56: 11810645 | S56: 4930210 | T56: 2060403 | U56: 10361779 | V56: 1769718 | W56: 17581222 | X56: 928242 | Y56: 61238846 | Z56: 51
D57: 令和２年度合計 | L57: 52 | M57: 6557839 | N57: 4745264 | O57: 279142 | P57: 11390937 | S57: 4793336 | T57: 2267977 | U57: 9739853 | V57: 1701756 | W57: 16812968 | X57: 881722 | Y57: 58891650 | Z57: 52
U60: （単位 千円）
M62: 地方公務員 共済組合連合会 | N62: 地方職員共済組合 | P62: 公立学校共済組合 | S62: 警察共済組合 | T62: 東京都職員 共済組合 | U62: 全国市町村職員 共済組合連合会 | V62: 指定都市職員 共済組合 | W62: 市町村職員 共済組合 | X62: 都市職員 共済組合 | Y62: 合計
O63: (再掲)団体共済部
D64: 貸 方 | F64: 経 常 収 益 | J64: 組合分担金 | L64: 1 | M64: 3406985 | N64: - | O64: - | P64: - | S64: - | T64: - | U64: 674734 | V64: - | W64: - | X64: - | Y64: 4081719 | Z64: 1
J65: 負担金 | L65: 2 | M65: - | N65: 3294796 | O65: 176138 | P65: 8023394 | S65: 3342814 | T65: 1434319 | U65: 41429 | V65: 1307201 | W65: 11272546 | X65: 559855 | Y65: 29276355 | Z65: 2
J66: 構成組合事務費 負担金払込金 | L66: 3 | M66: - | N66: - | O66: - | P66: - | S66: - | T66: - | U66: 5865978 | V66: - | W66: - | X66: - | Y66: 5865978 | Z66: 3
J67: 払込金 | L67: 4 | M67: - | N67: - | O67: - | P67: - | S67: - | T67: - | U67: - | V67: - | W67: - | X67: - | Y67: - | Z67: 4
J68: 雑収入 | L68: 5 | M68: 2 | N68: 83796 | O68: 329 | P68: 20607 | S68: 2293 | T68: 20866 | U68: 10625 | V68: 2790 | W68: 9472 | X68: 591 | Y68: 151043 | Z68: 5
J69: 補助金 | L69: 6 | M69: - | N69: - | O69: - | P69: 13509 | S69: 38440 | T69: - | U69: - | V69: - | W69: - | X69: 32692 | Y69: 84641 | Z69: 6
J70: 寄附金 | L70: 7 | M70: - | N70: - | O70: - | P70: - | S70: 19284 | T70: - | U70: - | V70: - | W70: - | X70: - | Y70: 19284 | Z70: 7
J71: 連合会交付金 | L71: 8 | M71: - | N71: - | O71: - | P71: - | S71: - | T71: - | U71: - | V71: 348409 | W71: 4707599 | X71: 233241 | Y71: 5289250 | Z71: 8
J72: 災害補てん引当金戻入 | L72: 9 | M72: - | N72: - | O72: - | P72: - | S72: - | T72: - | U72: - | V72: - | W72: - | X72: - | Y72: - | Z72: 9
J73: 特別修繕引当金戻入 | L73: 10 | M73: - | N73: - | O73: - | P73: - | S73: - | T73: - | U73: - | V73: - | W73: - | X73: - | Y73: - | Z73: 10
J74: 利息及び配当金 | L74: 11 | M74: - | N74: 475 | O74: 68 | P74: 203 | S74: 3278 | T74: - | U74: 826 | V74: 229 | W74: 58848 | X74: 11672 | Y74: 75531 | Z74: 11
J75: 賃貸料 | L75: 12 | M75: - | N75: - | O75: - | P75: - | S75: 70525 | T75: - | U75: - | V75: - | W75: - | X75: - | Y75: 70525 | Z75: 12
J76: 有価証券売却益 | L76: 13 | M76: - | N76: - | O76: - | P76: - | S76: - | T76: - | U76: - | V76: - | W76: 9271 | X76: - | Y76: 9271 | Z76: 13
J77: 有価証券評価益 | L77: 14 | M77: - | N77: - | O77: - | P77: - | S77: - | T77: - | U77: - | V77: - | W77: - | X77: - | Y77: - | Z77: 14
J78: 償還差益 | L78: 15 | M78: - | N78: - | O78: - | P78: - | S78: - | T78: - | U78: - | V78: - | W78: 6678 | X78: - | Y78: 6678 | Z78: 15
J79: 承継差益 | L79: 16 | M79: - | N79: - | O79: - | P79: - | S79: - | T79: - | U79: - | V79: - | W79: - | X79: - | Y79: - | Z79: 16
J80: 雑益 | L80: 17 | M80: - | N80: - | O80: - | P80: - | S80: 3 | T80: 229 | U80: - | V80: - | W80: 266 | X80: 412 | Y80: 909 | Z80: 17
G81: 繰入金 | J81: 短期経理より繰入 | L81: 18 | M81: - | N81: 505458 | O81: - | P81: 1316370 | S81: 528070 | T81: 249655 | U81: - | V81: 242962 | W81: 1733238 | X81: 88547 | Y81: 4664300 | Z81: 18
J82: 長期経理より繰入 | L82: 19 | M82: - | N82: - | O82: - | P82: - | S82: - | T82: - | U82: - | V82: - | W82: - | X82: - | Y82: - | Z82: 19
J83: 厚生年金保険経理より繰入 | L83: 20 | M83: 2159548 | N83: 693647 | O83: 210012 | P83: 1082110 | S83: 527170 | T83: 363881 | U83: 2703274 | V83: - | W83: - | X83: - | Y83: 7529631 | Z83: 20
J84: 退職等年金経理より繰入 | L84: 21 | M84: 689024 | N84: 285157 | O84: 12204 | P84: 714601 | S84: 210628 | T84: 180000 | U84: 900662 | V84: - | W84: - | X84: - | Y84: 2980073 | Z84: 21
J85: 経過的長期経理より繰入 | L85: 22 | M85: 215019 | N85: 71002 | O85: 20938 | P85: 113906 | S85: 54307 | T85: 36388 | U85: 270851 | V85: - | W85: - | X85: - | Y85: 761474 | Z85: 22
G86: 特別利益 | J86: 前期損益修正益 | L86: 23 | M86: - | N86: 566 | O86: - | P86: 879 | S86: 110 | T86: 1 | U86: 1894 | V86: 111 | W86: 205 | X86: - | Y86: 3766 | Z86: 23
J87: 固定資産売却益 | L87: 24 | M87: - | N87: - | O87: - | P87: - | S87: - | T87: - | U87: - | V87: - | W87: 2 | X87: - | Y87: 2 | Z87: 24
J88: 固定資産評価益 | L88: 25 | M88: - | N88: - | O88: - | P88: - | S88: - | T88: - | U88: - | V88: - | W88: - | X88: - | Y88: - | Z88: 25
G89: 当期損失金 | J89: 当期損失金 | L89: 26 | M89: 107155 | N89: 121694 | O89: - | P89: 428490 | S89: - | T89: - | U89: 600564 | V89: 1987 | W89: 296279 | X89: 7153 | Y89: 1563322 | Z89: 26
G90: 合計 | L90: 27 | M90: 6577734 | N90: 5056591 | O90: 419689 | P90: 11714070 | S90: 4796922 | T90: 2285339 | U90: 11070838 | V90: 1903690 | W90: 18094404 | X90: 934165 | Y90: 62433753 | Z90: 27
D91: 令和３年度合計 | L91: 28 | M91: 6702534 | N91: 5094093 | O91: 394299 | P91: 11810645 | S91: 4930210 | T91: 2060403 | U91: 10361779 | V91: 1769718 | W91: 17581222 | X91: 928242 | Y91: 61238846 | Z91: 28
D92: 令和２年度合計 | L92: 29 | M92: 6557839 | N92: 4745264 | O92: 279142 | P92: 11390937 | S92: 4793336 | T92: 2267977 | U92: 9739853 | V92: 1701756 | W92: 16812968 | X92: 881722 | Y92: 58891650 | Z92: 29

Sheet 17
C1: １７ 保健経理貸借対照表
Z2: （単位 千円）
P4: 地方職員共済組合 | R4: 公立学校共済組合 | S4: 警察共済組合 | V4: 東京都職員 共済組合 | W4: 全国市町村職員 共済組合連合会 | X4: 指定都市職員 共 済 組 合 | Y4: 市町村職員 共済組合 | Z4: 都市職員 共済組合 | AA4: 合計
Q5: (再掲)団体共済部
D6: 借 方 | G6: 流動資産 | J6: 現金 | O6: 1 | P6: - | Q6: - | R6: - | S6: - | V6: 95 | W6: - | X6: - | Y6: 1750 | Z6: - | AA6: 1845 | AB6: 1 | AC6: - | AD6: 1845
J7: 小口現金 | O7: 2 | P7: - | Q7: - | R7: - | S7: - | V7: - | W7: - | X7: - | Y7: 194 | Z7: - | AA7: 194 | AB7: 2 | AC7: - | AD7: 194
J8: 当座預金 | O8: 3 | P8: - | Q8: - | R8: - | S8: - | V8: - | W8: - | X8: - | Y8: - | Z8: - | AA8: - | AB8: 3 | AC8: - | AD8: 0
J9: 普通預金 | O9: 4 | P9: 10829090 | Q9: 3540 | R9: 20505325 | S9: 5221049 | V9: 4158403 | W9: 337776 | X9: 4232479 | Y9: 13963987 | Z9: 979099 | AA9: 60227206 | AB9: 4 | AC9: 10829090 | AD9: 49398118
J10: 通知預金 | O10: 5 | P10: - | Q10: - | R10: - | S10: - | V10: - | W10: - | X10: - | Y10: - | Z10: - | AA10: - | AB10: 5 | AC10: - | AD10: 0
J11: 定期預金 | O11: 6 | P11: 3285729 | Q11: - | R11: 108000000 | S11: - | V11: - | W11: 1420000 | X11: - | Y11: 23333017 | Z11: 750000 | AA11: 136788745 | AB11: 6 | AC11: 3285729 | AD11: 133503017
J12: 金銭信託 | O12: 7 | P12: 138687 | Q12: 138687 | R12: - | S12: 2600000 | V12: - | W12: - | X12: 1800184 | Y12: 3839271 | Z12: - | AA12: 8378142 | AB12: 7 | AC12: 138687 | AD12: 8239455
J13: 有価証券 | O13: 8 | P13: 4116248 | Q13: - | R13: - | S13: - | V13: - | W13: - | X13: - | Y13: 11260444 | Z13: 757028 | AA13: 16133720 | AB13: 8 | AC13: 4116248 | AD13: 12017472
J14: 貸付信託 | O14: 9 | P14: - | Q14: - | R14: - | S14: - | V14: - | W14: - | X14: - | Y14: - | Z14: - | AA14: - | AB14: 9 | AC14: - | AD14: 0
J15: 証券投資信託 | O15: 10 | P15: - | Q15: - | R15: - | S15: - | V15: - | W15: - | X15: - | Y15: - | Z15: - | AA15: - | AB15: 10 | AC15: - | AD15: 0
J16: 差入有価証券 | O16: 11 | P16: - | Q16: - | R16: - | S16: - | V16: - | W16: - | X16: - | Y16: - | Z16: - | AA16: - | AB16: 11 | AC16: - | AD16: 0
J17: 保管有価証券 | O17: 12 | P17: - | Q17: - | R17: - | S17: - | V17: - | W17: - | X17: - | Y17: - | Z17: - | AA17: - | AB17: 12 | AC17: - | AD17: 0
J18: 商品 | O18: 13 | P18: - | Q18: - | R18: - | S18: 19 | V18: - | W18: - | X18: - | Y18: - | Z18: - | AA18: 19 | AB18: 13 | AC18: - | AD18: 19
J19: 貯蔵品 | O19: 14 | P19: - | Q19: - | R19: - | S19: - | V19: 79 | W19: - | X19: - | Y19: 10879 | Z19: - | AA19: 10958 | AB19: 14 | AC19: - | AD19: 10958
J20: 立替金 | O20: 15 | P20: 2679 | Q20: - | R20: 1662 | S20: 6593 | V20: 165 | W20: 9275 | X20: 85 | Y20: 75385 | Z20: - | AA20: 95845 | AB20: 15 | AC20: 2679 | AD20: 93165
J21: 仮払金 | O21: 16 | P21: - | Q21: - | R21: 34 | S21: - | V21: - | W21: - | X21: - | Y21: 11370 | Z21: 143 | AA21: 11548 | AB21: 16 | AC21: - | AD21: 11547
J22: 前渡金 | O22: 17 | P22: - | Q22: - | R22: - | S22: - | V22: - | W22: - | X22: - | Y22: - | Z22: - | AA22: - | AB22: 17 | AC22: - | AD22: 0
J23: 前払費用 | O23: 18 | P23: 612 | Q23: - | R23: 965 | S23: 161 | V23: 581 | W23: - | X23: 30 | Y23: 2086 | Z23: 128 | AA23: 4564 | AB23: 18 | AC23: 612 | AD23: 3951
J24: 未収収益 | O24: 19 | P24: 19167 | Q24: 1 | R24: 56 | S24: 2045 | V24: - | W24: 23 | X24: 32 | Y24: 25391 | Z24: 1665 | AA24: 48379 | AB24: 19 | AC24: 19167 | AD24: 29212
J25: 短期貸付金 | O25: 20 | P25: - | Q25: - | R25: - | S25: 9094532 | V25: - | W25: - | X25: - | Y25: - | Z25: - | AA25: 9094532 | AB25: 20 | AC25: - | AD25: 9094532
J26: 未収金 | O26: 21 | P26: 711556 | Q26: - | R26: 675919 | S26: 63809 | V26: 94203 | W26: 374 | X26: 361139 | Y26: 106014 | Z26: 108 | AA26: 2013123 | AB26: 21 | AC26: 711556 | AD26: 1301566
J27: 未達回送金 | O27: 22 | P27: - | Q27: - | R27: - | S27: - | V27: - | W27: - | X27: - | Y27: - | Z27: - | AA27: - | AB27: 22 | AC27: - | AD27: 0
J28: 貸倒引当金 | O28: 23 | P28: -19 | Q28: - | R28: - | S28: - | V28: -485 | W28: - | X28: - | Y28: - | Z28: - | AA28: -504 | AB28: 23 | AC28: -19 | AD28: -485
G29: 固定資産 | J29: 建物 | O29: 24 | P29: 19660 | Q29: - | R29: 255200 | S29: 9629 | V29: 11648 | W29: - | X29: 188994 | Y29: 1707436 | Z29: - | AA29: 2192567 | AB29: 24 | AC29: 19660 | AD29: 2172907
J30: 借入不動産附帯施設 | O30: 25 | P30: - | Q30: - | R30: - | S30: - | V30: - | W30: - | X30: - | Y30: 120 | Z30: - | AA30: 120 | AB30: 25 | AC30: - | AD30: 120
J31: 構築物 | O31: 26 | P31: 2232 | Q31: - | R31: - | S31: 5192 | V31: 52724 | W31: - | X31: 0 | Y31: 54442 | Z31: - | AA31: 114589 | AB31: 26 | AC31: 2232 | AD31: 112358
J32: 機械及び装置 | O32: 27 | P32: 40 | Q32: - | R32: - | S32: 0 | V32: 147 | W32: - | X32: 747 | Y32: 36247 | Z32: - | AA32: 37181 | AB32: 27 | AC32: 40 | AD32: 37141
J33: 医療器具機械 | O33: 28 | P33: - | Q33: - | R33: - | S33: - | V33: 71602 | W33: - | X33: - | Y33: - | Z33: - | AA33: 71602 | AB33: 28 | AC33: - | AD33: 71602
J34: 車両及び運搬具 | O34: 29 | P34: 966 | Q34: - | R34: 0 | S34: 498 | V34: 3459 | W34: - | X34: - | Y34: 2453 | Z34: - | AA34: 7376 | AB34: 29 | AC34: 966 | AD34: 6410
J35: 器具及び備品 | O35: 30 | P35: 4988 | Q35: - | R35: 5832 | S35: 29020 | V35: 12485 | W35: - | X35: 52626 | Y35: 51253 | Z35: 0 | AA35: 156205 | AB35: 30 | AC35: 4988 | AD35: 151216
J36: 立木竹 | O36: 31 | P36: - | Q36: - | R36: - | S36: - | V36: 544 | W36: - | X36: - | Y36: - | Z36: - | AA36: 544 | AB36: 31 | AC36: - | AD36: 544
J37: 土地 | O37: 32 | P37: 18724 | Q37: - | R37: 2956345 | S37: 3605 | V37: 187619 | W37: - | X37: 36520 | Y37: 1382287 | Z37: 79200 | AA37: 4664300 | AB37: 32 | AC37: 18724 | AD37: 4645576
J38: 建設仮勘定 | O38: 33 | P38: - | Q38: - | R38: - | S38: - | V38: - | W38: - | X38: 3457 | Y38: - | Z38: - | AA38: 3457 | AB38: 33 | AC38: - | AD38: 3457
J39: 借地権 | O39: 34 | P39: - | Q39: - | R39: - | S39: - | V39: - | W39: - | X39: - | Y39: - | Z39: - | AA39: - | AB39: 34 | AC39: - | AD39: 0
J40: 引湯権 | O40: 35 | P40: - | Q40: - | R40: - | S40: - | V40: - | W40: - | X40: - | Y40: - | Z40: - | AA40: - | AB40: 35 | AC40: - | AD40: 0
J41: 電話加入権 | O41: 36 | P41: - | Q41: - | R41: 325 | S41: 34 | V41: - | W41: - | X41: 148 | Y41: 51 | Z41: - | AA41: 558 | AB41: 36 | AC41: - | AD41: 558
J42: 敷金及び保証金 | O42: 37 | P42: 31 | Q42: - | R42: 840 | S42: - | V42: 13335 | W42: - | X42: 2588 | Y42: 6000 | Z42: - | AA42: 22793 | AB42: 37 | AC42: 31 | AD42: 22763
J43: 加入金 | O43: 38 | P43: 19500 | Q43: - | R43: 1500 | S43: 1030 | V43: - | W43: - | X43: 450000 | Y43: - | Z43: - | AA43: 472031 | AB43: 38 | AC43: 19500 | AD43: 452530
J44: 預託金 | O44: 39 | P44: - | Q44: - | R44: - | S44: - | V44: - | W44: - | X44: - | Y44: - | Z44: - | AA44: - | AB44: 39 | AC44: - | AD44: 0
J45: 長期貸付金 | O45: 40 | P45: - | Q45: - | R45: 24159913 | S45: - | V45: - | W45: - | X45: - | Y45: - | Z45: - | AA45: 24159913 | AB45: 40 | AC45: - | AD45: 24159913
J46: 投資有価証券 | O46: 41 | P46: - | Q46: - | R46: - | S46: - | V46: 30965727 | W46: - | X46: - | Y46: - | Z46: - | AA46: 30965727 | AB46: 41 | AC46: - | AD46: 30965727
F47: 繰延資産 | J47: 創業費 | O47: 42 | P47: - | Q47: - | R47: - | S47: - | V47: - | W47: - | X47: - | Y47: - | Z47: - | AA47: - | AB47: 42 | AC47: - | AD47: 0
J48: 開発費 | O48: 43 | P48: 27979 | Q48: - | R48: 304703 | S48: 20438 | V48: - | W48: - | X48: 3632 | Y48: 52840 | Z48: - | AA48: 409592 | AB48: 43 | AC48: 27979 | AD48: 381613
G49: 合計 | O49: 44 | P49: 19197869 | Q49: 142228 | R49: 156868619 | S49: 17057652 | V49: 35572329 | W49: 1767447 | X49: 7132663 | Y49: 55922917 | Z49: 2567372 | AA49: 296086869 | AB49: 44 | AC49: 19197869 | AD49: 276888999
D50: 令和３年度合計 | O50: 45 | P50: 18553466 | Q50: 150728 | R50: 156231580 | S50: 16639647 | V50: 34848821 | W50: 1666027 | X50: 7048837 | Y50: 55316413 | Z50: 2472002 | AA50: 292776792 | AB50: 45 | AC50: 18553466 | AD50: 274223327
D51: 令和２年度合計 | O51: 46 | P51: 18216617 | Q51: 157698 | R51: 155439542 | S51: 17026288 | V51: 33869886 | W51: 1577593 | X51: 6954985 | Y51: 55232819 | Z51: 2433481 | AA51: 290751211 | AB51: 46 | AC51: 18216617 | AD51: 272534594
AC52: 0 | AD52: 0
D53: 貸方 | G53: 流動負債 | J53: 短期借入金 | O53: 1 | P53: - | Q53: - | R53: - | S53: - | V53: - | W53: - | X53: - | Y53: - | Z53: - | AA53: - | AB53: 1 | AC53: - | AD53: 0
J54: 未払消費税 | O54: 2 | P54: 1994 | Q54: - | R54: 8356 | S54: 24136 | V54: - | W54: - | X54: - | Y54: 5701 | Z54: 707 | AA54: 40894 | AB54: 2 | AC54: 1994 | AD54: 38900
J55: 未払金 | O55: 3 | P55: 447315 | Q55: - | R55: 1215479 | S55: 77592 | V55: 653183 | W55: 58239 | X55: 591953 | Y55: 1771244 | Z55: 80471 | AA55: 4895477 | AB55: 3 | AC55: 447315 | AD55: 4448161
J56: 未払費用 | O56: 4 | P56: 15591 | Q56: 399 | R56: 34609 | S56: 319353 | V56: 7727 | W56: 74 | X56: 86174 | Y56: 561578 | Z56: 123 | AA56: 1025231 | AB56: 4 | AC56: 15591 | AD56: 1009638
J57: 前受金 | O57: 5 | P57: - | Q57: - | R57: - | S57: - | V57: - | W57: - | X57: 50 | Y57: 2054 | Z57: - | AA57: 2104 | AB57: 5 | AC57: - | AD57: 2104
J58: 預り金 | O58: 6 | P58: 89338 | Q58: - | R58: 841630 | S58: 561 | V58: 2075 | W58: - | X58: 2104 | Y58: 654299 | Z58: 34 | AA58: 1590041 | AB58: 6 | AC58: 89338 | AD58: 1500703
J59: 受入保証金 | O59: 7 | P59: - | Q59: - | R59: - | S59: 3430 | V59: - | W59: - | X59: 624 | Y59: - | Z59: - | AA59: 4054 | AB59: 7 | AC59: - | AD59: 4054
J60: 前受収益 | O60: 8 | P60: 395919 | Q60: - | R60: - | S60: 3 | V60: - | W60: - | X60: 27 | Y60: 1771 | Z60: - | AA60: 397720 | AB60: 8 | AC60: 395919 | AD60: 1801
J61: 仮受金 | O61: 9 | P61: - | Q61: - | R61: - | S61: - | V61: - | W61: - | X61: 0 | Y61: 4382 | Z61: - | AA61: 4383 | AB61: 9 | AC61: - | AD61: 4382
J62: 預り有価証券 | O62: 10 | P62: - | Q62: - | R62: - | S62: - | V62: - | W62: - | X62: - | Y62: - | Z62: - | AA62: - | AB62: 10 | AC62: - | AD62: 0
G63: 固定負債 | J63: 長期借入金 | O63: 11 | P63: - | Q63: - | R63: - | S63: - | V63: - | W63: - | X63: - | Y63: - | Z63: - | AA63: - | AB63: 11 | AC63: - | AD63: 0
J64: 退職給与引当金 | O64: 12 | P64: 295387 | Q64: - | R64: 1465676 | S64: 43764 | V64: - | W64: 31202 | X64: 54672 | Y64: 1637694 | Z64: 50516 | AA64: 3578912 | AB64: 12 | AC64: 295387 | AD64: 3283524
J65: 災害補てん引当金 | O65: 13 | P65: - | Q65: - | R65: - | S65: - | V65: - | W65: - | X65: - | Y65: - | Z65: - | AA65: - | AB65: 13 | AC65: - | AD65: 0
J66: 特別修繕引当金 | O66: 14 | P66: - | Q66: - | R66: - | S66: - | V66: - | W66: - | X66: 132611 | Y66: 119261 | Z66: - | AA66: 251872 | AB66: 14 | AC66: - | AD66: 251872
G67: 剰余金 (欠損金） | J67: 資本剰余金 | O67: 15 | P67: 401073 | Q67: - | R67: 103950894 | S67: 443433 | V67: 622831 | W67: - | X67: 920765 | Y67: 2901513 | Z67: 79200 | AA67: 109319707 | AB67: 15 | AC67: 401073 | AD67: 108918636
I68: 利益剰余金又は欠損金 | M68: 建設積立金 | O68: 16 | P68: - | Q68: - | R68: - | S68: - | V68: - | W68: - | X68: - | Y68: 1568814 | Z68: - | AA68: 1568814 | AB68: 16 | AC68: - | AD68: 1568814
M69: 改良積立金 | O69: 17 | P69: - | Q69: - | R69: - | S69: - | V69: 6775478 | W69: - | X69: - | Y69: 2889331 | Z69: - | AA69: 9664809 | AB69: 17 | AC69: - | AD69: 9664809
M70: 欠損金補てん 積立金 | O70: 18 | P70: 19801 | Q70: - | R70: 161002 | S70: 2450 | V70: 17678 | W70: - | X70: 44000 | Y70: 433738 | Z70: - | AA70: 678670 | AB70: 18 | AC70: 19801 | AD70: 658868
M71: 積立金又は 繰越欠損金 | O71: 19 | P71: 17531451 | Q71: 141828 | R71: 49190973 | S71: 16142930 | V71: 27493357 | W71: 1677932 | X71: 5299682 | Y71: 43371535 | Z71: 2356321 | AA71: 163064181 | AB71: 19 | AC71: 17531451 | AD71: 145532730
G72: 合計 | O72: 20 | P72: 19197869 | Q72: 142228 | R72: 156868619 | S72: 17057652 | V72: 35572329 | W72: 1767447 | X72: 7132663 | Y72: 55922917 | Z72: 2567372 | AA72: 296086869 | AB72: 20 | AC72: 19197869 | AD72: 276888999
D73: 令和３年度合計 | O73: 21 | P73: 18553466 | Q73: 150728 | R73: 156231580 | S73: 16639647 | V73: 34848821 | W73: 1666027 | X73: 7048837 | Y73: 55316413 | Z73: 2472002 | AA73: 292776792 | AB73: 21 | AC73: 18553466 | AD73: 274223327
D74: 令和２年度合計 | O74: 22 | P74: 18216617 | Q74: 157698 | R74: 155439542 | S74: 17026288 | V74: 33869886 | W74: 1577593 | X74: 6954985 | Y74: 55232819 | Z74: 2433481 | AA74: 290751211 | AB74: 22 | AC74: 18216617 | AD74: 272534594
AC75: 0 | AD75: 0

Sheet 18
C1: １８ 保健経理損益計算書
W2: （単位 千円）
M4: 地方職員共済組合 | O4: 公立学校共済組合 | P4: 警察共済組合 | S4: 東京都職員 共済組合 | T4: 全国市町村職員 共済組合連合会 | U4: 指定都市職員 共済組合 | V4: 市町村職員 共済組合 | W4: 都市職員 共済組合 | X4: 合計
N5: (再掲)団体共済部
D6: 借方 | G6: 経常費用 | J6: 役員報酬 | L6: 1 | M6: - | N6: - | O6: - | P6: - | S6: - | T6: - | U6: - | V6: 207 | W6: - | X6: 207 | Y6: 1
J7: 職員給与 | L7: 2 | M7: 504013 | N7: 41517 | O7: 2410091 | P7: 44422 | S7: 54797 | T7: 10428 | U7: 32769 | V7: 1090255 | W7: 66257 | X7: 4213032 | Y7: 2
J8: 社会保険負担金 | L8: 3 | M8: - | N8: - | O8: 393325 | P8: - | S8: - | T8: - | U8: - | V8: - | W8: - | X8: 393325 | Y8: 3
J9: 厚生事業費 | L9: 4 | M9: - | N9: - | O9: 5536981 | P9: 4648273 | S9: - | T9: - | U9: - | V9: - | W9: - | X9: 10185255 | Y9: 4
J10: 厚生費 | L10: 5 | M10: 4465420 | N10: 144229 | O10: 8461 | P10: 32 | S10: 2012145 | T10: 26 | U10: 3003867 | V10: 18144546 | W10: 1098145 | X10: 28732644 | Y10: 5
J11: 特定健康診査等費 | L11: 6 | M11: 572579 | N11: - | O11: 10968243 | P11: - | S11: 291482 | T11: - | U11: 376890 | V11: 1474514 | W11: 69960 | X11: 13753667 | Y11: 6
J12: 旅費 | L12: 7 | M12: 726 | N12: 5 | O12: 8577 | P12: 88 | S12: 1792 | T12: 2 | U12: 57 | V12: 14546 | W12: 297 | X12: 26085 | Y12: 7
J13: 事務費 | L13: 8 | M13: 16926 | N13: 1690 | O13: 106461 | P13: 6008 | S13: 227353 | T13: 404 | U13: 17494 | V13: 141143 | W13: 8352 | X13: 524142 | Y13: 8
J14: 商品仕入 | L14: 9 | M14: - | N14: - | O14: - | P14: 22 | S14: - | T14: - | U14: - | V14: 1906 | W14: - | X14: 1928 | Y14: 9
J15: 消耗器具費 | L15: 10 | M15: - | N15: - | O15: - | P15: 248 | S15: - | T15: - | U15: - | V15: - | W15: - | X15: 248 | Y15: 10
J16: 事業用消耗品費 | L16: 11 | M16: 412 | N16: - | O16: - | P16: 507 | S16: 4759 | T16: - | U16: 2586 | V16: 15194 | W16: - | X16: 23459 | Y16: 11
J17: 薬品費 | L17: 12 | M17: - | N17: - | O17: - | P17: - | S17: 55839 | T17: - | U17: - | V17: - | W17: - | X17: 55839 | Y17: 12
J18: 医療材料費 | L18: 13 | M18: - | N18: - | O18: - | P18: - | S18: 4620 | T18: - | U18: - | V18: - | W18: - | X18: 4620 | Y18: 13
J19: 飲食材料費 | L19: 14 | M19: - | N19: - | O19: - | P19: - | S19: - | T19: - | U19: - | V19: 30924 | W19: - | X19: 30924 | Y19: 14
J20: 加工賃 | L20: 15 | M20: - | N20: - | O20: - | P20: - | S20: 2932 | T20: - | U20: - | V20: - | W20: - | X20: 2932 | Y20: 15
J21: 賃金 | L21: 16 | M21: 68696 | N21: 6799 | O21: - | P21: 4109 | S21: 42196 | T21: - | U21: 23102 | V21: 14766 | W21: - | X21: 152868 | Y21: 16
J22: 委託費 | L22: 17 | M22: 89793 | N22: 2097 | O22: 287973 | P22: 669648 | S22: 146530 | T22: - | U22: 502310 | V22: 497012 | W22: 12076 | X22: 2205342 | Y22: 17
J23: 委託管理費 | L23: 18 | M23: 8675 | N23: - | O23: - | P23: 286 | S23: 20968 | T23: - | U23: 46263 | V23: 197763 | W23: 5490 | X23: 279445 | Y23: 18
J24: 委託検査料 | L24: 19 | M24: - | N24: - | O24: - | P24: - | S24: 1576 | T24: - | U24: - | V24: - | W24: - | X24: 1576 | Y24: 19
J25: 光熱水料 | L25: 20 | M25: 2886 | N25: 347 | O25: 5502 | P25: 833 | S25: 6089 | T25: - | U25: 9057 | V25: 96654 | W25: 1360 | X25: 122381 | Y25: 20
J26: 燃料費 | L26: 21 | M26: 90 | N26: - | O26: 285 | P26: 2 | S26: 138 | T26: - | U26: 8 | V26: 5083 | W26: - | X26: 5606 | Y26: 21
J27: 被服費 | L27: 22 | M27: - | N27: - | O27: - | P27: - | S27: 391 | T27: - | U27: - | V27: 705 | W27: - | X27: 1095 | Y27: 22
J28: 修繕費 | L28: 23 | M28: 4320 | N28: - | O28: 3439 | P28: 648 | S28: 224775 | T28: - | U28: 4862 | V28: 9469 | W28: - | X28: 247513 | Y28: 23
J29: 洗濯費 | L29: 24 | M29: 151 | N29: - | O29: 5 | P29: 100 | S29: 1998 | T29: - | U29: 113 | V29: 4529 | W29: - | X29: 6897 | Y29: 24
J30: 賃借料 | L30: 25 | M30: 14465 | N30: 9425 | O30: 53046 | P30: 1917 | S30: 49681 | T30: 425 | U30: 58190 | V30: 207825 | W30: 10925 | X30: 396474 | Y30: 25
J31: 保険料 | L31: 26 | M31: 403042 | N31: - | O31: 136945 | P31: 232 | S31: 636 | T31: - | U31: 349 | V31: 3155 | W31: - | X31: 544361 | Y31: 26
J32: 調査研究費 | L32: 27 | M32: 2089 | N32: - | O32: - | P32: - | S32: 791 | T32: 83234 | U32: 30 | V32: 5044 | W32: 1225 | X32: 92413 | Y32: 27
J33: 施設経営推進事業費 | L33: 28 | M33: - | N33: - | O33: - | P33: - | S33: - | T33: 5225 | U33: - | V33: - | W33: - | X33: 5225 | Y33: 28
J34: 普及費 | L34: 29 | M34: 7078 | N34: 1916 | O34: 49308 | P34: 2317 | S34: 29060 | T34: 14481 | U34: 33832 | V34: 172090 | W34: 23053 | X34: 331220 | Y34: 29
J35: 広告費 | L35: 30 | M35: - | N35: - | O35: - | P35: - | S35: - | T35: - | U35: - | V35: - | W35: - | X35: - | Y35: 30
J36: 組合交付金 | L36: 31 | M36: - | N36: - | O36: - | P36: - | S36: - | T36: - | U36: - | V36: - | W36: - | X36: - | Y36: 31
J37: 諸謝金 | L37: 32 | M37: - | N37: - | O37: 4418 | P37: - | S37: 340 | T37: 351 | U37: 260 | V37: 5312 | W37: - | X37: 10680 | Y37: 32
J38: 食糧費 | L38: 33 | M38: - | N38: - | O38: 1800 | P38: - | S38: - | T38: - | U38: 6 | V38: 843 | W38: - | X38: 2650 | Y38: 33
J39: 負担金 | L39: 34 | M39: 533551 | N39: 8354 | O39: 1222652 | P39: 542326 | S39: 6658 | T39: 1692 | U39: 55490 | V39: 207062 | W39: 9709 | X39: 2579141 | Y39: 34
J40: 消費税 | L40: 35 | M40: 380281 | N40: - | O40: 81746 | P40: 24136 | S40: 2552 | T40: 9898 | U40: 188 | V40: 921766 | W40: 95228 | X40: 1515796 | Y40: 35
J41: 連合会分担金 | L41: 36 | M41: - | N41: - | O41: - | P41: - | S41: - | T41: - | U41: 31310 | V41: 171948 | W41: 9740 | X41: 212998 | Y41: 36
J42: 公租公課等 | L42: 37 | M42: - | N42: - | O42: 4985 | P42: - | S42: - | T42: - | U42: - | V42: - | W42: - | X42: 4985 | Y42: 37
J43: 通信交通費 | L43: 38 | M43: - | N43: - | O43: - | P43: 36 | S43: - | T43: - | U43: - | V43: - | W43: - | X43: 36 | Y43: 38
J44: 助成金及び交付金 | L44: 39 | M44: - | N44: - | O44: - | P44: - | S44: - | T44: - | U44: - | V44: 3615 | W44: - | X44: 3615 | Y44: 39
J45: 保険料充当金返還金 | L45: 40 | M45: 3821 | N45: - | O45: - | P45: - | S45: - | T45: - | U45: - | V45: - | W45: - | X45: 3821 | Y45: 40
J46: 信託等売買手数料 | L46: 41 | M46: - | N46: - | O46: - | P46: - | S46: - | T46: - | U46: - | V46: - | W46: - | X46: - | Y46: 41
J47: 施設経営推進事業資金 | L47: 42 | M47: - | N47: - | O47: - | P47: - | S47: - | T47: - | U47: - | V47: - | W47: - | X47: - | Y47: 42
J48: 災害見舞品費 | L48: 43 | M48: - | N48: - | O48: - | P48: - | S48: - | T48: 7450 | U48: - | V48: - | W48: - | X48: 7450 | Y48: 43
J49: 分担金 | L49: 44 | M49: - | N49: - | O49: - | P49: 129 | S49: - | T49: - | U49: - | V49: - | W49: - | X49: 129 | Y49: 44
J50: 現金過不足 | L50: 45 | M50: - | N50: - | O50: - | P50: - | S50: - | T50: - | U50: - | V50: - | W50: - | X50: - | Y50: 45
J51: 雑費 | L51: 46 | M51: 5071 | N51: 31 | O51: 11851 | P51: 651 | S51: 142 | T51: - | U51: 49 | V51: 3033 | W51: 452 | X51: 21250 | Y51: 46
J52: 減価償却費 | L52: 47 | M52: 4946 | N52: - | O52: 9796 | P52: 10246 | S52: 29959 | T52: - | U52: 31416 | V52: 113665 | W52: 793 | X52: 200820 | Y52: 47
J53: 貸倒引当金繰入 | L53: 48 | M53: 19 | N53: - | O53: - | P53: - | S53: 485 | T53: - | U53: - | V53: - | W53: - | X53: 504 | Y53: 48
J54: 災害補てん引当金繰入 | L54: 49 | M54: - | N54: - | O54: - | P54: - | S54: - | T54: - | U54: - | V54: - | W54: - | X54: - | Y54: 49
J55: 特別修繕引当金繰入 | L55: 50 | M55: - | N55: - | O55: - | P55: - | S55: - | T55: - | U55: 1473 | V55: 53000 | W55: - | X55: 54473 | Y55: 50
J56: 支払利息 | L56: 51 | M56: - | N56: - | O56: - | P56: - | S56: - | T56: - | U56: - | V56: - | W56: - | X56: - | Y56: 51
J57: 創業費償却 | L57: 52 | M57: - | N57: - | O57: - | P57: - | S57: - | T57: - | U57: - | V57: - | W57: - | X57: - | Y57: 52
J58: 開発費償却 | L58: 53 | M58: 13239 | N58: - | O58: 91402 | P58: 12698 | S58: - | T58: - | U58: 1821 | V58: 19402 | W58: - | X58: 138562 | Y58: 53
J59: 有価証券売却損 | L59: 54 | M59: - | N59: - | O59: - | P59: - | S59: - | T59: - | U59: - | V59: - | W59: - | X59: - | Y59: 54
J60: 有価証券評価損 | L60: 55 | M60: - | N60: - | O60: - | P60: - | S60: - | T60: - | U60: - | V60: - | W60: - | X60: - | Y60: 55
J61: 償還差損 | L61: 56 | M61: 554 | N61: - | O61: - | P61: - | S61: - | T61: - | U61: - | V61: - | W61: - | X61: 554 | Y61: 56
J62: 承継差損 | L62: 57 | M62: - | N62: - | O62: - | P62: - | S62: - | T62: - | U62: - | V62: - | W62: - | X62: - | Y62: 57
J63: 貸倒損失 | L63: 58 | M63: - | N63: - | O63: - | P63: - | S63: - | T63: - | U63: - | V63: - | W63: - | X63: - | Y63: 58
J64: 雑損 | L64: 59 | M64: - | N64: - | O64: - | P64: - | S64: - | T64: - | U64: - | V64: - | W64: - | X64: - | Y64: 59
F65: 繰入金 | J65: 業務経理へ繰入 | L65: 60 | M65: - | N65: - | O65: - | P65: - | S65: - | T65: - | U65: - | V65: - | W65: - | X65: - | Y65: 60
J66: 保健経理へ繰入 | L66: 61 | M66: - | N66: - | O66: - | P66: - | S66: - | T66: - | U66: - | V66: 47522 | W66: - | X66: 47522 | Y66: 61
J67: 医療経理へ繰入 | L67: 62 | M67: 13862 | N67: - | O67: - | P67: - | S67: - | T67: - | U67: - | V67: - | W67: - | X67: 13862 | Y67: 62
J68: 宿泊経理へ繰入 | L68: 63 | M68: 375735 | N68: - | O68: 513645 | P68: 100000 | S68: 585705 | T68: 21177 | U68: - | V68: 1132532 | W68: 25000 | X68: 2753793 | Y68: 63
J69: 貯金経理へ繰入 | L69: 64 | M69: - | N69: - | O69: - | P69: - | S69: - | T69: - | U69: - | V69: - | W69: - | X69: - | Y69: 64
J70: 貸付経理へ繰入 | L70: 65 | M70: - | N70: - | O70: - | P70: - | S70: - | T70: - | U70: - | V70: - | W70: - | X70: - | Y70: 65
J71: 物資経理へ繰入 | L71: 66 | M71: - | N71: - | O71: - | P71: - | S71: - | T71: - | U71: - | V71: - | W71: - | X71: - | Y71: 66
J72: 住宅経理へ繰入 | L72: 67 | M72: - | N72: - | O72: - | P72: - | S72: - | T72: - | U72: - | V72: - | W72: - | X72: - | Y72: 67
J73: 医療経理へ相互繰入 | L73: 68 | M73: 17914 | N73: - | O73: 1320000 | P73: - | S73: - | T73: - | U73: - | V73: - | W73: - | X73: 1337914 | Y73: 68
J74: 宿泊経理へ相互繰入 | L74: 69 | M74: 38916 | N74: - | O74: 440000 | P74: 316915 | S74: - | T74: - | U74: - | V74: 445000 | W74: 110000 | X74: 1350831 | Y74: 69
J75: 貸付経理へ相互繰入 | L75: 70 | M75: 22300 | N75: - | O75: - | P75: 165 | S75: - | T75: - | U75: - | V75: - | W75: - | X75: 22465 | Y75: 70
J76: 物資経理へ相互繰入 | L76: 71 | M76: 2000 | N76: - | O76: - | P76: 50817 | S76: - | T76: - | U76: - | V76: - | W76: - | X76: 52817 | Y76: 71
G77: 特別損失 | J77: 前期損益修正損 | L77: 72 | M77: 81 | N77: - | O77: 29816 | P77: 684 | S77: 119366 | T77: - | U77: 681 | V77: 16737 | W77: 952 | X77: 168316 | Y77: 72
J78: 固定資産売却損 | L78: 73 | M78: 0 | N78: - | O78: - | P78: - | S78: - | T78: - | U78: 56279 | V78: - | W78: - | X78: 56279 | Y78: 73
J79: 固定資産除却損 | L79: 74 | M79: 869 | N79: - | O79: 2 | P79: 140 | S79: 0 | T79: - | U79: 0 | V79: 0 | W79: - | X79: 1011 | Y79: 74
J80: 固定資産評価損 | L80: 75 | M80: - | N80: - | O80: - | P80: - | S80: - | T80: - | U80: - | V80: - | W80: - | X80: - | Y80: 75
G81: 当期利益金 | J81: 当期利益金 | L81: 76 | M81: 602881 | N81: - | O81: 630142 | P81: 437528 | S81: 349586 | T81: 58900 | U81: 152585 | V81: 1315060 | W81: 173395 | X81: 3720078 | Y81: 76
G82: 合計 | L82: 77 | M82: 8177403 | N82: 216411 | O82: 24330898 | P82: 6876165 | S82: 4275342 | T82: 213693 | U82: 4443337 | V82: 26583828 | W82: 1722409 | X82: 76623076 | Y82: 77
D83: 令和３年度合計 | L83: 78 | M83: 7568421 | N83: 211857 | O83: 24183194 | P83: 6792077 | S83: 4240628 | T83: 296888 | U83: 4399992 | V83: 24531342 | W83: 1640750 | X83: 73653292 | Y83: 78
D84: 令和２年度合計 | L84: 79 | M84: 7426969 | N84: 204260 | O84: 24489994 | P84: 6461977 | S84: 4014175 | T84: 297498 | U84: 3872048 | V84: 25249668 | W84: 1646393 | X84: 73458721 | Y84: 79
W87: （単位 千円）
M89: 地方職員共済組合 | O89: 公立学校共済組合 | P89: 警察共済組合 | S89: 東京都職員 共済組合 | T89: 全国市町村職員 共済組合連合会 | U89: 指定都市職員 共済組合 | V89: 市町村職員 共済組合 | W89: 都市職員 共済組合 | X89: 合計
N90: (再掲)団体共済部
D91: 貸方 | F91: 経常収益 | J91: 負担金 | L91: 1 | M91: 2956339 | N91: 104018 | O91: 9586042 | P91: 2696526 | S91: 1631424 | T91: - | U91: 1938488 | V91: 12495604 | W91: 855591 | X91: 32160016 | Y91: 1
J92: 掛金 | L92: 2 | M92: 2898916 | N92: 103936 | O92: 9484159 | P92: 2635887 | S92: 1633191 | T92: - | U92: 1618937 | V92: 11784874 | W92: 845949 | X92: 30901913 | Y92: 2
J93: 内部患者収入 | L93: 3 | M93: - | N93: - | O93: - | P93: - | S93: 57160 | T93: - | U93: - | V93: - | W93: - | X93: 57160 | Y93: 3
J94: 保険患者収入 | L94: 4 | M94: - | N94: - | O94: - | P94: - | S94: 56164 | T94: - | U94: - | V94: - | W94: - | X94: 56164 | Y94: 4
J95: 一般患者収入 | L95: 5 | M95: - | N95: - | O95: - | P95: - | S95: 20852 | T95: - | U95: - | V95: - | W95: - | X95: 20852 | Y95: 5
J96: 老人保健患者収入 | L96: 6 | M96: - | N96: - | O96: - | P96: - | S96: 20009 | T96: - | U96: - | V96: - | W96: - | X96: 20009 | Y96: 6
J97: 施設収入 | L97: 7 | M97: 719130 | N97: - | O97: - | P97: 1694 | S97: 6001 | T97: - | U97: 242762 | V97: 330172 | W97: - | X97: 1299758 | Y97: 7
J98: 商品売上 | L98: 8 | M98: - | N98: - | O98: - | P98: 32 | S98: - | T98: - | U98: - | V98: 2521 | W98: - | X98: 2553 | Y98: 8
J99: 商品販売益 | L99: 9 | M99: - | N99: - | O99: - | P99: - | S99: - | T99: - | U99: - | V99: - | W99: - | X99: - | Y99: 9
J100: 組合分担金 | L100: 10 | M100: - | N100: - | O100: - | P100: - | S100: - | T100: 213009 | U100: - | V100: - | W100: - | X100: 213009 | Y100: 10
J101: 保険手数料 | L101: 11 | M101: 111463 | N101: - | O101: 1293 | P101: 980433 | S101: - | T101: - | U101: - | V101: 295520 | W101: 13643 | X101: 1402352 | Y101: 11
J102: 保険料充当金 | L102: 12 | M102: 406100 | N102: - | O102: - | P102: - | S102: - | T102: - | U102: - | V102: - | W102: - | X102: 406100 | Y102: 12
J103: 現金過不足 | L103: 13 | M103: - | N103: - | O103: - | P103: - | S103: - | T103: - | U103: - | V103: - | W103: - | X103: - | Y103: 13
J104: 特定健康診査等収入 | L104: 14 | M104: 41 | N104: - | O104: 105793 | P104: 16157 | S104: - | T104: - | U104: 17973 | V104: 203656 | W104: - | X104: 343620 | Y104: 14
...

Sheet 19
C1: １９ 医療経理貸借対照表
X2: （単位 千円）
P4: 地方職員共済組合 | Q4: 公立学校共済組合 | R4: 警察共済組合 | U4: 東京都職員 共済組合 | V4: 指定都市職員 共済組合 | W4: 市町村職員 共済組合 | X4: 都市職員 共済組合 | Y4: 合計
D6: 借方 | F6: 流動資産 | J6: 現金 | O6: 1 | P6: 779 | Q6: 14325 | R6: - | U6: - | V6: - | W6: - | X6: - | Y6: 15104 | Z6: 1
J7: 小口現金 | O7: 2 | P7: 108 | Q7: 800 | R7: - | U7: - | V7: - | W7: - | X7: - | Y7: 908 | Z7: 2
J8: 当座預金 | O8: 3 | P8: - | Q8: - | R8: - | U8: - | V8: - | W8: - | X8: - | Y8: - | Z8: 3
J9: 普通預金 | O9: 4 | P9: 967952 | Q9: 17877060 | R9: 271076 | U9: - | V9: - | W9: - | X9: - | Y9: 19116088 | Z9: 4
J10: 通知預金 | O10: 5 | P10: 2000 | Q10: - | R10: - | U10: - | V10: - | W10: - | X10: - | Y10: 2000 | Z10: 5
J11: 定期預金 | O11: 6 | P11: 238000 | Q11: - | R11: - | U11: - | V11: - | W11: - | X11: - | Y11: 238000 | Z11: 6
J12: 金銭信託 | O12: 7 | P12: - | Q12: - | R12: - | U12: - | V12: - | W12: - | X12: - | Y12: - | Z12: 7
J13: 有価証券 | O13: 8 | P13: 315017 | Q13: - | R13: - | U13: - | V13: - | W13: - | X13: - | Y13: 315017 | Z13: 8
J14: 貸付信託 | O14: 9 | P14: - | Q14: - | R14: - | U14: - | V14: - | W14: - | X14: - | Y14: - | Z14: 9
J15: 証券投資信託 | O15: 10 | P15: - | Q15: - | R15: - | U15: - | V15: - | W15: - | X15: - | Y15: - | Z15: 10
J16: 差入有価証券 | O16: 11 | P16: - | Q16: - | R16: - | U16: - | V16: - | W16: - | X16: - | Y16: - | Z16: 11
J17: 有価証券信託 | O17: 12 | P17: - | Q17: - | R17: - | U17: - | V17: - | W17: - | X17: - | Y17: - | Z17: 12
J18: 保管有価証券 | O18: 13 | P18: - | Q18: - | R18: - | U18: - | V18: - | W18: - | X18: - | Y18: - | Z18: 13
J19: 商品 | O19: 14 | P19: 1 | Q19: - | R19: - | U19: - | V19: - | W19: - | X19: - | Y19: 1 | Z19: 14
J20: 貯蔵品 | O20: 15 | P20: 31632 | Q20: 398229 | R20: 16052 | U20: - | V20: - | W20: - | X20: - | Y20: 445913 | Z20: 15
J21: 立替金 | O21: 16 | P21: 160 | Q21: 39721 | R21: 23 | U21: - | V21: - | W21: - | X21: - | Y21: 39904 | Z21: 16
J22: 仮払金 | O22: 17 | P22: - | Q22: 31 | R22: - | U22: - | V22: - | W22: - | X22: - | Y22: 31 | Z22: 17
J23: 前渡金 | O23: 18 | P23: - | Q23: - | R23: - | U23: - | V23: - | W23: - | X23: - | Y23: - | Z23: 18
J24: 前払費用 | O24: 19 | P24: 424 | Q24: 112196 | R24: 275 | U24: - | V24: - | W24: - | X24: - | Y24: 112895 | Z24: 19
J25: 未収収益 | O25: 20 | P25: 570 | Q25: - | R25: 91 | U25: - | V25: - | W25: - | X25: - | Y25: 661 | Z25: 20
J26: 短期貸付金 | O26: 21 | P26: - | Q26: - | R26: 288000 | U26: - | V26: - | W26: - | X26: - | Y26: 288000 | Z26: 21
J27: 未収金 | O27: 22 | P27: 235072 | Q27: 11337703 | R27: 2364 | U27: - | V27: - | W27: - | X27: - | Y27: 11575140 | Z27: 22
J28: 未達回送金 | O28: 23 | P28: - | Q28: - | R28: - | U28: - | V28: - | W28: - | X28: - | Y28: - | Z28: 23
J29: 貸倒引当金 | O29: 24 | P29: -4261 | Q29: -188009 | R29: -17 | U29: - | V29: - | W29: - | X29: - | Y29: -192288 | Z29: 24
F30: 固定資産 | J30: 建物 | O30: 25 | P30: - | Q30: 21326149 | R30: - | U30: - | V30: - | W30: - | X30: - | Y30: 21326149 | Z30: 25
J31: 借入不動産附帯施設 | O31: 26 | P31: - | Q31: 106 | R31: - | U31: - | V31: - | W31: - | X31: - | Y31: 106 | Z31: 26
J32: 構築物 | O32: 27 | P32: - | Q32: 520572 | R32: - | U32: - | V32: - | W32: - | X32: - | Y32: 520572 | Z32: 27
J33: 機械及び装置 | O33: 28 | P33: - | Q33: 5495 | R33: - | U33: - | V33: - | W33: - | X33: - | Y33: 5495 | Z33: 28
J34: 医療器具機械 | O34: 29 | P34: 20191 | Q34: 3271769 | R34: 1737 | U34: - | V34: - | W34: - | X34: - | Y34: 3293697 | Z34: 29
J35: 車両及び運搬具 | O35: 30 | P35: 0 | Q35: 3605 | R35: - | U35: - | V35: - | W35: - | X35: - | Y35: 3605 | Z35: 30
J36: 器具及び備品 | O36: 31 | P36: 7658 | Q36: 545886 | R36: 2089 | U36: - | V36: - | W36: - | X36: - | Y36: 555633 | Z36: 31
J37: 立木竹 | O37: 32 | P37: - | Q37: - | R37: - | U37: - | V37: - | W37: - | X37: - | Y37: - | Z37: 32
J38: 土地 | O38: 33 | P38: - | Q38: 24031288 | R38: - | U38: - | V38: - | W38: - | X38: - | Y38: 24031288 | Z38: 33
J39: 建設仮勘定 | O39: 34 | P39: - | Q39: 358036 | R39: - | U39: - | V39: - | W39: - | X39: - | Y39: 358036 | Z39: 34
J40: 借地権 | O40: 35 | P40: - | Q40: - | R40: - | U40: - | V40: - | W40: - | X40: - | Y40: - | Z40: 35
J41: 修学貸付金 | O41: 36 | P41: - | Q41: 15580 | R41: - | U41: - | V41: - | W41: - | X41: - | Y41: 15580 | Z41: 36
J42: 電話加入権 | O42: 37 | P42: - | Q42: 726 | R42: 23 | U42: - | V42: - | W42: - | X42: - | Y42: 749 | Z42: 37
J43: 敷金及び保証金 | O43: 38 | P43: - | Q43: 7241 | R43: 57 | U43: - | V43: - | W43: - | X43: - | Y43: 7299 | Z43: 38
J44: 加入金 | O44: 39 | P44: - | Q44: - | R44: - | U44: - | V44: - | W44: - | X44: - | Y44: - | Z44: 39
J45: 長期貸付金 | O45: 40 | P45: - | Q45: 21583431 | R45: - | U45: - | V45: - | W45: - | X45: - | Y45: 21583431 | Z45: 40
F46: 繰延資産 | J46: 創業費 | O46: 41 | P46: - | Q46: - | R46: - | U46: - | V46: - | W46: - | X46: - | Y46: - | Z46: 41
J47: 開発費 | O47: 42 | P47: 759 | Q47: 1146575 | R47: - | U47: - | V47: - | W47: - | X47: - | Y47: 1147334 | Z47: 42
G48: 合計 | O48: 43 | P48: 1816062 | Q48: 102408515 | R48: 581771 | U48: - | V48: - | W48: - | X48: - | Y48: 104806348 | Z48: 43
D49: 令和３年度合計 | O49: 44 | P49: 1897268 | Q49: 100436290 | R49: 593790 | U49: - | V49: - | W49: - | X49: - | Y49: 102927348 | Z49: 44
D50: 令和２年度合計 | O50: 45 | P50: 1922015 | Q50: 95047852 | R50: 738898 | U50: - | V50: - | W50: - | X50: - | Y50: 97708764 | Z50: 45
D52: 貸方 | F52: 流動負債 | J52: 短期借入金 | O52: 1 | P52: - | Q52: - | R52: - | U52: - | V52: - | W52: - | X52: - | Y52: - | Z52: 1
J53: 未払消費税 | O53: 2 | P53: 311 | Q53: 240685 | R53: 2893 | U53: - | V53: - | W53: - | X53: - | Y53: 243889 | Z53: 2
J54: 未払金 | O54: 3 | P54: 174365 | Q54: 4822081 | R54: 5648 | U54: - | V54: - | W54: - | X54: - | Y54: 5002094 | Z54: 3
J55: 未払費用 | O55: 4 | P55: 11700 | Q55: 627587 | R55: 8058 | U55: - | V55: - | W55: - | X55: - | Y55: 647345 | Z55: 4
J56: 前受金 | O56: 5 | P56: - | Q56: 710 | R56: - | U56: - | V56: - | W56: - | X56: - | Y56: 710 | Z56: 5
J57: 預り金 | O57: 6 | P57: 1954 | Q57: 299896 | R57: 571 | U57: - | V57: - | W57: - | X57: - | Y57: 302421 | Z57: 6
J58: 受入保証金 | O58: 7 | P58: - | Q58: - | R58: 2966 | U58: - | V58: - | W58: - | X58: - | Y58: 2966 | Z58: 7
J59: 前受収益 | O59: 8 | P59: - | Q59: 7517 | R59: - | U59: - | V59: - | W59: - | X59: - | Y59: 7517 | Z59: 8
J60: 仮受金 | O60: 9 | P60: - | Q60: 61415 | R60: - | U60: - | V60: - | W60: - | X60: - | Y60: 61415 | Z60: 9
J61: 預り品 | O61: 10 | P61: - | Q61: - | R61: - | U61: - | V61: - | W61: - | X61: - | Y61: - | Z61: 10
J62: 預り有価証券 | O62: 11 | P62: - | Q62: - | R62: - | U62: - | V62: - | W62: - | X62: - | Y62: - | Z62: 11
F63: 固定負債 | J63: 長期借入金 | O63: 12 | P63: - | Q63: 2370000 | R63: - | U63: - | V63: - | W63: - | X63: - | Y63: 2370000 | Z63: 12
J64: 退職給与引当金 | O64: 13 | P64: 207883 | Q64: 11635530 | R64: 43210 | U64: - | V64: - | W64: - | X64: - | Y64: 11886622 | Z64: 13
J65: 災害補てん引当金 | O65: 14 | P65: - | Q65: 1045053 | R65: - | U65: - | V65: - | W65: - | X65: - | Y65: 1045053 | Z65: 14
J66: 特別修繕引当金 | O66: 15 | P66: 108000 | Q66: - | R66: - | U66: - | V66: - | W66: - | X66: - | Y66: 108000 | Z66: 15
F67: 剰余金 （欠損金） | J67: 資本剰余金 | O67: 16 | P67: 194697 | Q67: 55083137 | R67: - | U67: - | V67: - | W67: - | X67: - | Y67: 55277834 | Z67: 16
I68: 利益剰余金又は欠損金 | M68: 建設積立金 | O68: 17 | P68: - | Q68: - | R68: - | U68: - | V68: - | W68: - | X68: - | Y68: - | Z68: 17
M69: 改良積立金 | O69: 18 | P69: 26697 | Q69: 148483 | R69: - | U69: - | V69: - | W69: - | X69: - | Y69: 175180 | Z69: 18
M70: 欠損金補てん積立金 | O70: 19 | P70: 9441 | Q70: 5008645 | R70: 195 | U70: - | V70: - | W70: - | X70: - | Y70: 5018281 | Z70: 19
M71: 積立金又は 繰越欠損金 | O71: 20 | P71: 1081015 | Q71: 21057776 | R71: 518230 | U71: - | V71: - | W71: - | X71: - | Y71: 22657021 | Z71: 20
G72: 合計 | O72: 21 | P72: 1816062 | Q72: 102408515 | R72: 581771 | U72: - | V72: - | W72: - | X72: - | Y72: 104806348 | Z72: 21
D73: 令和３年度合計 | O73: 22 | P73: 1897268 | Q73: 100436290 | R73: 593790 | U73: - | V73: - | W73: - | X73: - | Y73: 102927348 | Z73: 22
D74: 令和２年度合計 | O74: 23 | P74: 1922015 | Q74: 95047852 | R74: 738898 | U74: - | V74: - | W74: - | X74: - | Y74: 97708764 | Z74: 23

Sheet 20
C1: ２０ 医療経理損益計算書
R2: （単位 千円）
M4: 地方職員共済組合 | N4: 公立学校共済組合 | O4: 警察共済組合 | R4: 東京都職員 共済組合 | S4: 指定都市職員 共済組合 | T4: 市町村職員 共済組合 | U4: 都市職員 共済組合 | V4: 合計
D6: 借方 | F6: 経常費用 | J6: 役員報酬 | L6: 1 | M6: - | N6: - | O6: - | R6: - | S6: - | T6: - | U6: - | V6: - | W6: 1
J7: 職員給与 | L7: 2 | M7: 266575 | N7: 30148577 | O7: 96521 | R7: - | S7: - | T7: - | U7: - | V7: 30511674 | W7: 2
J8: 社会保険負担金 | L8: 3 | M8: - | N8: 4455598 | O8: - | R8: - | S8: - | T8: - | U8: - | V8: 4455598 | W8: 3
J9: 厚生費 | L9: 4 | M9: 3934 | N9: 23329 | O9: 376 | R9: - | S9: - | T9: - | U9: - | V9: 27640 | W9: 4
J10: 旅費 | L10: 5 | M10: 476 | N10: 18542 | O10: 313 | R10: - | S10: - | T10: - | U10: - | V10: 19330 | W10: 5
J11: 事務費 | L11: 6 | M11: 3683 | N11: 192851 | O11: 2157 | R11: - | S11: - | T11: - | U11: - | V11: 198692 | W11: 6
J12: 商品仕入 | L12: 7 | M12: 17 | N12: - | O12: - | R12: - | S12: - | T12: - | U12: - | V12: 17 | W12: 7
J13: 消耗器具費 | L13: 8 | M13: - | N13: - | O13: 220 | R13: - | S13: - | T13: - | U13: - | V13: 220 | W13: 8
J14: 事業用消耗品費 | L14: 9 | M14: 4682 | N14: 314367 | O14: 1134 | R14: - | S14: - | T14: - | U14: - | V14: 320183 | W14: 9
J15: 薬品費 | L15: 10 | M15: 854337 | N15: 8732668 | O15: 75638 | R15: - | S15: - | T15: - | U15: - | V15: 9662643 | W15: 10
J16: 医療材料費 | L16: 11 | M16: 13743 | N16: 4730705 | O16: 5011 | R16: - | S16: - | T16: - | U16: - | V16: 4749459 | W16: 11
J17: 飲食材料費 | L17: 12 | M17: - | N17: 451836 | O17: - | R17: - | S17: - | T17: - | U17: - | V17: 451836 | W17: 12
J18: 加工賃 | L18: 13 | M18: 2436 | N18: - | O18: - | R18: - | S18: - | T18: - | U18: - | V18: 2436 | W18: 13
J19: 賃金 | L19: 14 | M19: 63102 | N19: - | O19: 13216 | R19: - | S19: - | T19: - | U19: - | V19: 76319 | W19: 14
J20: 委託費 | L20: 15 | M20: 33901 | N20: 4924885 | O20: 2218 | R20: - | S20: - | T20: - | U20: - | V20: 4961004 | W20: 15
J21: 委託管理費 | L21: 16 | M21: 33908 | N21: - | O21: 1076 | R21: - | S21: - | T21: - | U21: - | V21: 34983 | W21: 16
J22: 委託診療費 | L22: 17 | M22: - | N22: - | O22: 3167 | R22: - | S22: - | T22: - | U22: - | V22: 3167 | W22: 17
J23: 委託検査料 | L23: 18 | M23: 18960 | N23: - | O23: 6462 | R23: - | S23: - | T23: - | U23: - | V23: 25422 | W23: 18
J24: 光熱水料 | L24: 19 | M24: 16561 | N24: 1311985 | O24: 680 | R24: - | S24: - | T24: - | U24: - | V24: 1329226 | W24: 19
J25: 燃料費 | L25: 20 | M25: - | N25: 951 | O25: - | R25: - | S25: - | T25: - | U25: - | V25: 951 | W25: 20
J26: 被服費 | L26: 21 | M26: 365 | N26: 19710 | O26: 285 | R26: - | S26: - | T26: - | U26: - | V26: 20359 | W26: 21
J27: 修繕費 | L27: 22 | M27: 3660 | N27: 566588 | O27: 280 | R27: - | S27: - | T27: - | U27: - | V27: 570529 | W27: 22
J28: 洗濯費 | L28: 23 | M28: 2829 | N28: 39264 | O28: 602 | R28: - | S28: - | T28: - | U28: - | V28: 42695 | W28: 23
J29: 管理費 | L29: 24 | M29: - | N29: - | O29: 2 | R29: - | S29: - | T29: - | U29: - | V29: 2 | W29: 24
J30: 賃借料 | L30: 25 | M30: 12621 | N30: 943035 | O30: 9119 | R30: - | S30: - | T30: - | U30: - | V30: 964775 | W30: 25
J31: 保険料 | L31: 26 | M31: 1789 | N31: 74067 | O31: 588 | R31: - | S31: - | T31: - | U31: - | V31: 76445 | W31: 26
J32: 調査研究費 | L32: 27 | M32: 1286 | N32: 241610 | O32: 140 | R32: - | S32: - | T32: - | U32: - | V32: 243036 | W32: 27
J33: 普及費 | L33: 28 | M33: 895 | N33: 58094 | O33: 514 | R33: - | S33: - | T33: - | U33: - | V33: 59503 | W33: 28
J34: 広告費 | L34: 29 | M34: 91 | N34: - | O34: - | R34: - | S34: - | T34: - | U34: - | V34: 91 | W34: 29
J35: 患者費 | L35: 30 | M35: 148 | N35: - | O35: - | R35: - | S35: - | T35: - | U35: - | V35: 148 | W35: 30
J36: 諸謝金 | L36: 31 | M36: 53157 | N36: 26940 | O36: - | R36: - | S36: - | T36: - | U36: - | V36: 80097 | W36: 31
J37: 食糧費 | L37: 32 | M37: - | N37: 6276 | O37: - | R37: - | S37: - | T37: - | U37: - | V37: 6276 | W37: 32
J38: 負担金 | L38: 33 | M38: 47758 | N38: - | O38: 14798 | R38: - | S38: - | T38: - | U38: - | V38: 62556 | W38: 33
J39: 分担金 | L39: 34 | M39: - | N39: - | O39: 1475 | R39: - | S39: - | T39: - | U39: - | V39: 1475 | W39: 34
J40: 消費税 | L40: 35 | M40: 87436 | N40: 2253738 | O40: 2893 | R40: - | S40: - | T40: - | U40: - | V40: 2344067 | W40: 35
J41: 公租公課等 | L41: 36 | M41: - | N41: 81323 | O41: - | R41: - | S41: - | T41: - | U41: - | V41: 81323 | W41: 36
J42: 信託等売買手数料 | L42: 37 | M42: - | N42: - | O42: - | R42: - | S42: - | T42: - | U42: - | V42: - | W42: 37
J43: 現金過不足 | L43: 38 | M43: - | N43: - | O43: - | R43: - | S43: - | T43: - | U43: - | V43: - | W43: 38
J44: 雑費 | L44: 39 | M44: 1135 | N44: 282890 | O44: 304 | R44: - | S44: - | T44: - | U44: - | V44: 284329 | W44: 39
J45: 減価償却費 | L45: 40 | M45: 10933 | N45: 2998283 | O45: 1697 | R45: - | S45: - | T45: - | U45: - | V45: 3010913 | W45: 40
J46: 貸倒引当金繰入 | L46: 41 | M46: 4261 | N46: 188009 | O46: 17 | R46: - | S46: - | T46: - | U46: - | V46: 192288 | W46: 41
J47: 災害補てん引当金繰入 | L47: 42 | M47: - | N47: 51912 | O47: - | R47: - | S47: - | T47: - | U47: - | V47: 51912 | W47: 42
J48: 特別修繕引当金繰入 | L48: 43 | M48: - | N48: - | O48: - | R48: - | S48: - | T48: - | U48: - | V48: - | W48: 43
J49: 支払利息 | L49: 44 | M49: - | N49: - | O49: - | R49: - | S49: - | T49: - | U49: - | V49: - | W49: 44
J50: 創業費償却 | L50: 45 | M50: - | N50: - | O50: - | R50: - | S50: - | T50: - | U50: - | V50: - | W50: 45
J51: 開発費償却 | L51: 46 | M51: 507 | N51: 313198 | O51: - | R51: - | S51: - | T51: - | U51: - | V51: 313705 | W51: 46
J52: 有価証券売却損 | L52: 47 | M52: - | N52: - | O52: - | R52: - | S52: - | T52: - | U52: - | V52: - | W52: 47
J53: 有価証券評価損 | L53: 48 | M53: - | N53: - | O53: - | R53: - | S53: - | T53: - | U53: - | V53: - | W53: 48
J54: 償還差損 | L54: 49 | M54: 924 | N54: - | O54: - | R54: - | S54: - | T54: - | U54: - | V54: 924 | W54: 49
J55: 承継差損 | L55: 50 | M55: - | N55: - | O55: - | R55: - | S55: - | T55: - | U55: - | V55: - | W55: 50
J56: 貸倒損失 | L56: 51 | M56: - | N56: - | O56: - | R56: - | S56: - | T56: - | U56: - | V56: - | W56: 51
J57: 雑損 | L57: 52 | M57: - | N57: 43134 | O57: - | R57: - | S57: - | T57: - | U57: - | V57: 43134 | W57: 52
G58: 繰入金 | J58: 保健経理へ相互繰入 | L58: 53 | M58: - | N58: - | O58: - | R58: - | S58: - | T58: - | U58: - | V58: - | W58: 53
J59: 宿泊経理へ相互繰入 | L59: 54 | M59: - | N59: - | O59: - | R59: - | S59: - | T59: - | U59: - | V59: - | W59: 54
G60: 特別損失 | J60: 前期損益修正損 | L60: 55 | M60: 11 | N60: 325354 | O60: 12 | R60: - | S60: - | T60: - | U60: - | V60: 325377 | W60: 55
J61: 固定資産売却損 | L61: 56 | M61: - | N61: - | O61: - | R61: - | S61: - | T61: - | U61: - | V61: - | W61: 56
J62: 固定資産除却損 | L62: 57 | M62: 51 | N62: 353 | O62: 51 | R62: - | S62: - | T62: - | U62: - | V62: 454 | W62: 57
J63: 固定資産評価損 | L63: 58 | M63: - | N63: - | O63: - | R63: - | S63: - | T63: - | U63: - | V63: - | W63: 58
G64: 当期利益金 | J64: 当期利益金 | L64: 59 | M64: - | N64: 1795029 | O64: - | R64: - | S64: - | T64: - | U64: - | V64: 1795029 | W64: 59
G65: 合計 | L65: 60 | M65: 1546171 | N65: 65615099 | O65: 240967 | R65: - | S65: - | T65: - | U65: - | V65: 67402236 | W65: 60
D66: 令和３年度合計 | L66: 61 | M66: 1575143 | N66: 65824132 | O66: 343571 | R66: - | S66: - | T66: - | U66: - | V66: 67742846 | W66: 61
D67: 令和２年度合計 | L67: 62 | M67: 1742385 | N67: 63012704 | O67: 947146 | R67: - | S67: - | T67: - | U67: - | V67: 65702235 | W67: 62
U70: （単位 千円）
M72: 地方職員共済組合 | N72: 公立学校共済組合 | O72: 警察共済組合 | R72: 東京都職員 共済組合 | S72: 指定都市職員 共済組合 | T72: 市町村職員 共済組合 | U72: 都市職員 共済組合 | V72: 合計
D74: 貸方 | F74: 経常収益 | J74: 内部患者収入 | L74: 1 | M74: 201411 | N74: - | O74: 200498 | R74: - | S74: - | T74: - | U74: - | V74: 401909 | W74: 1
J75: 保険患者収入 | L75: 2 | M75: 1047710 | N75: - | O75: 8470 | R75: - | S75: - | T75: - | U75: - | V75: 1056180 | W75: 2
J76: 一般患者収入 | L76: 3 | M76: 33994 | N76: - | O76: 4618 | R76: - | S76: - | T76: - | U76: - | V76: 38612 | W76: 3
J77: 検診収入 | L77: 4 | M77: - | N77: - | O77: 14016 | R77: - | S77: - | T77: - | U77: - | V77: 14016 | W77: 4
J78: 入院診療収入 | L78: 5 | M78: - | N78: 37123050 | O78: - | R78: - | S78: - | T78: - | U78: - | V78: 37123050 | W78: 5
J79: 外来診療収入 | L79: 6 | M79: - | N79: 17514528 | O79: - | R79: - | S79: - | T79: - | U79: - | V79: 17514528 | W79: 6
J80: 雑診療収入 | L80: 7 | M80: - | N80: 150385 | O80: - | R80: - | S80: - | T80: - | U80: - | V80: 150385 | W80: 7
J81: 施設収入 | L81: 8 | M81: 152273 | N81: 3566505 | O81: - | R81: - | S81: - | T81: - | U81: - | V81: 3718777 | W81: 8
J82: 商品売上 | L82: 9 | M82: 21 | N82: - | O82: - | R82: - | S82: - | T82: - | U82: - | V82: 21 | W82: 9
J83: 商品販売益 | L83: 10 | M83: - | N83: - | O83: - | R83: - | S83: - | T83: - | U83: - | V83: - | W83: 10
J84: 現金過不足 | L84: 11 | M84: - | N84: - | O84: - | R84: - | S84: - | T84: - | U84: - | V84: - | W84: 11
J85: 雑収入 | L85: 12 | M85: 46459 | N85: 396285 | O85: 641 | R85: - | S85: - | T85: - | U85: - | V85: 443384 | W85: 12
J86: 補助金 | L86: 13 | M86: - | N86: 5218538 | O86: - | R86: - | S86: - | T86: - | U86: - | V86: 5218538 | W86: 13
J87: 寄附金 | L87: 14 | M87: - | N87: 3803 | O87: - | R87: - | S87: - | T87: - | U87: - | V87: 3803 | W87: 14
J88: 貸倒引当金戻入 | L88: 15 | M88: 4313 | N88: 168560 | O88: 14 | R88: - | S88: - | T88: - | U88: - | V88: 172886 | W88: 15
J89: 災害補てん引当金戻入 | L89: 16 | M89: - | N89: 5534 | O89: - | R89: - | S89: - | T89: - | U89: - | V89: 5534 | W89: 16
J90: 特別修繕引当金戻入 | L90: 17 | M90: - | N90: - | O90: - | R90: - | S90: - | T90: - | U90: - | V90: - | W90: 17
J91: 利息及び配当金 | L91: 18 | M91: 1425 | N91: 104937 | O91: 326 | R91: - | S91: - | T91: - | U91: - | V91: 106689 | W91: 18
J92: 賃貸料 | L92: 19 | M92: - | N92: - | O92: - | R92: - | S92: - | T92: - | U92: - | V92: - | W92: 19
J93: 有価証券売却益 | L93: 20 | M93: - | N93: - | O93: - | R93: - | S93: - | T93: - | U93: - | V93: - | W93: 20
J94: 有価証券評価益 | L94: 21 | M94: - | N94: - | O94: - | R94: - | S94: - | T94: - | U94: - | V94: - | W94: 21
J95: 償還差益 | L95: 22 | M95: 20 | N95: - | O95: - | R95: - | S95: - | T95: - | U95: - | V95: 20 | W95: 22
J96: 承継差益 | L96: 23 | M96: - | N96: - | O96: - | R96: - | S96: - | T96: - | U96: - | V96: - | W96: 23
J97: 雑益 | L97: 24 | M97: - | N97: 36814 | O97: - | R97: - | S97: - | T97: - | U97: - | V97: 36814 | W97: 24
G98: 繰入金 | J98: 保健経理より繰入 | L98: 25 | M98: 13862 | N98: - | O98: - | R98: - | S98: - | T98: - | U98: - | V98: 13862 | W98: 25
J99: 保健経理より相互繰入 | L99: 26 | M99: 17914 | N99: 1320000 | O99: - | R99: - | S99: - | T99: - | U99: - | V99: 1337914 | W99: 26
J100: 宿泊経理より相互繰入 | L100: 27 | M100: - | N100: - | O100: - | R100: - | S100: - | T100: - | U100: - | V100: - | W100: 27
J101: 住宅経理より相互繰入 | L101: 28 | M101: - | N101: - | O101: - | R101: - | S101: - | T101: - | U101: - | V101: - | W101: 28
J102: 貯金経理より相互繰入 | L102: 29 | M102: - | N102: - | O102: - | R102: - | S102: - | T102: - | U102: - | V102: - | W102: 29
J103: 物資経理より相互繰入 | L103: 30 | M103: - | N103: - | O103: - | R103: - | S103: - | T103: - | U103: - | V103: - | W103: 30
G104: 特別利益 | J104: 前期損益修正益 | L104: 31 | M104: 1432 | N104: 6069 | O104: 281 | R104: - | S104: - | T104: - | U104: - | V104: 7783 | W104: 31
J105: 固定資産売却益 | L105: 32 | M105: - | N105: 90 | O105: - | R105: - | S105: - | T105: - | U105: - | V105: 90 | W105: 32
J106: 固定資産評価益 | L106: 33 | M106: - | N106: - | O106: - | R106: - | S106: - | T106: - | U106: - | V106: - | W106: 33
...

Sheet 21
C1: ２１ 宿泊経理貸借対照表
V2: （単位 千円）
P4: 地方職員共済組合 | Q4: 公立学校共済組合 | R4: 警察共済組合 | U4: 東京都職員 共済組合 | V4: 全国市町村職員 共済組合連合会 | W4: 指定都市職員 共済組合 | X4: 市町村職員 共済組合 | Y4: 都市職員 共済組合 | Z4: 合計
D6: 借方 | F6: 流動資産 | J6: 現金 | O6: 1 | P6: 5081 | Q6: 28795 | R6: 9244 | U6: 157 | V6: - | W6: - | X6: 26083 | Y6: 893 | Z6: 70254 | AA6: 1
J7: 小口現金 | O7: 2 | P7: 731 | Q7: 3033 | R7: 321 | U7: - | V7: - | W7: - | X7: 964 | Y7: 100 | Z7: 5149 | AA7: 2
J8: 当座預金 | O8: 3 | P8: - | Q8: - | R8: - | U8: - | V8: - | W8: - | X8: 28555 | Y8: - | Z8: 28555 | AA8: 3
J9: 普通預金 | O9: 4 | P9: 1671347 | Q9: 19108203 | R9: 1557034 | U9: 5404337 | V9: 409052 | W9: - | X9: 10909287 | Y9: 174222 | Z9: 39233482 | AA9: 4
J10: 通知預金 | O10: 5 | P10: - | Q10: - | R10: - | U10: - | V10: - | W10: - | X10: - | Y10: - | Z10: - | AA10: 5
J11: 定期預金 | O11: 6 | P11: 80000 | Q11: 100000 | R11: - | U11: - | V11: - | W11: - | X11: 16314325 | Y11: 100000 | Z11: 16594325 | AA11: 6
J12: 金銭信託 | O12: 7 | P12: - | Q12: - | R12: - | U12: - | V12: - | W12: - | X12: 2300027 | Y12: - | Z12: 2300027 | AA12: 7
J13: 有価証券 | O13: 8 | P13: 179955 | Q13: - | R13: 1200 | U13: - | V13: - | W13: - | X13: 7252196 | Y13: 499955 | Z13: 7933306 | AA13: 8
J14: 貸付信託 | O14: 9 | P14: - | Q14: - | R14: - | U14: - | V14: - | W14: - | X14: - | Y14: - | Z14: - | AA14: 9
J15: 証券投資信託 | O15: 10 | P15: - | Q15: - | R15: - | U15: - | V15: - | W15: - | X15: - | Y15: - | Z15: - | AA15: 10
J16: 差入有価証券 | O16: 11 | P16: - | Q16: - | R16: - | U16: - | V16: - | W16: - | X16: - | Y16: - | Z16: - | AA16: 11
J17: 保管有価証券 | O17: 12 | P17: - | Q17: - | R17: - | U17: - | V17: - | W17: - | X17: 2630 | Y17: - | Z17: 2630 | AA17: 12
J18: 商品 | O18: 13 | P18: 1894 | Q18: 21691 | R18: 1731 | U18: - | V18: - | W18: - | X18: 5680 | Y18: - | Z18: 30995 | AA18: 13
J19: 受託商品 | O19: 14 | P19: - | Q19: - | R19: - | U19: - | V19: - | W19: - | X19: - | Y19: - | Z19: - | AA19: 14
J20: 貯蔵品 | O20: 15 | P20: 16315 | Q20: 108114 | R20: 32761 | U20: - | V20: - | W20: - | X20: 559059 | Y20: 5288 | Z20: 721537 | AA20: 15
J21: 立替金 | O21: 16 | P21: 575 | Q21: 8029 | R21: 33 | U21: - | V21: - | W21: - | X21: 1720 | Y21: - | Z21: 10357 | AA21: 16
J22: 仮払金 | O22: 17 | P22: - | Q22: 14 | R22: - | U22: - | V22: - | W22: - | X22: 53175 | Y22: - | Z22: 53189 | AA22: 17
J23: 前渡金 | O23: 18 | P23: - | Q23: - | R23: - | U23: - | V23: - | W23: - | X23: - | Y23: - | Z23: - | AA23: 18
J24: 前払費用 | O24: 19 | P24: 10897 | Q24: 13706 | R24: 25064 | U24: 7986 | V24: 216 | W24: - | X24: 26077 | Y24: 2887 | Z24: 86832 | AA24: 19
J25: 未収収益 | O25: 20 | P25: 185 | Q25: 1 | R25: 1134 | U25: - | V25: 0 | W25: - | X25: 15994 | Y25: 2092 | Z25: 19407 | AA25: 20
J26: 短期貸付金 | O26: 21 | P26: - | Q26: - | R26: 3445000 | U26: - | V26: - | W26: - | X26: - | Y26: - | Z26: 3445000 | AA26: 21
J27: 未収金 | O27: 22 | P27: 257096 | Q27: 754048 | R27: 205836 | U27: 147581 | V27: 93499 | W27: - | X27: 1933028 | Y27: 10519 | Z27: 3401608 | AA27: 22
J28: 未達回送金 | O28: 23 | P28: - | Q28: - | R28: - | U28: - | V28: - | W28: - | X28: 2636 | Y28: - | Z28: 2636 | AA28: 23
J29: 貸倒引当金 | O29: 24 | P29: -3657 | Q29: -10256 | R29: -3290 | U29: -2952 | V29: - | W29: - | X29: -33930 | Y29: -136 | Z29: -54220 | AA29: 24
F30: 固定資産 | J30: 建物 | O30: 25 | P30: 8588994 | Q30: 18158958 | R30: 8008031 | U30: 5496882 | V30: 1842843 | W30: - | X30: 30685100 | Y30: 1164900 | Z30: 73945709 | AA30: 25
J31: 借入不動産附帯施設 | O31: 26 | P31: 75510 | Q31: - | R31: 27579 | U31: - | V31: - | W31: - | X31: - | Y31: - | Z31: 103089 | AA31: 26
J32: 構築物 | O32: 27 | P32: 13518 | Q32: 518724 | R32: 14518 | U32: 14168 | V32: 26313 | W32: - | X32: 608403 | Y32: 4511 | Z32: 1200155 | AA32: 27
J33: 機械及び装置 | O33: 28 | P33: 71377 | Q33: 68107 | R33: 2550 | U33: 7077 | V33: 2030 | W33: - | X33: 271602 | Y33: 36202 | Z33: 458945 | AA33: 28
J34: 車両及び運搬具 | O34: 29 | P34: 0 | Q34: 5167 | R34: 0 | U34: 0 | V34: 0 | W34: - | X34: 12836 | Y34: - | Z34: 18003 | AA34: 29
J35: 器具及び備品 | O35: 30 | P35: 106111 | Q35: 380937 | R35: 285198 | U35: 58495 | V35: 30133 | W35: - | X35: 488601 | Y35: 9455 | Z35: 1358929 | AA35: 30
J36: 立木竹 | O36: 31 | P36: - | Q36: 147 | R36: - | U36: 46 | V36: - | W36: - | X36: 602 | Y36: - | Z36: 795 | AA36: 31
J37: 土地 | O37: 32 | P37: 989585 | Q37: 51015097 | R37: 2411989 | U37: 273758 | V37: 1843204 | W37: - | X37: 20679986 | Y37: 479777 | Z37: 77693396 | AA37: 32
J38: 建設仮勘定 | O38: 33 | P38: - | Q38: 5280 | R38: - | U38: 129154 | V38: - | W38: - | X38: 58520 | Y38: - | Z38: 192954 | AA38: 33
J39: 借地権 | O39: 34 | P39: - | Q39: - | R39: - | U39: - | V39: - | W39: - | X39: - | Y39: - | Z39: - | AA39: 34
J40: 引湯権 | O40: 35 | P40: - | Q40: - | R40: - | U40: - | V40: - | W40: - | X40: 14000 | Y40: - | Z40: 14000 | AA40: 35
J41: 電話加入権 | O41: 36 | P41: - | Q41: 672 | R41: 1077 | U41: - | V41: - | W41: - | X41: 15527 | Y41: - | Z41: 17277 | AA41: 36
J42: 敷金及び保証金 | O42: 37 | P42: 166 | Q42: 2159 | R42: - | U42: - | V42: - | W42: - | X42: 704 | Y42: 4 | Z42: 3033 | AA42: 37
J43: 加入金 | O43: 38 | P43: 11 | Q43: 8180 | R43: 45 | U43: - | V43: - | W43: - | X43: 82 | Y43: - | Z43: 8317 | AA43: 38
J44: 土地移換金 | O44: 39 | P44: - | Q44: - | R44: - | U44: - | V44: - | W44: - | X44: - | Y44: - | Z44: - | AA44: 39
J45: 水道施設利用権 | O45: 40 | P45: - | Q45: - | R45: - | U45: - | V45: - | W45: - | X45: - | Y45: - | Z45: - | AA45: 40
J46: 長期貸付金 | O46: 41 | P46: - | Q46: 12775174 | R46: - | U46: - | V46: - | W46: - | X46: - | Y46: - | Z46: 12775174 | AA46: 41
J47: 生命保険 | O47: 42 | P47: - | Q47: - | R47: - | U47: 3254085 | V47: - | W47: - | X47: - | Y47: - | Z47: 3254085 | AA47: 42
F48: 繰延資産 | J48: 創業費 | O48: 43 | P48: - | Q48: - | R48: - | U48: - | V48: - | W48: - | X48: - | Y48: - | Z48: - | AA48: 43
J49: 開発費 | O49: 44 | P49: 5077 | Q49: 72893 | R49: 7977 | U49: - | V49: - | W49: - | X49: 2135 | Y49: - | Z49: 88083 | AA49: 44
G50: 合計 | O50: 45 | P50: 12070768 | Q50: 103146872 | R50: 16035033 | U50: 14790774 | V50: 4247289 | W50: - | X50: 92235604 | Y50: 2490670 | Z50: 245017010 | AA50: 45
D51: 令和３年度合計 | O51: 46 | P51: 11799761 | Q51: 104789130 | R51: 17123269 | U51: 14909102 | V51: 4323983 | W51: - | X51: 84900179 | Y51: 2546212 | Z51: 240391636 | AA51: 46
D52: 令和２年度合計 | O52: 47 | P52: 12414831 | Q52: 107783606 | R52: 18170440 | U52: 14712038 | V52: 4376715 | W52: - | X52: 86630669 | Y52: 2758555 | Z52: 246846855 | AA52: 47
V55: （単位 千円）
P57: 地方職員共済組合 | Q57: 公立学校共済組合 | R57: 警察共済組合 | U57: 東京都職員 | V57: 全国市町村職員 | W57: 指定都市職員 | X57: 市町村職員 | Y57: 都市職員 | Z57: 合計
U58: 共 済 組 合 | V58: 共済組合連合会 | W58: 共 済 組 合 | X58: 共 済 組 合 | Y58: 共済組合
D59: 貸方 | F59: 流動負債 | J59: 短期借入金 | O59: 1 | P59: - | Q59: - | R59: - | U59: - | V59: - | W59: - | X59: - | Y59: - | Z59: - | AA59: 1
J60: 未払消費税 | O60: 2 | P60: 33397 | Q60: 203232 | R60: 10480 | U60: - | V60: - | W60: - | X60: 115605 | Y60: 2279 | Z60: 364993 | AA60: 2
J61: 未払金 | O61: 3 | P61: 378979 | Q61: 927035 | R61: 323016 | U61: 218822 | V61: 94300 | W61: - | X61: 603180 | Y61: 19454 | Z61: 2564786 | AA61: 3
J62: 未払税金 | O62: 4 | P62: - | Q62: - | R62: 652 | U62: - | V62: - | W62: - | X62: - | Y62: - | Z62: 652 | AA62: 4
J63: 未払費用 | O63: 5 | P63: 28855 | Q63: 127222 | R63: 39157 | U63: 1648 | V63: 78 | W63: - | X63: 327523 | Y63: 174 | Z63: 524656 | AA63: 5
J64: 前受金 | O64: 6 | P64: 3620 | Q64: 44825 | R64: 11471 | U64: - | V64: 2204 | W64: - | X64: 48886 | Y64: 4323 | Z64: 115329 | AA64: 6
J65: 預り金 | O65: 7 | P65: 6193 | Q65: 96366 | R65: 4417 | U65: 62 | V65: 91457 | W65: - | X65: 50802 | Y65: 880 | Z65: 250177 | AA65: 7
J66: 受入保証金 | O66: 8 | P66: - | Q66: 1555 | R66: 15584 | U66: - | V66: 48102 | W66: - | X66: 174699 | Y66: - | Z66: 239939 | AA66: 8
J67: 前受収益 | O67: 9 | P67: 1848 | Q67: 2645 | R67: 6780 | U67: - | V67: - | W67: - | X67: 10734 | Y67: 34 | Z67: 22041 | AA67: 9
J68: 仮受金 | O68: 10 | P68: - | Q68: 49 | R68: - | U68: 47944 | V68: - | W68: - | X68: 40864 | Y68: - | Z68: 88857 | AA68: 10
J69: 受託商品引受 | O69: 11 | P69: - | Q69: - | R69: - | U69: - | V69: - | W69: - | X69: - | Y69: - | Z69: - | AA69: 11
J70: 預り品 | O70: 12 | P70: - | Q70: - | R70: - | U70: - | V70: - | W70: - | X70: - | Y70: - | Z70: - | AA70: 12
J71: 受託建物 | O71: 13 | P71: 1548088 | Q71: - | R71: - | U71: - | V71: - | W71: - | X71: - | Y71: - | Z71: 1548088 | AA71: 13
G72: 固定負債 | J72: 長期借入金 | O72: 14 | P72: 2112000 | Q72: - | R72: - | U72: - | V72: 636200 | W72: - | X72: 551366 | Y72: - | Z72: 3299566 | AA72: 14
J73: 退職給与引当金 | O73: 15 | P73: 462285 | Q73: 1565863 | R73: 213469 | U73: - | V73: 8799 | W73: - | X73: 1049526 | Y73: 48274 | Z73: 3348217 | AA73: 15
J74: 災害補てん引当金 | O74: 16 | P74: - | Q74: - | R74: - | U74: - | V74: - | W74: - | X74: - | Y74: - | Z74: - | AA74: 16
J75: 特別修繕引当金 | O75: 17 | P75: 161897 | Q75: 57237 | R75: - | U75: - | V75: 524000 | W75: - | X75: 2136837 | Y75: 50326 | Z75: 2930297 | AA75: 17
J76: 土地圧縮引当金 | O76: 18 | P76: 534081 | Q76: - | R76: - | U76: - | V76: - | W76: - | X76: - | Y76: - | Z76: 534081 | AA76: 18
G77: 剰余金 （欠損金） | J77: 資本剰余金 | O77: 19 | P77: 14784104 | Q77: 34773986 | R77: 14912326 | U77: 10827097 | V77: - | W77: - | X77: 58174949 | Y77: 2131098 | Z77: 135603560 | AA77: 19
I78: 利益剰余金又は欠損金 | M78: 建設積立金 | O78: 20 | P78: - | Q78: - | R78: - | U78: - | V78: - | W78: - | X78: - | Y78: - | Z78: - | AA78: 20
M79: 改良積立金 | O79: 21 | P79: - | Q79: - | R79: - | U79: - | V79: - | W79: - | X79: 452706 | Y79: - | Z79: 452706 | AA79: 21
M80: 整理積立金 | O80: 22 | P80: - | Q80: - | R80: - | U80: - | V80: - | W80: - | X80: - | Y80: - | Z80: - | AA80: 22
M81: 欠損金補てん 積立金 | O81: 23 | P81: 68200 | Q81: 7016343 | R81: 497681 | U81: 223692 | V81: 102708 | W81: - | X81: 6217266 | Y81: 113666 | Z81: 14239556 | AA81: 23
M82: 積立金又は 繰越欠損金 | O82: 24 | P82: -8052777 | Q82: 58330514 | R82: - | U82: 3471507 | V82: 2739442 | W82: - | X82: 22280660 | Y82: 120161 | Z82: 78889507 | AA82: 24
G83: 合計 | O83: 25 | P83: 12070768 | Q83: 103146872 | R83: 16035033 | U83: 14790774 | V83: 4247289 | W83: - | X83: 92235604 | Y83: 2490670 | Z83: 245017010 | AA83: 25
D84: 令和３年度合計 | O84: 26 | P84: 11799761 | Q84: 104789130 | R84: 17123269 | U84: 14909102 | V84: 4323983 | W84: - | X84: 84900179 | Y84: 2546212 | Z84: 240391636 | AA84: 26
D85: 令和２年度合計 | O85: 27 | P85: 12414831 | Q85: 107783606 | R85: 18170440 | U85: 14712038 | V85: 4376715 | W85: - | X85: 86630669 | Y85: 2758555 | Z85: 246846855 | AA85: 27

Sheet 22
D1: ２２ 宿泊経理損益計算書
V2: （単位 千円）
M4: 地方職員共済組合 | N4: 公立学校共済組合 | O4: 警察共済組合 | R4: 東京都職員 共済組合 | S4: 全国市町村職員 共済組合連合会 | T4: 指定都市職員 共済組合 | U4: 市町村職員 共済組合 | V4: 都市職員 共済組合 | W4: 合計
D6: 借方 | F6: 経常費用 | J6: 役員報酬 | L6: 1 | M6: - | N6: - | O6: - | R6: - | S6: - | T6: - | U6: - | V6: - | W6: - | X6: 1
J7: 職員給与 | L7: 2 | M7: 468724 | N7: 3597149 | O7: 322835 | R7: 2491 | S7: 5088 | T7: - | U7: 1123918 | V7: 50622 | W7: 5570827 | X7: 2
J8: 社会保険負担金 | L8: 3 | M8: - | N8: 648569 | O8: - | R8: - | S8: - | T8: - | U8: - | V8: - | W8: 648569 | X8: 3
J9: 厚生費 | L9: 4 | M9: 2649 | N9: 11192 | O9: 1430 | R9: - | S9: 12 | T9: - | U9: 8035 | V9: 271 | W9: 23589 | X9: 4
J10: 旅費 | L10: 5 | M10: 105 | N10: 8252 | O10: 225 | R10: 661 | S10: - | T10: - | U10: 5337 | V10: 122 | W10: 14703 | X10: 5
J11: 事務費 | L11: 6 | M11: 13632 | N11: 115309 | O11: 3354 | R11: 1423 | S11: 133 | T11: - | U11: 50523 | V11: 569 | W11: 184943 | X11: 6
J12: 商品仕入 | L12: 7 | M12: 6925 | N12: 481610 | O12: 159432 | R12: - | S12: - | T12: - | U12: 125998 | V12: 4068 | W12: 778033 | X12: 7
J13: 消耗器具費 | L13: 8 | M13: - | N13: - | O13: 4445 | R13: - | S13: - | T13: - | U13: - | V13: - | W13: 4445 | X13: 8
J14: 事業用消耗品費 | L14: 9 | M14: 59434 | N14: 342898 | O14: 71180 | R14: 348 | S14: 1851 | T14: - | U14: 348064 | V14: 9391 | W14: 833166 | X14: 9
J15: 飲食材料費 | L15: 10 | M15: 310223 | N15: 1375991 | O15: 321453 | R15: - | S15: - | T15: - | U15: 1306681 | V15: 20900 | W15: 3335247 | X15: 10
J16: 賃金 | L16: 11 | M16: 400203 | N16: 974972 | O16: 286728 | R16: - | S16: - | T16: - | U16: 748760 | V16: 68509 | W16: 2479171 | X16: 11
J17: 委託費 | L17: 12 | M17: 77082 | N17: 1580711 | O17: 836977 | R17: 15325 | S17: 36565 | T17: - | U17: 4135466 | V17: 4428 | W17: 6686554 | X17: 12
J18: 委託運営費 | L18: 13 | M18: - | N18: - | O18: - | R18: 462473 | S18: - | T18: - | U18: - | V18: - | W18: 462473 | X18: 13
J19: 委託管理費 | L19: 14 | M19: 650284 | N19: - | O19: 425353 | R19: 302884 | S19: 51614 | T19: - | U19: 1283415 | V19: 86197 | W19: 2799748 | X19: 14
J20: 光熱水料 | L20: 15 | M20: 410325 | N20: 1546777 | O20: 384698 | R20: 248428 | S20: - | T20: - | U20: 1106331 | V20: 33326 | W20: 3729884 | X20: 15
J21: 燃料費 | L21: 16 | M21: 398 | N21: 6072 | O21: 4167 | R21: - | S21: - | T21: - | U21: 103195 | V21: 10753 | W21: 124585 | X21: 16
